 Dungeon Crawl Stone Soup version 0.31-a0-177-g4aa6249778 (webtiles) character file.

Game seed: 4710032947852758265

868149 qw the Bringer of Light (level 27, -17/159 HPs)
             Began as a Gargoyle Fighter on June 18, 2023.
             Was the Champion of the Shining One.
             Killed from afar by a hellion (20 damage)
             ... with damnation
             ... in Pandemonium.
             The game lasted 00:59:06 (70588 turns).

qw the Bringer of Light (Gargoyle Fighter)         Turns: 70588, Time: 00:59:06

Health: -17/159    AC: 56    Str: 42 (43) XL:     27
Magic:  41/41      EV: 20    Int:  6      God:    the Shining One [******]
Gold:   7252       SH: 21    Dex:  3 (4)  Spells: 26/26 levels left

rFire   + + +        k - +8 broad axe (holy)
rCold   + . .        I - +0 tower shield {rF+}
rNeg    + + +        c - +10 plate armour "Gohituol" {rF- MP+9 Str+7 Int-5}
rPois   inf          (helmet restricted)
rElec   +            l - scarf of the Elven Halls {shadows, Str+4 Slay+3}
rCorr   +            f - +2 pair of gloves "Ehemanlav" {rF+++ rCorr Dex-3 Stlth+}
SInv    .            T - +2 pair of boots "Fath" {rC+ rN++ Regen+}
Will    ++...        u - amulet of faith Stlth
                     z - +5 ring of evasion
HPRegen 1.26/turn    K - +5 ring of evasion
MPRegen 0.27/turn

%: faith
@: about to teleport, flying, glowing, unable to read
A: sickness immunity, AC +20, big wings, negative energy resistance 1,
electricity resistance, torment resistance 1, petrification resistance, horns 1,
clumsy 1, deformed body, deterioration 2, frail 2, low MP 2, screaming 1,
teleportitis 1, inability to read after injury 1
}: 7/15 runes: decaying, slimy, silver, golden, abyssal, demonic, gossamer
a: Renounce Religion, Divine Shield, Cleansing Flame, Summon Divine Warrior


You were in Pandemonium.
You worshipped the Shining One.
The Shining One was exalted by your worship.
You visited 12 branches of the dungeon, and saw 55 of its levels.
You visited Pandemonium 1 time, and saw 3 of its levels.
You visited the Abyss 1 time.
You also visited: Sewer and Gauntlet.

You collected 11816 gold pieces.
You spent 4564 gold pieces at shops.


Innate Abilities, Weirdness & Mutations

You are immune to sickness and miasma.
Your stone body is resilient. (AC +20)
You are immune to poison.
Your large and strong wings let you fly.
You resist negative energy. (rN+)
You are resistant to electric shocks. (rElec)
You are resistant to unholy torment.
You are immune to petrification.
You have a pair of small horns on your head.
You are clumsy. (Dex -2)
Armour fits poorly on your strangely shaped body.
Your body often deteriorates upon taking damage.
You are very frail. (-20% HP)
Your magical capacity is very low. (-20% MP)
You occasionally shout uncontrollably at your foes.
You are occasionally teleported next to monsters.
You occasionally lose the ability to read scrolls when taking damage.


   Skills:
 O Level 27 Fighting
 - Level 8.0 Short Blades
 + Level 21.7 Axes
 - Level 14.7 Throwing
 O Level 27 Armour
 - Level 8.0 Dodging
 - Level 25.0 Shields
 O Level 27 Invocations


You had 26 spell levels left.
You didn't know any spells.
Your spell library was empty.

Inventory:

Hand Weapons
 k - a +8 broad axe of holy wrath (weapon)
 n - the +11 broad axe of Febbuif {flame, Str+3}
   (Okawaru gifted it to you on level 11 of the Dungeon)

   Str:       It affects your strength (+3).
Missiles
 e - 7 boomerangs (quivered)
Armour
 c - the +10 plate armour "Gohituol" (worn) {rF- MP+9 Str+7 Int-5}
   (You bought it in a shop on level 4 of the Vaults)

   Str:       It affects your strength (+7).
   Int:       It affects your intelligence (-5).
   rF:        It makes you vulnerable to fire.
   MP:        It affects your magic capacity (+9).
 f - the +2 pair of gloves "Ehemanlav" (worn) {rF+++ rCorr Dex-3 Stlth+}
   (You acquired it on level 2 of the Dungeon)

   Dex:       It affects your dexterity (-3).
   rF:        It renders you almost immune to fire.
   rCorr:     It protects you from acid and corrosion.
   Stlth:     It makes you more stealthy.
 h - the +0 cloak "Nythrol" {rC+ Str+3 SInv}
   (You found it on level 8 of the Dungeon)

   Str:       It affects your strength (+3).
   rC:        It protects you from cold.
   SInv:      It lets you see invisible.
 j - a +4 plate armour of fire resistance
 l - the scarf of the Elven Halls (worn) {shadows, Str+4 Slay+3}
   (Okawaru gifted it to you on level 12 of the Dungeon)

   Str:       It affects your strength (+4).
   Slay:      It affects your accuracy & damage with ranged weapons and melee
   (+3).
 t - the +0 pair of gloves of the Skies Above {Dex+3 Slay+3 Stlth-}
   (Okawaru gifted it to you on level 2 of the Realm of Zot)

   Dex:       It affects your dexterity (+3).
   Slay:      It affects your accuracy & damage with ranged weapons and melee
   (+3).
   Stlth:     It makes you less stealthy.
 F - a +3 plate armour of cold resistance
 H - the +0 cloak of the Unbroken {rF+ Int+2}
   (Okawaru gifted it to you on level 1 of the Spider Nest)

   Int:       It affects your intelligence (+2).
   rF:        It protects you from fire.
 I - a +0 tower shield of fire resistance (worn)
 P - a +10 plate armour of ponderousness
 T - the +2 pair of boots "Fath" (worn) {rC+ rN++ Regen+}
   (Okawaru gifted it to you on level 2 of the Depths)

   rC:        It protects you from cold.
   rN:        It greatly protects you from negative energy.
   Regen:     It increases your rate of health regeneration.
 W - +0 gold dragon scales
Jewellery
 q - a ring of protection from fire
 u - an amulet of faith (around neck)
 z - a +5 ring of evasion (left hand)
 K - a +5 ring of evasion (right hand)
 L - a ring of protection from cold
 M - a ring of protection from fire
 Q - an amulet of reflection
 R - the ring "Qyreiw" {Ice rPois Will+ SInv}
   (You took it off Josephina on level 2 of the Depths)

   [ring of ice]

   It enhances your ice magic.
   rF:        It makes you vulnerable to fire.
   rC:        It protects you from cold.
   rPois:     It protects you from poison.
   SInv:      It lets you see invisible.
   Will:      It increases your willpower.
 Y - the ring of Joucol {rPois rC+ Str+4 Int+3 Stlth+}
   (You found it on level 2 of the Realm of Zot)

   [ring of protection from cold]

   Str:       It affects your strength (+4).
   Int:       It affects your intelligence (+3).
   rC:        It protects you from cold.
   rPois:     It protects you from poison.
   Stlth:     It makes you more stealthy.
Wands
 C - a wand of digging (17)
Scrolls
 g - 28 scrolls of identify
 p - 5 scrolls of enchant armour
 s - 16 scrolls of teleportation
 D - 2 scrolls of brand weapon
Potions
 a - 30 potions of curing
 b - 6 potions of resistance
 d - 10 potions of might
 i - 7 potions of haste
 m - 9 potions of cancellation
 o - 15 potions of enlightenment
 r - 6 potions of magic
 O - 6 potions of heal wounds

Dungeon Overview and Level Annotations

Branches:
Dungeon (15/15)            Temple (1/1) D:7            Lair (5/5) D:9
  Swamp (4/4) Lair:3       Spider (4/4) Lair:3        Slime (5/5) Lair:4
    Orc (2/2) D:10            Elf (0/3) Orc:2        Vaults (5/5) D:13
  Crypt (3/3) Vaults:2       Tomb (3/3) Crypt:3      Depths (4/4) D:15
    Zot (4/5) Depths:4      Sewer (visited)         Gauntlet (visited)

Altars:
Ashenzari
Cheibriados
Dithmenos
Elyvilon
Fedhas
Gozag
Hepliaklqana
Kikubaaqudgha
Makhleb
Nemelex Xobeh
Okawaru
Qazlal
Ru
Sif Muna
Trog
Uskayaw
Vehumet
Wu Jian
Xom
Yredelemnul
Zin
The Shining One
Jiyva

Shops:
D:1 :   D:2 [   D:9 [:*[   D:10 !   Orc:2 *=(:   Vaults:3 [   Vaults:4 [
Zot:2 *   Depths:1 *

Portals:
Hell: Depths:1 Depths:2 Depths:3 Depths:4
Abyss: Depths:3
Pandemonium: Depths:2
Ziggurat: Depths:3
Trove: Depths:4 (lose all piety)

Annotations:
D:6 2 transporters, qw's ghost, amateur MiHu
Lair:3 2 transporters, qw's ghost, journeyman GrFi
Lair:5 2 runed translucent doors
Orc:1 1 runed translucent door, TarVian's ghost, journeyman MiFi
Crypt:1 3 runed translucent doors, 1 transporter, Xtahua
Zot:3 4 transporters
Zot:4 2 transporters


Message History

Found an amulet of guardian spirit.
A hellion comes into view.
The hellion gives a hideous shriek!
You hear a hideous shriek!
You hear a roar!
You hear a hideous shriek! x3
A hellion comes into view.
A hellion and a ynoxinul come into view.
A green death comes into view.
The ynoxinul gestures.
You yell at the hellion! 4 hellions come into view.
Found a glowing quarterstaff and a crystal staff.
The hellion gives a hideous shriek! x4; The ufetubus shouts!
You hear a hideous shriek! x7; You hear a shout!
A hellion comes into view.
The hellion gestures at you.
The sphere of damnation explodes!
The damnation engulfs you!! The hellion gestures at you.
The sphere of damnation explodes!
The damnation engulfs you!!
Your body deteriorates!
You feel weakened. The hellion gestures at you.
The sphere of damnation explodes!
The damnation engulfs you!!!
You hear a shout! x2; You hear a hideous shriek! 3 hellions come into view.
Enter note:
70588 ||| READING 17 scrolls of teleportation.
As you read the scroll of teleportation, it crumbles to dust.
You feel strangely unstable.
The hellion gives a hideous shriek! x2; The ufetubus shouts!
The hellion gestures at you.
The sphere of damnation explodes!
The damnation engulfs you!!!
You feel threatened and lose the ability to read scrolls!
The green death gestures at you.
The bolt of poison hits you but does no damage.
You resist. The hellion gestures at you.
The sphere of damnation explodes!
The damnation engulfs you!!
Your body deteriorates!
You feel clumsy. The hellion gestures at you.
The sphere of damnation explodes!
The damnation engulfs you!!
You die...

....####... ....##...#
........# ......
........# #....2.¤ 2
........###....~¤¤¤~.2.
............./.¤¤~¤2522
........##..##.~~¤¤~222
...............~¤~~3~52
........#..###A.@~¤~~25
..........####..¤¤~~~~2
..........###....~~~~~¤
..........##........~¤~
........##...##.....¤~
......A#...##########
##....#..### #....####
#."..


You could see a green death (ally target), 11 hellions, a ynoxinul, 3 ufetubi
and a friendly daeva (summoned).

Vanquished Creatures
  the Royal Jelly (Slime:5)
  Ignacio (Pan)
  An orb of fire (Zot:2)
  2 dread liches
  An ancient lich (Abyss:4)
  A juggernaut (Depths:4)
  23 royal mummies
  Josephina (Depths:2)
  Frederick (Vaults:5)
  Margery (Crypt:2)
  2 pandemonium lords (Pan)
  4 curse toes
  Nikola (Depths:1)
  3 profane servitors
  11 golden dragons
  17 bone dragons
  Arachne (Spider:4)
  2 electric golems
  A shard shrike zombie (Abyss:4)
  17 tentacled monstrosities
  Mlioglotl (Swamp:4)
  3 Hell Sentinels (Pan)
  2 walking crystal tomes (Abyss:4)
  8 liches
  14 titans
  19 acid blobs
  6 deep elf blademasters
  A walking frostbound tome (Depths:3)
  11 Executioners
  3 deep elf master archers
  8 quicksilver dragons
  5 sphinxes
  2 thorn hunters (Swamp:4)
  7 death cobs
  10 ancient champions
  45 tentacled starspawn
  Kirke (Spider:1)
  10 storm dragons
  Donald (Crypt:2)
  6 revenants
  2 draconian monks
  7 tengu reavers
  Roxanne (Swamp:1)
  6 shadow dragons
  7 rockslimes
  2 daevas
  A fenstrider witch (Swamp:2)
  7 draconian knights
  A demonspawn warmonger (Pan)
  11 azure jellies
  14 vault wardens
  30 frost giants
  20 fire giants
  3 emperor scorpions
  An iron dragon (Depths:4)
  3 deep elf sorcerers
  3 draconian scorchers
  Aizul (Spider:4)
  2 demonspawn corrupters (Pan)
  2 cacodemons
  3 balrugs
  13 ghouls
  A deep elf elementalist (Abyss:2)
  A curse skull (Crypt:2)
  2 angels (Abyss:4)
  6 draconian stormcallers
  A juggernaut zombie (Abyss:4)
  2 caustic shrike zombies
  4 draconian annihilators
  4 caustic shrike skeletons (Crypt:3)
  3 orc warlords
  10 ghost moths
  19 ironbound preservers
  6 reapers
  3 war gargoyles
  Louise (Depths:3)
  7 draconian shifters
  3 broodmothers
  4 spriggan defenders (Depths:3)
  9 quicksilver oozes (Slime:5)
  2 ophanim
  7 formless jellyfish
  2 juggernaut skeletons
  31 stone giants
  9 ironbound thunderhulks
  22 very ugly things
  A lorocyproca (Abyss:3)
  8 vampire knights
  3 deep elf demonologists
  9 black draconians
  4 bennus (Tomb:2)
  13 purple draconians
  4 eleionomae
  A minotaur (Gauntlet)
  7 red draconians
  10 green draconians
  8 bunyips
  29 dire elephants
  A deep elf annihilator (Vaults:5)
  10 white draconians
  13 yellow draconians
  2 pale draconians (Depths:4)
  9 spark wasps
  3 deep elf death magi
  14 eidola
  A quicksilver dragon zombie (Crypt:3)
  A green death (Abyss:4)
  18 mummy priests
  2 crystal guardians
  7 fire dragons
  2 jiangshi (Crypt:2)
  11 ettins
  5 blizzard demons
  18 yaktaur captains
  A shambling mangrove (Abyss:4)
  2 merfolk javelineers (Depths:1)
  2 deep elf high priests (Vaults:5)
  15 great orbs of eyes
  26 hydras
  28 vault guards
  3 peacekeepers
  A caustic shrike simulacrum (Depths:2)
  A spriggan air mage (Depths:2)
  7 entropy weavers
  Erolcha (D:11)
  Harold (D:11)
  7 rakshasas
  8 ice dragons
  A jorogumo (Spider:4)
  2 hell beasts (Depths:4)
  4 boulder beetles
  6 centaur warriors
  9 ironbound frosthearts
  Erica (D:8)
  10 alligators
  A ghost crab (Swamp:1)
  A catoblepas (Lair:1)
  2 ogre magi
  A radroach (Spider:3)
  8 two-headed ogres
  4 death knights
  A two-headed ogre (shapeshifter) (Depths:1)
  2 dancing weapons
  A satyr (Abyss:4)
  20 demonic crawlers
  2 naga warriors (Abyss:3)
  55 death scarabs
  3 death yaks (Lair:4)
  5 vampire magi
  4 deep troll earth magi
  2 titan zombies
  7 deep troll shamans
  5 spriggan berserkers
  3 tengu warriors
  20 hell hogs
  15 sun demons
  65 thrashing horrors
  Sonja (Lair:1)
  An orc high priest (Orc:2)
  17 soul eaters
  3 titan skeletons (Crypt:3)
  28 hell knights
  4 skysharks
  9 deep elf knights
  6 spatial maelstroms
  Amaemon (D:11)
  A fire crab (shapeshifter) (Abyss:4)
  46 wretched stars
  2 storm dragon skeletons (Crypt:3)
  A fire crab (Lair:5)
  6 goliath frogs
  5 shadow wraiths
  13 sixfirhies
  2 sun moths
  6 pharaoh ants
  5 iron trolls
  A quicksilver dragon simulacrum (Depths:4)
  A spriggan rider (Depths:3)
  5 flayed ghosts
  5 death drakes
  34 skeletal warriors
  7 spriggan druids
  A golden dragon zombie (Crypt:1)
  41 deep trolls
  12 swamp dragons
  5 bog bodies
  A salamander mystic (Depths:4)
  7 shadow demons
  11 orb spiders
  7 glowing orange brains
  132 large abominations
  A golden dragon skeleton (Crypt:2)
  Pikel (D:7)
  8 deep elf pyromancers
  12 steelbarb worms
  11 lindwurms
  13 necromancers
  A spriggan simulacrum (Abyss:3)
  11 deep elf archers
  5 deep elf zephyrmancers
  A steelbarb worm (shapeshifter) (Depths:4)
  10 wizards
  18 ironbound convokers
  4 anaconda skeletons
  A frost giant zombie (Vaults:1)
  187 starcursed masses
  14 orc knights
  5 shining eyes
  4 harpies
  11 phantasmal warriors
  5 orc sorcerers
  53 ugly things
  3 will-o-the-wisps
  3 salamanders (Depths:4)
  12 wolf spiders
  3 manticores
  A faun (shapeshifter) (Abyss:3)
  6 cyclopes
  A stone giant zombie (Abyss:3)
  21 worldbinders
  An iron dragon skeleton (Crypt:3)
  3 black mambas
  19 moths of wrath
  A centaur zombie (Tomb:1)
  A stone giant skeleton (Tomb:2)
  A goliath frog skeleton (Crypt:1)
  4 rust devils
  9 apocalypse crabs
  A naga mage (Abyss:4)
  3 molten gargoyles (Lair:5)
  44 smoke demons
  9 orange demons
  5 elephants (Lair:2)
  2 water nymphs (Abyss:4)
  A water nymph (shapeshifter) (D:14)
  3 guardian serpents
  A yellow draconian zombie (Crypt:3)
  3 eyes of devastation
  5 torpor snails
  21 vault sentinels
  5 unseen horrors
  14 komodo dragons
  A red draconian zombie (Crypt:1)
  An unseen horror (shapeshifter) (D:13)
  A green draconian zombie (Crypt:2)
  4 kobold demonologists (D:10)
  39 yaktaurs
  2 gargoyles
  2 dire elephant skeletons (Crypt:3)
  2 centaur skeletons (Crypt:3)
  2 rime drakes
  45 ancient zymes
  5 ice devils
  A yaktaur (shapeshifter) (Depths:4)
  9 cane toads
  8 efreet
  4 naga skeletons
  3 tengu conjurers
  8 freezing wraiths
  An orb spider zombie (Crypt:1)
  4 silent spectres
  5 hellions
  5 tormentors
  A red draconian skeleton (Crypt:3)
  36 guardian mummies
  9 trolls
  3 harpy zombies
  8 harpy skeletons
  4 tyrant leeches
  9 meliai
  A bloated husk (Swamp:4)
  Prince Ribbit (Lair:2)
  2 meliai (shapeshifter)
  2 polar bears
  2 shadow dragon simulacra (Depths:2)
  A golden dragon simulacrum (Depths:2)
  A raiju (shapeshifter) (Vaults:5)
  A tengu simulacrum (Vaults:1)
  A fire dragon zombie (Crypt:2)
  7 hellwings
  18 hornets
  71 raiju
  26 tarantellas
  A hydra skeleton (Crypt:3)
  A spectral black mamba (Gauntlet)
  5 dream sheep (Lair:3)
  2 frost giant simulacra
  43 blink frogs
  2 centaur simulacra
  A human simulacrum (Vaults:5)
  A dream sheep (shapeshifter) (Abyss:2)
  A jumping spider (shapeshifter) (Abyss:4)
  45 flying skulls
  69 slime creatures
  A culicivora (shapeshifter) (Abyss:4)
  12 vampires
  6 wyverns
  14 wraiths
  25 jumping spiders
  A wyvern (shapeshifter) (Vaults:5)
  2 naga simulacra
  3 ettin skeletons
  9 fire bats
  A shadow (Abyss:3)
  2 slime creature zombies
  14 culicivoras
  15 spriggans
  4 water elementals
  22 ushabtiu
  A hog (shapeshifter) (Abyss:4)
  39 ynoxinuls
  A fire elemental (Depths:3)
  4 black mamba skeletons
  78 yaks
  5 humans (Spider:1)
  5 golden eyes (Abyss:4)
  9 basilisks
  32 chaos spawn
  A wind drake skeleton (Crypt:3)
  A hog (Spider:1)
  6 steam dragons
  A spectral komodo dragon (Gauntlet)
  40 redbacks
  11 spatial vortices
  2 naga zombies
  28 neqoxecs
  9 vampire mosquitoes
  A two-headed ogre zombie (Crypt:2)
  8 acid dragons
  A harpy simulacrum (Abyss:4)
  13 swamp worms
  9 wargs
  4 water moccasins
  A floating eye (Depths:3)
  18 hell hounds
  2 nagas (Abyss:3)
  2 human skeletons
  A water moccasin (shapeshifter) (D:15)
  9 swamp drakes
  Pargi (Sewer)
  2 human zombies (Vaults:5)
  54 orc warriors
  A deep troll skeleton (Crypt:2)
  3 sky beasts
  2 black bears
  2 ice beasts
  34 wolves
  4 ettin simulacra
  An ogre (shapeshifter) (Abyss:3)
  4 boggarts (Vaults:2)
  10 ogres
  18 centaurs
  2 kobold brigands
  9 bullfrogs
  3 necrophages
  A yaktaur zombie (Crypt:3)
  An earth elemental (Abyss:4)
  3 gnoll sergeants
  2 glowing shapeshifter simulacra (Depths:2)
  2 scorpions
  34 wights
  84 small abominations
  A killer bee (D:11)
  2 howler monkeys
  3 spriggan skeletons
  2 vampire bats (D:4)
  2 electric eels
  A wolf zombie (Crypt:2)
  A crimson imp (Abyss:4)
  4 jellies
  8 quasits
  5 lava snakes (Lair:5)
  A wolf skeleton (Crypt:1)
  5 hounds
  2 gnoll boudas
  20 orc priests
  8 iron imps
  A sleepcap (D:6)
  A basilisk skeleton (Crypt:3)
  Natasha (thrice) (D:3)
  22 orc wizards
  12 hell rats (Lair:5)
  2 iguanas
  49 mummies
  22 gnolls
  4 adders
  2 shadow imps
  9 white imps
  10 ufetubi
  4 worms
  6 dart slugs
  91 orcs
  11 bats
  4 bat skeletons (D:4)
  A bat zombie (D:4)
  13 endoplasms
  5 giant cockroaches
  6 goblins
  11 hobgoblins
  8 jackals
  14 kobolds
  A quokka (D:4)
  10 ball pythons
  5 frilled lizards
  An orc zombie (Crypt:2)
  8 rats
  A river rat skeleton (Crypt:3)
  5 lurking horrors
  A spectral weapon (Swamp:3)
  26 starspawn tentacles
3851 creatures vanquished.

Vanquished Creatures (collateral kills)
  Mennas (Crypt:2)
  10 royal mummies
  A pearl dragon (Abyss:4)
  A profane servitor (Abyss:4)
  A bone dragon (Abyss:4)
  2 Hell Sentinels (Abyss:4)
  A lich (Tomb:1)
  A deep elf blademaster (Tomb:2)
  An Executioner (Abyss:4)
  An ancient champion (Tomb:1)
  A tentacled starspawn (Abyss:4)
  A demonspawn warmonger (Pan)
  A revenant (Tomb:1)
  2 stone giants
  3 very ugly things (Abyss:4)
  A black draconian (Tomb:2)
  2 red draconians
  A yellow draconian (Crypt:3)
  A lorocyproca (Pan)
  A bunyip (Abyss:4)
  2 eidola
  A green death (Abyss:2)
  3 mummy priests
  A quicksilver dragon skeleton (Tomb:1)
  A spriggan zombie (Tomb:3)
  2 rakshasas (Abyss:4)
  2 hell beasts (Pan)
  A fenstrider witch skeleton (Tomb:1)
  5 death scarabs
  6 hell hogs (Abyss:4)
  3 thrashing horrors (Abyss:4)
  2 soul eaters (Pan)
  4 wretched stars (Abyss:4)
  A titan skeleton (Crypt:3)
  A deep elf knight (Tomb:1)
  2 sixfirhies (Abyss:4)
  A spatial maelstrom (Abyss:4)
  A skeletal warrior (Tomb:3)
  A glowing orange brain (Abyss:4)
  A spriggan simulacrum (Tomb:3)
  5 deep elf archers
  A bog body (Crypt:2)
  3 deep elf zephyrmancers
  2 deep elf pyromancers
  A will-o-the-wisp (Abyss:4)
  4 worldbinders (Abyss:4)
  3 smoke demons
  An apocalypse crab (Abyss:4)
  2 efreet
  5 ancient zymes (Abyss:4)
  3 guardian mummies
  A harpy skeleton (Tomb:3)
  12 raiju (Abyss:4)
  8 flying skulls
  3 ynoxinuls
  A naga simulacrum (Abyss:4)
  7 ushabtiu
  A neqoxec (Abyss:4)
  A fire bat (Pan)
  11 large abominations
  3 spatial vortices (Abyss:4)
  14 starcursed masses (Abyss:4)
  An earth elemental (Abyss:4)
  5 small abominations (Abyss:4)
  9 mummies
  2 starspawn tentacles (Abyss:4)
184 creatures vanquished.

Vanquished Creatures (others)
  A revenant (Abyss:4)
  A draconian knight (Zot:3)
  A vampire knight (Depths:1)
  A green draconian (Zot:1)
  A rakshasa (Depths:1)
  A deep troll earth mage (Depths:1)
  A hell knight (Depths:1)
  A deep troll (Depths:1)
  A phantasmal warrior (Vaults:5)
  A necromancer (Depths:1)
  5 ugly things (Depths:1)
  4 raiju
  2 golden eyes (Abyss:4)
  5 small abominations (Abyss:4)
  An orc (Orc:2)
  15 foxfires
  6 lurking horrors
  74 starspawn tentacles
122 creatures vanquished.

Grand Total: 4157 creatures vanquished

Notes
Turn   | Place    | Note
-------+----------+-------------------------------------------
     0 | D:1      | qw the Gargoyle Fighter began the quest for the Orb.
     0 | D:1      | Reached XP level 1. HP: 14/14 MP: 1/1
     0 | D:1      | 0 ||| qw: Version: 0.3-a-5-g6f28e65
     0 | D:1      | 0 ||| qw: Game counter: 677
     0 | D:1      | 0 ||| qw: Always use a shield: true
     0 | D:1      | 0 ||| qw: God list: Okawaru
     0 | D:1      | 0 ||| qw: Allow faded altars: false
     0 | D:1      | 0 ||| qw: Do Orc after D:15 true
     0 | D:1      | 0 ||| qw: Do second Lair branch before Depths: true
     0 | D:1      | 0 ||| qw: Lair rune preference: random
     0 | D:1      | 0 ||| qw: Plans: Normal, Zot:1-4, Slime:5, God:TSO, Crypt,
                  | Tomb, Abyss, Pan, Hells, Win
     0 | D:1      | 0 ||| PLANNING D:1-11
    31 | D:1      | Found Voxac's Vocational Training.
    36 | D:1      | HP: 3/14 [hobgoblin (4)]
    42 | D:1      | Reached XP level 2. HP: 5/19 MP: 2/2
   268 | D:1      | 268 ||| Stepping ~*~*~tactically~*~*~ (stealth).
   270 | D:1      | 270 ||| Stepping ~*~*~tactically~*~*~ (stealth).
   294 | D:1      | Reached skill level 3 in Axes
   318 | D:1      | 318 ||| Stepping ~*~*~tactically~*~*~ (stealth).
   319 | D:1      | 319 ||| Stepping ~*~*~tactically~*~*~ (stealth).
   328 | D:1      | Reached XP level 3. HP: 21/23 MP: 3/3
   456 | D:1      | 456 ||| Stepping ~*~*~tactically~*~*~ (stealth).
   798 | D:1      | 798 ||| READING 2 scrolls labelled FOIQOP VUSI.
   803 | D:1      | 803 ||| READING 5 scrolls labelled RENISTR LUANAINN.
   804 | D:1      | 804 ||| READING scroll labelled AKLADI BEAS.
   805 | D:1      | 805 ||| READING scroll labelled VUONKUOMIO.
   819 | D:1      | 819 ||| READING 4 scrolls of identify.
   819 | D:1      | 819 ||| IDENTIFYING fuming clear potion
   969 | D:2      | 969 ||| Stepping ~*~*~tactically~*~*~ (hiding).
  1102 | D:2      | Found Lexyng's Armour Emporium.
  1118 | D:2      | 1118 ||| SHOPLISTING +1 helmet of intelligence (181 gold,
                  | have 72).
  1160 | D:2      | Reached XP level 4. HP: 28/28 MP: 4/4
  1345 | D:2      | 1345 ||| UPGRADING to +6 ring of strength.
  1346 | D:2      | 1346 ||| DROPPING ring of wizardry.
  1347 | D:2      | 1347 ||| READING 2 scrolls labelled QOOWNO FIUTU.
  1348 | D:2      | 1348 ||| READING scroll of enchant weapon.
  1348 | D:2      | 1348 ||| ENCHANTING +1 war axe.
  1349 | D:2      | 1349 ||| READING scroll labelled VANYREROPN.
  1350 | D:2      | 1350 ||| READING scroll labelled DEROEC LEARE.
  1350 | D:2      | Identified a scroll of acquirement
  1350 | D:2      | 1350 ||| ACQUIRING +2 pair of gloves "Ehemanlav" {rF+++
                  | rCorr Dex-3 Stlth+}
  1350 | D:2      | Acquired the +2 pair of gloves "Ehemanlav" {rF+++ rCorr
                  | Dex-3 Stlth+}
  1352 | D:2      | 1352 ||| UPGRADING to +2 pair of gloves "Ehemanlav" {rF+++
                  | rCorr Dex-3 Stlth+}.
  1357 | D:2      | 1357 ||| READING 4 scrolls of identify.
  1357 | D:2      | 1357 ||| IDENTIFYING silvery potion
  1358 | D:2      | 1358 ||| READING 3 scrolls of identify.
  1358 | D:2      | 1358 ||| IDENTIFYING dark potion
  1409 | D:3      | 1409 ||| PLANNING SEWER
  1421 | D:3      | 1421 ||| STAIRDANCE
  1473 | D:3      | Noticed Natasha
  1488 | D:3      | Killed Natasha
  1531 | D:3      | Found a glowing drain.
  1531 | D:3      | Noticed Natasha
  1539 | D:3      | Killed Natasha
  1540 | D:3      | Reached XP level 5. HP: 32/32 MP: 5/5
  1569 | Sewer    | Entered a sewer
  1618 | Sewer    | Noticed Pargi
  1641 | Sewer    | Killed Pargi
  1642 | Sewer    | Reached XP level 6. HP: 11/37 MP: 6/6
  1777 | Sewer    | 1777 ||| READING scroll labelled VIERYAREMU.
  1786 | D:3      | 1786 ||| PLANNING D:1-11
  1835 | D:3      | 1835 ||| DROPPING +0 club.
  1928 | D:3      | Found an opulent altar of Gozag.
  1929 | D:3      | Found a snail-covered altar of Cheibriados.
  1929 | D:3      | Found a shadowy altar of Dithmenos.
  1949 | D:3      | 1949 ||| DROPPING +0 flail.
  1961 | D:3      | Found a glowing golden altar of the Shining One.
  1968 | D:3      | 1968 ||| READING scroll labelled MAROHA BOLUE.
  1977 | D:3      | 1977 ||| READING 2 scrolls labelled GEUPEMAFFU.
  1979 | D:3      | 1979 ||| DRINKING 2 viscous white potions.
  1987 | D:3      | Noticed Natasha
  1988 | D:3      | 1988 ||| Stepping ~*~*~tactically~*~*~ (hiding).
  1996 | D:3      | Killed Natasha
  2081 | D:3      | 2081 ||| Stepping ~*~*~tactically~*~*~ (stealth).
  2082 | D:3      | 2082 ||| Stepping ~*~*~tactically~*~*~ (stealth).
  2139 | D:3      | 2139 ||| Stepping ~*~*~tactically~*~*~ (hiding).
  2498 | D:3      | 2498 ||| READING 2 scrolls of identify.
  2498 | D:3      | 2498 ||| IDENTIFYING sapphire potion
  2499 | D:3      | 2499 ||| DROPPING scroll of fog.
  2541 | D:4      | Reached skill level 6 in Axes
  2646 | D:4      | 2646 ||| DROPPING +4 mace of protection.
  2924 | D:4      | 2924 ||| Stepping ~*~*~tactically~*~*~ (stealth).
  2938 | D:4      | 2938 ||| DRINKING potion of curing.
  2938 | D:4      | 2938 ||| (to cure confusion)
  2940 | D:4      | 2940 ||| FLEEEEING.
  2944 | D:4      | 2944 ||| FLEEEEING.
  2952 | D:4      | Reached XP level 7. HP: 29/43 MP: 7/7
  3011 | D:4      | 3011 ||| DROPPING +2 heavy flail.
  3436 | D:4      | Found an ancient bone altar of Kikubaaqudgha.
  3458 | D:4      | 3458 ||| UPGRADING to +0 chain mail.
  3468 | D:4      | 3468 ||| DROPPING +0 scale mail.
  3469 | D:4      | 3469 ||| UPGRADING to +0 cloak.
  3474 | D:4      | 3474 ||| READING 4 scrolls of identify.
  3474 | D:4      | 3474 ||| IDENTIFYING green potion
  3475 | D:4      | 3475 ||| READING 3 scrolls of identify.
  3475 | D:4      | 3475 ||| IDENTIFYING fizzy coppery potion
  3476 | D:4      | 3476 ||| READING 2 scrolls of identify.
  3476 | D:4      | 3476 ||| IDENTIFYING amethyst potion
  3477 | D:4      | 3477 ||| DROPPING potion of degeneration.
  3518 | D:5      | Entered Level 5 of the Dungeon
  4003 | D:5      | 4003 ||| Stepping ~*~*~tactically~*~*~ (hiding).
  4004 | D:5      | 4004 ||| Stepping ~*~*~tactically~*~*~ (hiding).
  4036 | D:5      | 4036 ||| Stepping ~*~*~tactically~*~*~ (hiding).
  4108 | D:5      | 4108 ||| Stepping ~*~*~tactically~*~*~ (hiding).
  4109 | D:5      | 4109 ||| Stepping ~*~*~tactically~*~*~ (hiding).
  4111 | D:5      | 4111 ||| Stepping ~*~*~tactically~*~*~ (hiding).
  4265 | D:5      | 4265 ||| Stepping ~*~*~tactically~*~*~ (hiding).
  4266 | D:5      | 4266 ||| Stepping ~*~*~tactically~*~*~ (hiding).
  4273 | D:5      | Reached XP level 8. HP: 41/49 MP: 8/8
  4607 | D:5      | 4607 ||| READING scroll labelled LINOZA ATTO.
  4608 | D:5      | 4608 ||| READING 2 scrolls of identify.
  4608 | D:5      | 4608 ||| IDENTIFYING bubbling golden potion
  4636 | D:6      | 4636 ||| STAIRDANCE
  4641 | D:5      | Reached skill level 1 in Throwing
  4705 | D:6      | Found a transporter.
  4768 | D:6      | HP: 10/49 [orc priest/divine providence (13)]
  4769 | D:6      | 4769 ||| READING 2 scrolls of teleportation.
  4770 | D:6      | 4770 ||| DRINKING potion of heal wounds.
  4846 | D:6      | 4846 ||| Stepping ~*~*~tactically~*~*~ (stealth).
  4847 | D:6      | 4847 ||| Stepping ~*~*~tactically~*~*~ (stealth).
  4848 | D:6      | 4848 ||| Stepping ~*~*~tactically~*~*~ (stealth).
  4851 | D:6      | 4851 ||| Stepping ~*~*~tactically~*~*~ (stealth).
  4860 | D:6      | Noticed a queen bee
  4862 | D:6      | Noticed qw's ghost (amateur MiHu)
  4866 | D:6      | Found a transporter.
  5042 | D:6      | Found a basalt altar of Yredelemnul.
  5173 | D:6      | Reached skill level 6 in Fighting
  5369 | D:6      | 5369 ||| READING scroll labelled SEANACVAWERY.
  5370 | D:6      | 5370 ||| READING scroll labelled MEOHERGH IXET.
  5371 | D:6      | 5371 ||| READING scroll labelled QEUNIF FEQUO.
  5397 | D:7      | Reached skill level 1 in Dodging
  5415 | D:7      | Noticed Pikel
  5417 | D:7      | 5417 ||| Stepping ~*~*~tactically~*~*~ (stealth).
  5425 | D:7      | Killed Pikel
  5426 | D:7      | Reached skill level 9 in Axes
  5426 | D:7      | Reached XP level 9. HP: 48/55 MP: 9/9
  5564 | D:7      | 5564 ||| READING scroll of brand weapon.
  5564 | D:7      | 5564 ||| BRANDING +2 war axe of freezing.
  5613 | D:7      | Found a sacrificial altar of Ru.
  5628 | D:7      | Found a staircase to the Ecumenical Temple.
  5629 | D:7      | 5629 ||| PLANNING TEMPLE
  5636 | Temple   | Entered the Ecumenical Temple
  5697 | Temple   | 5697 ||| PLANNING OKAWARU WORSHIP
  5885 | Temple   | Became a worshipper of Warmaster Okawaru
  5886 | Temple   | 5886 ||| PLANNING D:1-11
  6141 | D:7      | HP: 6/57 [large slime creature (18)]
  6142 | D:7      | 6142 ||| READING scroll of teleportation.
  6143 | D:7      | 6143 ||| DRINKING potion of heal wounds.
  6320 | D:7      | Reached * piety under Okawaru
  6371 | D:7      | 6371 ||| Stepping ~*~*~tactically~*~*~ (stealth).
  6381 | D:7      | Reached skill level 1 in Invocations
  6384 | D:7      | 6384 ||| INVOKING Heroism.
  6389 | D:7      | Reached skill level 3 in Invocations
  6389 | D:7      | Reached XP level 10. HP: 37/63 MP: 7/12
  6721 | D:8      | Reached ** piety under Okawaru
  6845 | D:8      | 6845 ||| INVOKING Heroism.
  6961 | D:8      | Identified the +0 cloak "Nythrol" {rC+ Str+3 SInv}
  7010 | D:8      | Noticed Erica
  7011 | D:8      | 7011 ||| INVOKING Heroism.
  7019 | D:8      | Killed Erica
  7020 | D:8      | Reached skill level 6 in Armour
  7489 | D:8      | 7489 ||| UPGRADING to +0 cloak "Nythrol" {rC+ Str+3 SInv}.
  7499 | D:8      | 7499 ||| DROPPING +0 cloak.
  7500 | D:8      | 7500 ||| UPGRADING to amulet of faith.
  7505 | D:8      | 7505 ||| READING 4 scrolls of identify.
  7505 | D:8      | 7505 ||| IDENTIFYING red potion
  7532 | D:9      | Found Exey's Assorted Antiques.
  7540 | D:9      | 7540 ||| BUYING bone wand (84 gold).
  7540 | D:9      | Bought a bone wand for 84 gold pieces
  7540 | D:9      | 7540 ||| BUYING glowing broad axe (147 gold).
  7540 | D:9      | Bought a glowing broad axe for 147 gold pieces
  7540 | D:9      | 7540 ||| BUYING glowing pearl ring (105 gold).
  7540 | D:9      | Bought a glowing pearl ring for 105 gold pieces
  7540 | D:9      | 7540 ||| BUYING scroll labelled IZXYIN BERUN (21 gold).
  7540 | D:9      | Bought a scroll labelled IZXYIN BERUN for 21 gold pieces
  7540 | D:9      | 7540 ||| SWAPPING to +1 broad axe of electrocution.
  7541 | D:9      | 7541 ||| DROPPING +0 hand axe.
  7542 | D:9      | 7542 ||| DROPPING +2 war axe of draining.
  7567 | D:9      | 7567 ||| INVOKING Heroism.
  7569 | D:9      | Reached skill level 3 in Throwing
  7576 | D:9      | Reached XP level 11. HP: 49/69 MP: 11/14
  7662 | D:9      | Reached *** piety under Okawaru
  7697 | D:9      | 7697 ||| Stepping ~*~*~tactically~*~*~ (stealth).
  7699 | D:9      | 7699 ||| Stepping ~*~*~tactically~*~*~ (stealth).
  7700 | D:9      | 7700 ||| Stepping ~*~*~tactically~*~*~ (stealth).
  7707 | D:9      | Reached skill level 9 in Fighting
  7707 | D:9      | 7707 ||| INVOKING Heroism.
  7838 | D:9      | 7838 ||| INVOKING Heroism.
  7928 | D:9      | Found Boymoom's Armour Emporium.
  7937 | D:9      | 7937 ||| SHOPLISTING +0 helmet of see invisible (149 gold,
                  | have 34).
  7937 | D:9      | 7937 ||| SHOPLISTING +2 kite shield of reflection (240
                  | gold, have 34).
  7942 | D:9      | 7942 ||| Stepping ~*~*~tactically~*~*~ (hiding).
  7943 | D:9      | 7943 ||| INVOKING Heroism.
  7944 | D:9      | Found a staircase to the Lair.
  8048 | D:9      | Identified the +1 pair of gloves of the Flute {Dex+3}
  8163 | D:9      | 8163 ||| Stepping ~*~*~tactically~*~*~ (hiding).
  8164 | D:9      | 8164 ||| Stepping ~*~*~tactically~*~*~ (hiding).
  8170 | D:9      | 8170 ||| Stepping ~*~*~tactically~*~*~ (hiding).
  8171 | D:9      | 8171 ||| Stepping ~*~*~tactically~*~*~ (hiding).
  8217 | D:9      | Identified the +7 dagger "Gyet Gonea" {elec, rN+ Will+
                  | SInv}
  8278 | D:9      | 8278 ||| Stepping ~*~*~tactically~*~*~ (hiding).
  8279 | D:9      | 8279 ||| Stepping ~*~*~tactically~*~*~ (hiding).
  8284 | D:9      | 8284 ||| INVOKING Heroism.
  8394 | D:9      | Found Wuzaipho's Book Emporium.
  8425 | D:9      | 8425 ||| READING scroll of enchant weapon.
  8425 | D:9      | 8425 ||| ENCHANTING +1 broad axe of electrocution.
  8449 | D:9      | Found Cytwamur's Antique Armour Boutique.
  8452 | D:9      | 8452 ||| SHOPLISTING glowing scarf (248 gold, have 57).
  8452 | D:9      | 8452 ||| SHOPLISTING pair of embroidered boots (232 gold,
                  | have 57).
  8725 | D:9      | 8725 ||| PLANNING LAIR
  8725 | D:9      | 8725 ||| UPGRADING to +0 plate armour of poison resistance.
  8735 | D:9      | 8735 ||| DROPPING +0 chain mail.
  8736 | D:9      | 8736 ||| READING scroll labelled IZXYIN BERUN.
  8737 | D:9      | 8737 ||| DROPPING wand of charming (4).
  8790 | Lair:1   | Entered Level 1 of the Lair of Beasts
  8811 | Lair:1   | Reached **** piety under Okawaru
  8813 | Lair:1   | 8813 ||| INVOKING Heroism.
  9028 | Lair:1   | Noticed a catoblepas
  9029 | Lair:1   | 9029 ||| Stepping ~*~*~tactically~*~*~ (hiding).
  9034 | Lair:1   | 9034 ||| INVOKING Heroism.
  9042 | Lair:1   | Killed a catoblepas
  9048 | Lair:1   | Reached skill level 12 in Axes
  9152 | Lair:1   | Noticed Sonja
  9153 | Lair:1   | 9153 ||| Stepping ~*~*~tactically~*~*~ (hiding).
  9154 | Lair:1   | 9154 ||| Stepping ~*~*~tactically~*~*~ (hiding).
  9155 | Lair:1   | 9155 ||| Stepping ~*~*~tactically~*~*~ (hiding).
  9156 | Lair:1   | 9156 ||| Stepping ~*~*~tactically~*~*~ (hiding).
  9169 | Lair:1   | 9169 ||| Stepping ~*~*~tactically~*~*~ (hiding).
  9177 | Lair:1   | 9177 ||| INVOKING Heroism.
  9185 | Lair:1   | Killed Sonja
  9405 | Lair:1   | 9405 ||| Stepping ~*~*~tactically~*~*~ (stealth).
  9416 | Lair:1   | 9416 ||| INVOKING Heroism.
  9425 | Lair:1   | Reached skill level 6 in Shields
  9445 | Lair:1   | 9445 ||| INVOKING Heroism.
  9567 | Lair:1   | 9567 ||| INVOKING Heroism.
  9575 | Lair:1   | Reached ***** piety under Okawaru
  9589 | Lair:1   | Reached skill level 6 in Invocations
  9602 | Lair:1   | Received a gift from Okawaru
  9786 | Lair:1   | Reached XP level 12. HP: 77/77 MP: 16/16
 10214 | Lair:1   | 10214 ||| UPGRADING to +0 pair of boots.
 10219 | Lair:1   | 10219 ||| READING 3 scrolls of identify.
 10219 | Lair:1   | 10219 ||| IDENTIFYING blue potion
 10220 | Lair:1   | 10220 ||| DROPPING potion of berserk rage.
 10281 | Lair:2   | 10281 ||| INVOKING Heroism.
 10365 | Lair:2   | 10365 ||| Stepping ~*~*~tactically~*~*~ (stealth).
 10382 | Lair:2   | Reached skill level 9 in Armour
 10580 | Lair:2   | Identified the +1 pair of boots "Iduojiusk" {Regen+}
                  | (Okawaru gifted it to you on level 2 of the Lair of Beasts)
 10580 | Lair:2   | Received a gift from Okawaru
 10594 | Lair:2   | 10594 ||| INVOKING Heroism.
 10726 | Lair:2   | 10726 ||| INVOKING Heroism.
 10752 | Lair:2   | Noticed a seven-headed hydra
 10753 | Lair:2   | 10753 ||| INVOKING Finesse.
 10758 | Lair:2   | 10758 ||| SWAPPING to +0 morningstar.
 10764 | Lair:2   | Killed a seven-headed hydra
 10765 | Lair:2   | 10765 ||| SWAPPING to +2 broad axe of electrocution.
 10901 | Lair:2   | Noticed Prince Ribbit
 10902 | Lair:2   | 10902 ||| INVOKING Heroism.
 10911 | Lair:2   | Killed Prince Ribbit
 10913 | Lair:2   | Reached skill level 9 in Invocations
 11112 | Lair:2   | 11112 ||| UPGRADING to +1 pair of boots "Iduojiusk"
                  | {Regen+}.
 11122 | Lair:2   | 11122 ||| DROPPING +0 pair of boots.
 11123 | Lair:2   | 11123 ||| DROPPING ring of magical power.
 11124 | Lair:2   | 11124 ||| DRINKING 2 emerald potions.
 11125 | Lair:2   | 11125 ||| DROPPING potion of brilliance.
 11149 | Lair:3   | Noticed a four-headed hydra
 11150 | Lair:3   | 11150 ||| INVOKING Heroism.
 11151 | Lair:3   | 11151 ||| INVOKING Finesse.
 11154 | Lair:3   | 11154 ||| SWAPPING to +0 morningstar.
 11164 | Lair:3   | Killed a four-headed hydra
 11165 | Lair:3   | 11165 ||| SWAPPING to +2 broad axe of electrocution.
 11193 | Lair:3   | 11193 ||| Stepping ~*~*~tactically~*~*~ (stealth).
 11194 | Lair:3   | 11194 ||| Stepping ~*~*~tactically~*~*~ (stealth).
 11196 | Lair:3   | 11196 ||| Stepping ~*~*~tactically~*~*~ (stealth).
 11197 | Lair:3   | 11197 ||| Stepping ~*~*~tactically~*~*~ (stealth).
 11198 | Lair:3   | 11198 ||| Stepping ~*~*~tactically~*~*~ (stealth).
 11213 | Lair:3   | 11213 ||| Stepping ~*~*~tactically~*~*~ (stealth).
 11246 | Lair:3   | 11246 ||| Stepping ~*~*~tactically~*~*~ (hiding).
 11281 | Lair:3   | Noticed a skyshark
 11282 | Lair:3   | 11282 ||| Stepping ~*~*~tactically~*~*~ (stealth).
 11285 | Lair:3   | 11285 ||| Stepping ~*~*~tactically~*~*~ (stealth).
 11288 | Lair:3   | 11288 ||| INVOKING Heroism.
 11297 | Lair:3   | Killed a skyshark
 11305 | Lair:3   | 11305 ||| Stepping ~*~*~tactically~*~*~ (stealth).
 11313 | Lair:3   | 11313 ||| Stepping ~*~*~tactically~*~*~ (stealth).
 11319 | Lair:3   | Found a hole to the Spider Nest.
 11350 | Lair:3   | Reached XP level 13. HP: 79/82 MP: 20/20
 11494 | Lair:3   | 11494 ||| INVOKING Heroism.
 11528 | Lair:3   | 11528 ||| Stepping ~*~*~tactically~*~*~ (hiding).
 11630 | Lair:3   | Found a transporter.
 11633 | Lair:3   | 11633 ||| Stepping ~*~*~tactically~*~*~ (stealth).
 11634 | Lair:3   | 11634 ||| INVOKING Heroism.
 11658 | Lair:3   | Found a transporter.
 11671 | Lair:3   | Noticed qw's ghost (journeyman GrFi)
 11680 | Lair:3   | Found a staircase to the Swamp.
 11684 | Lair:3   | Received a gift from Okawaru
 11849 | Lair:3   | 11849 ||| Stepping ~*~*~tactically~*~*~ (stealth).
 11860 | Lair:3   | 11860 ||| INVOKING Heroism.
 11889 | Lair:3   | 11889 ||| Stepping ~*~*~tactically~*~*~ (stealth).
 11890 | Lair:3   | 11890 ||| Stepping ~*~*~tactically~*~*~ (stealth).
 11891 | Lair:3   | 11891 ||| Stepping ~*~*~tactically~*~*~ (stealth).
 11897 | Lair:3   | Received a gift from Okawaru
 11981 | Lair:4   | 11981 ||| INVOKING Heroism.
 11982 | Lair:4   | 11982 ||| INVOKING Finesse.
 11991 | Lair:4   | 11991 ||| SWAPPING to +0 morningstar.
 12001 | Lair:4   | 12001 ||| SWAPPING to +2 broad axe of electrocution.
 12067 | Lair:4   | 12067 ||| INVOKING Heroism.
 12110 | Lair:4   | 12110 ||| Stepping ~*~*~tactically~*~*~ (stealth).
 12146 | Lair:4   | Received a gift from Okawaru
 12174 | Lair:4   | 12174 ||| Stepping ~*~*~tactically~*~*~ (hiding).
 12251 | Lair:4   | 12251 ||| Stepping ~*~*~tactically~*~*~ (stealth).
 12254 | Lair:4   | 12254 ||| Stepping ~*~*~tactically~*~*~ (stealth).
 12256 | Lair:4   | 12256 ||| Stepping ~*~*~tactically~*~*~ (stealth).
 12266 | Lair:4   | 12266 ||| Stepping ~*~*~tactically~*~*~ (stealth).
 12287 | Lair:4   | Found a staircase to the Slime Pits.
 12288 | Lair:4   | Found a viscous altar of Jiyva.
 12293 | Lair:4   | 12293 ||| INVOKING Heroism.
 12346 | Lair:4   | Identified the +0 helmet of Impish Contentment {Regen+
                  | SInv}
 12428 | Lair:4   | 12428 ||| INVOKING Heroism.
 12564 | Lair:4   | 12564 ||| INVOKING Heroism.
 12565 | Lair:4   | 12565 ||| INVOKING Finesse.
 12576 | Lair:4   | Received a gift from Okawaru
 12622 | Lair:4   | 12622 ||| Stepping ~*~*~tactically~*~*~ (stealth).
 12624 | Lair:4   | 12624 ||| Stepping ~*~*~tactically~*~*~ (stealth).
 12663 | Lair:4   | 12663 ||| Stepping ~*~*~tactically~*~*~ (hiding).
 12763 | Lair:4   | 12763 ||| INVOKING Heroism.
 12902 | Lair:4   | Gained mutation: Your large and strong wings let you fly.
                  | [Gargoyle growth]
 12902 | Lair:4   | Reached XP level 14. HP: 90/90 MP: 21/21
 13094 | Lair:4   | 13094 ||| UPGRADING to +0 helmet of Impish Contentment
                  | {Regen+ SInv}.
 13099 | Lair:4   | 13099 ||| READING 7 scrolls of identify.
 13099 | Lair:4   | 13099 ||| IDENTIFYING metallic ruby potion
 13100 | Lair:4   | 13100 ||| DROPPING potion of ambrosia.
 13144 | Lair:5   | Entered Level 5 of the Lair of Beasts
 13145 | Lair:5   | 13145 ||| STAIRDANCE
 13254 | Lair:5   | 13254 ||| STAIRDANCE
 13307 | Lair:5   | 13307 ||| Stepping ~*~*~tactically~*~*~ (stealth).
 13309 | Lair:5   | 13309 ||| Stepping ~*~*~tactically~*~*~ (stealth).
 13460 | Lair:5   | 13460 ||| Stepping ~*~*~tactically~*~*~ (stealth).
 13461 | Lair:5   | 13461 ||| Stepping ~*~*~tactically~*~*~ (stealth).
 13462 | Lair:5   | 13462 ||| Stepping ~*~*~tactically~*~*~ (stealth).
 13517 | Lair:5   | Reached skill level 15 in Axes
 13542 | Lair:5   | 13542 ||| Stepping ~*~*~tactically~*~*~ (stealth).
 13550 | Lair:5   | 13550 ||| INVOKING Heroism.
 13563 | Lair:5   | 13563 ||| INVOKING Finesse.
 13569 | Lair:5   | 13569 ||| SWAPPING to +0 morningstar.
 13579 | Lair:5   | 13579 ||| SWAPPING to +2 broad axe of electrocution.
 13730 | Lair:5   | 13730 ||| Stepping ~*~*~tactically~*~*~ (hiding).
 13809 | Lair:5   | Found a large runed translucent door.
 13809 | Lair:5   | Found a large runed translucent door.
 13837 | Lair:5   | 13837 ||| Stepping ~*~*~tactically~*~*~ (hiding).
 13840 | Lair:5   | 13840 ||| Stepping ~*~*~tactically~*~*~ (hiding).
 13862 | Lair:5   | Reached skill level 12 in Fighting
 13869 | Lair:5   | 13869 ||| INVOKING Heroism.
 13945 | Lair:5   | 13945 ||| Stepping ~*~*~tactically~*~*~ (stealth).
 13983 | Lair:5   | 13983 ||| Stepping ~*~*~tactically~*~*~ (stealth).
 14031 | Lair:5   | 14031 ||| Stepping ~*~*~tactically~*~*~ (stealth).
 14101 | Lair:5   | 14101 ||| Stepping ~*~*~tactically~*~*~ (stealth).
 14105 | Lair:5   | 14105 ||| INVOKING Heroism.
 14106 | Lair:5   | 14106 ||| INVOKING Finesse.
 14111 | Lair:5   | 14111 ||| SWAPPING to +0 morningstar.
 14115 | Lair:5   | 14115 ||| SWAPPING to +2 broad axe of electrocution.
 14446 | Lair:5   | 14446 ||| UPGRADING to +6 ring of dexterity.
 14752 | Lair:5   | Received a gift from Okawaru
 14756 | Lair:5   | Reached skill level 3 in Dodging
 14760 | Lair:5   | 14760 ||| INVOKING Heroism.
 14855 | Lair:5   | 14855 ||| PLANNING D:1-11
 14977 | D:10     | Entered Level 10 of the Dungeon
 14978 | D:10     | Found a burning altar of Makhleb.
 14993 | D:10     | 14993 ||| Stepping ~*~*~tactically~*~*~ (stealth).
 14997 | D:10     | 14997 ||| Stepping ~*~*~tactically~*~*~ (hiding).
 15004 | D:10     | 15004 ||| Stepping ~*~*~tactically~*~*~ (stealth).
 15063 | D:10     | Identified the +9 double sword of Turmoil {spect, Str-3
                  | Int+3} (Okawaru gifted it to you on level 10 of the
                  | Dungeon)
 15063 | D:10     | Received a gift from Okawaru
 15184 | D:10     | Found a staircase to the Orcish Mines.
 15187 | D:10     | 15187 ||| Stepping ~*~*~tactically~*~*~ (stealth).
 15200 | D:10     | Reached skill level 6 in Throwing
 15348 | D:10     | 15348 ||| Stepping ~*~*~tactically~*~*~ (stealth).
 15349 | D:10     | 15349 ||| Stepping ~*~*~tactically~*~*~ (stealth).
 15351 | D:10     | 15351 ||| Stepping ~*~*~tactically~*~*~ (hiding).
 15365 | D:10     | Found Ynacudop's Distillery.
 15374 | D:10     | 15374 ||| BUYING 2 potions of enlightenment (130 gold).
 15374 | D:10     | Bought 2 potions of enlightenment for 130 gold pieces
 15374 | D:10     | 15374 ||| BUYING potion of cancellation (104 gold).
 15374 | D:10     | Bought a potion of cancellation for 104 gold pieces
 15374 | D:10     | 15374 ||| BUYING potion of curing (39 gold).
 15374 | D:10     | Bought a potion of curing for 39 gold pieces
 15374 | D:10     | 15374 ||| BUYING potion of curing (39 gold).
 15374 | D:10     | Bought a potion of curing for 39 gold pieces
 15374 | D:10     | 15374 ||| BUYING potion of haste (130 gold).
 15374 | D:10     | Bought a potion of haste for 130 gold pieces
 15374 | D:10     | 15374 ||| SHOPLISTING potion of heal wounds (65 gold, have
                  | 23).
 15374 | D:10     | 15374 ||| SHOPLISTING potion of mutation (104 gold, have
                  | 23).
 15421 | D:10     | 15421 ||| Stepping ~*~*~tactically~*~*~ (hiding).
 15422 | D:10     | 15422 ||| Stepping ~*~*~tactically~*~*~ (hiding).
 15423 | D:10     | 15423 ||| Stepping ~*~*~tactically~*~*~ (hiding).
 15424 | D:10     | 15424 ||| Stepping ~*~*~tactically~*~*~ (hiding).
 15520 | D:11     | 15520 ||| INVOKING Heroism.
 15521 | D:11     | 15521 ||| INVOKING Finesse.
 15638 | D:11     | Noticed Harold
 15639 | D:11     | 15639 ||| Stepping ~*~*~tactically~*~*~ (hiding).
 15659 | D:11     | Killed Harold
 15755 | D:11     | 15755 ||| Stepping ~*~*~tactically~*~*~ (hiding).
 15801 | D:11     | Noticed Amaemon
 15818 | D:11     | Killed Amaemon
 15818 | D:11     | Reached ****** piety under Okawaru
 16043 | D:11     | 16043 ||| Stepping ~*~*~tactically~*~*~ (stealth).
 16058 | D:11     | Identified the +11 broad axe of Febbuif {flame, Str+3}
                  | (Okawaru gifted it to you on level 11 of the Dungeon)
 16058 | D:11     | Received a gift from Okawaru
 16059 | D:11     | Reached XP level 15. HP: 94/96 MP: 22/22
 16069 | D:11     | 16069 ||| SWAPPING to +11 broad axe of Febbuif {flame,
                  | Str+3}.
 16070 | D:11     | 16070 ||| DROPPING +0 morningstar.
 16071 | D:11     | 16071 ||| DROPPING -1 demon whip of venom.
 16080 | D:11     | 16080 ||| Stepping ~*~*~tactically~*~*~ (hiding).
 16083 | D:11     | 16083 ||| Stepping ~*~*~tactically~*~*~ (hiding).
 16087 | D:11     | 16087 ||| DRINKING 8 potions of curing.
 16087 | D:11     | 16087 ||| (to cure confusion)
 16132 | D:11     | 16132 ||| Stepping ~*~*~tactically~*~*~ (hiding).
 16373 | D:11     | 16373 ||| INVOKING Heroism.
 16429 | D:11     | Noticed Erolcha
 16430 | D:11     | 16430 ||| Stepping ~*~*~tactically~*~*~ (hiding).
 16433 | D:11     | 16433 ||| Stepping ~*~*~tactically~*~*~ (hiding).
 16441 | D:11     | Killed Erolcha
 16755 | D:11     | 16755 ||| PLANNING D
 16834 | D:12     | Identified the scarf of the Elven Halls {shadows, Str+4
                  | Slay+3} (Okawaru gifted it to you on level 12 of the
                  | Dungeon)
 16834 | D:12     | Received a gift from Okawaru
 16943 | D:12     | Reached skill level 12 in Armour
 16946 | D:12     | 16946 ||| Stepping ~*~*~tactically~*~*~ (stealth).
 17013 | D:12     | 17013 ||| Stepping ~*~*~tactically~*~*~ (stealth).
 17084 | D:12     | 17084 ||| Stepping ~*~*~tactically~*~*~ (stealth).
 17086 | D:12     | 17086 ||| Stepping ~*~*~tactically~*~*~ (stealth).
 17098 | D:12     | 17098 ||| Stepping ~*~*~tactically~*~*~ (hiding).
 17223 | D:13     | 17223 ||| Stepping ~*~*~tactically~*~*~ (hiding).
 17422 | D:13     | 17422 ||| Stepping ~*~*~tactically~*~*~ (stealth).
 17434 | D:13     | 17434 ||| Stepping ~*~*~tactically~*~*~ (hiding).
 17457 | D:13     | 17457 ||| Stepping ~*~*~tactically~*~*~ (hiding).
 17527 | D:13     | 17527 ||| INVOKING Heroism.
 17560 | D:13     | 17560 ||| Stepping ~*~*~tactically~*~*~ (stealth).
 17568 | D:13     | 17568 ||| Stepping ~*~*~tactically~*~*~ (stealth).
 17576 | D:13     | 17576 ||| Stepping ~*~*~tactically~*~*~ (stealth).
 17588 | D:13     | Found a gate to the Vaults.
 17788 | D:13     | 17788 ||| Stepping ~*~*~tactically~*~*~ (stealth).
 17789 | D:13     | 17789 ||| Stepping ~*~*~tactically~*~*~ (stealth).
 17792 | D:13     | 17792 ||| INVOKING Heroism.
 17850 | D:13     | 17850 ||| Stepping ~*~*~tactically~*~*~ (hiding).
 18002 | D:13     | 18002 ||| READING scroll labelled CYT UTUZA DANTYG.
 18082 | D:14     | 18082 ||| Stepping ~*~*~tactically~*~*~ (stealth).
 18089 | D:14     | 18089 ||| Stepping ~*~*~tactically~*~*~ (hiding).
 18208 | D:14     | 18208 ||| READING scroll of enchant armour.
 18208 | D:14     | 18208 ||| ENCHANTING +0 plate armour of poison resistance.
 18322 | D:14     | 18322 ||| Stepping ~*~*~tactically~*~*~ (hiding).
 18324 | D:14     | 18324 ||| Stepping ~*~*~tactically~*~*~ (hiding).
 18365 | D:14     | 18365 ||| Stepping ~*~*~tactically~*~*~ (hiding).
 18414 | D:14     | 18414 ||| Stepping ~*~*~tactically~*~*~ (stealth).
 18423 | D:14     | Identified the +1 robe of the Orb Guardian {+Blink Int+5}
                  | (Okawaru gifted it to you on level 14 of the Dungeon)
 18423 | D:14     | Received a gift from Okawaru
 18648 | D:14     | Found a shadowy altar of Dithmenos.
 18689 | D:14     | 18689 ||| Stepping ~*~*~tactically~*~*~ (hiding).
 18691 | D:14     | 18691 ||| INVOKING Heroism.
 18703 | D:14     | 18703 ||| Stepping ~*~*~tactically~*~*~ (hiding).
 18705 | D:14     | 18705 ||| Stepping ~*~*~tactically~*~*~ (hiding).
 18707 | D:14     | 18707 ||| Stepping ~*~*~tactically~*~*~ (hiding).
 18766 | D:14     | 18766 ||| Stepping ~*~*~tactically~*~*~ (stealth).
 18767 | D:14     | 18767 ||| Stepping ~*~*~tactically~*~*~ (stealth).
 18773 | D:14     | 18773 ||| INVOKING Heroism.
 18928 | D:14     | 18928 ||| READING scroll labelled FEOTRE IHEIRU.
 18941 | D:15     | Entered Level 15 of the Dungeon
 18942 | D:15     | 18942 ||| PLANNING GAUNTLET
 19009 | D:15     | Found a staircase to the Depths.
 19010 | D:15     | 19010 ||| INVOKING Heroism.
 19042 | D:15     | 19042 ||| Stepping ~*~*~tactically~*~*~ (hiding).
 19090 | D:15     | 19090 ||| Stepping ~*~*~tactically~*~*~ (hiding).
 19092 | D:15     | 19092 ||| Stepping ~*~*~tactically~*~*~ (hiding).
 19095 | D:15     | 19095 ||| Stepping ~*~*~tactically~*~*~ (hiding).
 19262 | D:15     | 19262 ||| INVOKING Heroism.
 19274 | D:15     | 19274 ||| Stepping ~*~*~tactically~*~*~ (hiding).
 19277 | D:15     | 19277 ||| Stepping ~*~*~tactically~*~*~ (hiding).
 19384 | D:15     | 19384 ||| INVOKING Heroism.
 19520 | D:15     | Found a gate leading to a gauntlet.
 19525 | Gauntlet | Entered a Gauntlet
 19525 | Gauntlet | Found a transporter.
 19525 | Gauntlet | Found a transporter.
 19525 | Gauntlet | Found a large runed translucent door.
 19525 | Gauntlet | Found a large runed translucent door.
 19525 | Gauntlet | Found a large runed translucent door.
 19525 | Gauntlet | Found a large runed translucent door.
 19525 | Gauntlet | Found a large runed translucent door.
 19525 | Gauntlet | Found a large runed translucent door.
 19525 | Gauntlet | Found a runed translucent door.
 19525 | Gauntlet | Found a runed translucent door.
 19525 | Gauntlet | Found a large runed translucent door.
 19525 | Gauntlet | Found a large runed translucent door.
 19525 | Gauntlet | Found a large runed translucent door.
 19525 | Gauntlet | Found a large runed translucent door.
 19525 | Gauntlet | Found a large runed translucent door.
 19525 | Gauntlet | Found a large runed translucent door.
 19529 | Gauntlet | Found a transporter.
 19529 | Gauntlet | Found a transporter.
 19533 | Gauntlet | Found a large runed translucent door.
 19533 | Gauntlet | Found a large runed translucent door.
 19539 | Gauntlet | Found a transporter.
 19549 | Gauntlet | Found a transporter.
 19549 | Gauntlet | Found a transporter.
 19555 | Gauntlet | Found a transporter.
 19586 | Gauntlet | Found a transporter.
 19593 | Gauntlet | Found a transporter.
 19617 | Gauntlet | Found a transporter.
 19629 | Gauntlet | Found a runed translucent gate.
 19629 | Gauntlet | Found a runed translucent gate.
 19629 | Gauntlet | Found a runed translucent gate.
 19631 | Gauntlet | Found a transporter.
 19643 | Gauntlet | Found a large runed translucent door.
 19644 | Gauntlet | Found a large runed translucent door.
 19671 | Gauntlet | Found a transporter.
 19687 | Gauntlet | Found a transporter.
 19788 | Gauntlet | Found a transporter.
 19810 | Gauntlet | Found a transporter.
 19912 | Gauntlet | 19912 ||| READING scroll of acquirement.
 19912 | Gauntlet | 19912 ||| ACQUIRING amulet of guardian spirit
 19912 | Gauntlet | Acquired an amulet of guardian spirit
 19929 | Gauntlet | Paralysed by a great orb of eyes for 4 turns
 19945 | Gauntlet | Identified the ring of Wuighi {Ice rElec Int+2 Stlth+}
 19963 | Gauntlet | 19963 ||| ZAPPING wand of digging (5).
 19964 | Gauntlet | 19964 ||| INVOKING Heroism.
 19966 | Gauntlet | 19966 ||| ZAPPING wand of digging (4).
 19973 | Gauntlet | Reached XP level 16. HP: 82/104 MP: 21/23
 20093 | Gauntlet | 20093 ||| READING scroll of acquirement.
 20093 | Gauntlet | 20093 ||| ACQUIRING 863 gold pieces
 20093 | Gauntlet | Acquired 863 gold pieces
 20095 | Gauntlet | 20095 ||| DROPPING +6 ring of intelligence.
 20113 | Gauntlet | 20113 ||| Stepping ~*~*~tactically~*~*~ (hiding).
 20116 | Gauntlet | 20116 ||| INVOKING Heroism.
 20131 | Gauntlet | Identified the ring "Vuekone" {rN+ Int+4 Slay+3 SInv
                  | Stlth-}
 20161 | Gauntlet | 20161 ||| DROPPING +1 pair of boots of stealth.
 20162 | Gauntlet | 20162 ||| UPGRADING to +4 ring of protection.
 20164 | Gauntlet | 20164 ||| DROPPING +6 ring of dexterity.
 20175 | D:15     | 20175 ||| PLANNING D
 20436 | D:15     | 20436 ||| Stepping ~*~*~tactically~*~*~ (hiding).
 20444 | D:15     | 20444 ||| INVOKING Heroism.
 20454 | D:15     | 20454 ||| Stepping ~*~*~tactically~*~*~ (hiding).
 20480 | D:15     | 20480 ||| Stepping ~*~*~tactically~*~*~ (stealth).
 20482 | D:15     | 20482 ||| Stepping ~*~*~tactically~*~*~ (hiding).
 20486 | D:15     | 20486 ||| INVOKING Heroism.
 20716 | D:15     | 20716 ||| PLANNING ORC
 20716 | D:15     | 20716 ||| UPGRADING to +5 ring of evasion.
 20718 | D:15     | 20718 ||| UPGRADING to +6 ring of strength.
 20720 | D:15     | 20720 ||| DROPPING +4 ring of protection.
 20917 | Orc:1    | Entered Level 1 of the Orcish Mines
 20918 | Orc:1    | 20918 ||| INVOKING Heroism.
 20939 | Orc:1    | 20939 ||| Stepping ~*~*~tactically~*~*~ (hiding).
 20949 | Orc:1    | 20949 ||| Stepping ~*~*~tactically~*~*~ (hiding).
 20971 | Orc:1    | Identified the +2 hand axe of Arrival {drain, Will+ Int+3
                  | Stlth+} (Okawaru gifted it to you on level 1 of the Orcish
                  | Mines)
 20971 | Orc:1    | Received a gift from Okawaru
 21077 | Orc:1    | You are sucked into a shaft and drop 1 floor!
 21077 | Orc:2    | Entered Level 2 of the Orcish Mines
 21078 | Orc:2    | 21078 ||| INVOKING Heroism.
 21079 | Orc:2    | 21079 ||| INVOKING Finesse.
 21109 | Orc:2    | 21109 ||| Stepping ~*~*~tactically~*~*~ (hiding).
 21112 | Orc:2    | 21112 ||| Stepping ~*~*~tactically~*~*~ (hiding).
 21113 | Orc:2    | 21113 ||| Stepping ~*~*~tactically~*~*~ (hiding).
 21135 | Orc:1    | 21135 ||| INVOKING Heroism.
 21212 | Orc:1    | Found a runed translucent door.
 21215 | Orc:1    | Found a shimmering altar of Xom.
 21215 | Orc:1    | Noticed TarVian's ghost (journeyman MiFi)
 21420 | Orc:1    | 21420 ||| Stepping randomly (stuck).
 21511 | Orc:2    | 21511 ||| INVOKING Heroism.
 21674 | Orc:2    | Found a staircase to the Elven Halls.
 21778 | Orc:2    | 21778 ||| INVOKING Heroism.
 21796 | Orc:2    | Reached skill level 18 in Axes
 21885 | Orc:2    | 21885 ||| Stepping ~*~*~tactically~*~*~ (hiding).
 22003 | Orc:2    | Found Zeykitz's Antique Weapon Emporium.
 22003 | Orc:2    | Found Iziqu's Jewellery Boutique.
 22003 | Orc:2    | Found Hisem's Assorted Antiques.
 22006 | Orc:2    | Found Vuit's Book Shoppe.
 22011 | Orc:2    | 22011 ||| BUYING +5 ring of evasion (468 gold).
 22011 | Orc:2    | Bought a +5 ring of evasion for 468 gold pieces
 22011 | Orc:2    | 22011 ||| BUYING ring of protection from cold (325 gold).
 22011 | Orc:2    | Bought a ring of protection from cold for 325 gold pieces
 22011 | Orc:2    | 22011 ||| BUYING ring of protection from fire (325 gold).
 22011 | Orc:2    | Bought a ring of protection from fire for 325 gold pieces
 22013 | Orc:2    | 22013 ||| BUYING potion of curing (75 gold).
 22013 | Orc:2    | Bought a potion of curing for 75 gold pieces
 22013 | Orc:2    | 22013 ||| BUYING scorched sapphire amulet (125 gold).
 22013 | Orc:2    | Bought a scorched sapphire amulet for 125 gold pieces
 22013 | Orc:2    | Identified the amulet "Puorph" {Spirit rElec} (You bought
                  | it in a shop on level 2 of the Orcish Mines)
 22013 | Orc:2    | 22013 ||| BUYING scroll of teleportation (75 gold).
 22013 | Orc:2    | Bought a scroll of teleportation for 75 gold pieces
 22140 | Orc:2    | 22140 ||| PLANNING SWAMP:1-3
 22140 | Orc:2    | 22140 ||| DROPPING amulet of guardian spirit.
 22141 | Orc:2    | 22141 ||| DROPPING ring of Wuighi {Ice rElec Int+2 Stlth+}.
 22142 | Orc:2    | 22142 ||| UPGRADING to +5 ring of evasion.
 22144 | Orc:2    | 22144 ||| DROPPING +6 ring of strength.
 22351 | Swamp:1  | Entered Level 1 of the Swamp
 22367 | Swamp:1  | 22367 ||| Stepping ~*~*~tactically~*~*~ (hiding).
 22368 | Swamp:1  | 22368 ||| Stepping ~*~*~tactically~*~*~ (hiding).
 22370 | Swamp:1  | 22370 ||| Stepping ~*~*~tactically~*~*~ (hiding).
 22371 | Swamp:1  | 22371 ||| Stepping ~*~*~tactically~*~*~ (hiding).
 22383 | Swamp:1  | Reached skill level 9 in Shields
 22435 | Swamp:1  | 22435 ||| INVOKING Heroism.
 22459 | Swamp:1  | You are sucked into a shaft and drop 1 floor!
 22464 | Swamp:2  | 22464 ||| INVOKING Heroism.
 22471 | Swamp:2  | Noticed a fenstrider witch
 22483 | Swamp:2  | Killed a fenstrider witch
 22486 | Swamp:2  | Received a gift from Okawaru
 22533 | Swamp:1  | Noticed Roxanne
 22534 | Swamp:1  | 22534 ||| INVOKING Heroism.
 22535 | Swamp:1  | 22535 ||| INVOKING Finesse.
 22564 | Swamp:1  | HP: 18/106 [Roxanne/crystal spear (28)]
 22565 | Swamp:1  | 22565 ||| READING 7 scrolls of teleportation.
 22625 | Swamp:1  | 22625 ||| Stepping ~*~*~tactically~*~*~ (stealth).
 22630 | Swamp:1  | 22630 ||| Stepping ~*~*~tactically~*~*~ (stealth).
 22753 | Swamp:1  | 22753 ||| INVOKING Heroism.
 22787 | Swamp:1  | 22787 ||| INVOKING Heroism.
 22816 | Swamp:1  | 22816 ||| Stepping ~*~*~tactically~*~*~ (hiding).
 22972 | Swamp:1  | 22972 ||| INVOKING Heroism.
 23004 | Swamp:1  | 23004 ||| INVOKING Heroism.
 23021 | Swamp:1  | Killed Roxanne
 23114 | Swamp:1  | 23114 ||| UPGRADING to +0 plate armour of cold resistance.
 23124 | Swamp:1  | 23124 ||| UPGRADING to scarf of the Elven Halls {shadows,
                  | Str+4 Slay+3}.
 23238 | Swamp:2  | 23238 ||| Stepping ~*~*~tactically~*~*~ (stealth).
 23240 | Swamp:2  | 23240 ||| Stepping ~*~*~tactically~*~*~ (hiding).
 23241 | Swamp:2  | 23241 ||| INVOKING Heroism.
 23405 | Swamp:2  | 23405 ||| Stepping ~*~*~tactically~*~*~ (hiding).
 23406 | Swamp:2  | 23406 ||| INVOKING Heroism.
 23413 | Swamp:2  | Reached skill level 15 in Fighting
 23491 | Swamp:3  | 23491 ||| INVOKING Heroism.
 23497 | Swamp:3  | Reached XP level 17. HP: 113/113 MP: 21/24
 23648 | Swamp:3  | 23648 ||| INVOKING Heroism.
 23661 | Swamp:3  | 23661 ||| Stepping ~*~*~tactically~*~*~ (hiding).
 23771 | Swamp:3  | 23771 ||| INVOKING Heroism.
 23821 | Swamp:3  | 23821 ||| INVOKING Heroism.
 23823 | Swamp:3  | 23823 ||| Stepping ~*~*~tactically~*~*~ (hiding).
 23964 | Swamp:3  | 23964 ||| Stepping ~*~*~tactically~*~*~ (stealth).
 24165 | Swamp:3  | 24165 ||| PLANNING SPIDER:1-3
 24244 | Spider:1 | Entered Level 1 of the Spider Nest
 24245 | Spider:1 | 24245 ||| Stepping ~*~*~tactically~*~*~ (hiding).
 24311 | Spider:1 | Noticed Kirke
 24312 | Spider:1 | 24312 ||| Stepping ~*~*~tactically~*~*~ (stealth).
 24315 | Spider:1 | 24315 ||| Stepping ~*~*~tactically~*~*~ (stealth).
 24317 | Spider:1 | 24317 ||| Stepping ~*~*~tactically~*~*~ (hiding).
 24322 | Spider:1 | Killed Kirke
 24323 | Spider:1 | 24323 ||| FLEEEEING.
 24324 | Spider:1 | 24324 ||| FLEEEEING.
 24358 | Spider:1 | 24358 ||| Stepping ~*~*~tactically~*~*~ (stealth).
 24359 | Spider:1 | 24359 ||| Stepping ~*~*~tactically~*~*~ (stealth).
 24360 | Spider:1 | 24360 ||| Stepping ~*~*~tactically~*~*~ (stealth).
 24363 | Spider:1 | 24363 ||| Stepping ~*~*~tactically~*~*~ (stealth).
 24364 | Spider:1 | 24364 ||| Stepping ~*~*~tactically~*~*~ (stealth).
 24386 | Spider:1 | 24386 ||| Stepping ~*~*~tactically~*~*~ (stealth).
 24387 | Spider:1 | 24387 ||| Stepping ~*~*~tactically~*~*~ (stealth).
 24389 | Spider:1 | 24389 ||| Stepping ~*~*~tactically~*~*~ (stealth).
 24391 | Spider:1 | 24391 ||| Stepping ~*~*~tactically~*~*~ (stealth).
 24392 | Spider:1 | 24392 ||| Stepping ~*~*~tactically~*~*~ (stealth).
 24415 | Spider:1 | 24415 ||| Stepping ~*~*~tactically~*~*~ (stealth).
 24426 | Spider:1 | Identified the +0 cloak of the Unbroken {rF+ Int+2}
                  | (Okawaru gifted it to you on level 1 of the Spider Nest)
 24426 | Spider:1 | Received a gift from Okawaru
 24489 | Spider:1 | 24489 ||| DRINKING 12 potions of curing.
 24489 | Spider:1 | 24489 ||| (to cure confusion)
 24577 | Spider:1 | 24577 ||| Stepping ~*~*~tactically~*~*~ (stealth).
 24579 | Spider:1 | 24579 ||| Stepping ~*~*~tactically~*~*~ (stealth).
 24580 | Spider:1 | 24580 ||| INVOKING Heroism.
 24622 | Spider:1 | 24622 ||| Stepping ~*~*~tactically~*~*~ (stealth).
 24738 | Spider:1 | 24738 ||| Stepping ~*~*~tactically~*~*~ (stealth).
 24745 | Spider:1 | 24745 ||| Stepping ~*~*~tactically~*~*~ (stealth).
 24746 | Spider:1 | 24746 ||| Stepping ~*~*~tactically~*~*~ (stealth).
 24747 | Spider:1 | 24747 ||| Stepping ~*~*~tactically~*~*~ (stealth).
 24753 | Spider:1 | 24753 ||| Stepping ~*~*~tactically~*~*~ (stealth).
 24776 | Spider:1 | 24776 ||| Stepping ~*~*~tactically~*~*~ (stealth).
 24777 | Spider:1 | 24777 ||| Stepping ~*~*~tactically~*~*~ (stealth).
 24780 | Spider:1 | 24780 ||| Stepping ~*~*~tactically~*~*~ (stealth).
 24820 | Spider:1 | 24820 ||| READING scroll of acquirement.
 24820 | Spider:1 | 24820 ||| ACQUIRING 234 gold pieces
 24820 | Spider:1 | Acquired 234 gold pieces
 24893 | Spider:1 | 24893 ||| READING scroll of enchant armour.
 24893 | Spider:1 | 24893 ||| ENCHANTING +0 plate armour of cold resistance.
 24907 | Spider:1 | 24907 ||| DROPPING +1 plate armour of poison resistance.
 24998 | Spider:2 | 24998 ||| INVOKING Heroism.
 25080 | Spider:2 | 25080 ||| DRINKING 12 potions of curing.
 25080 | Spider:2 | 25080 ||| (to cure confusion)
 25469 | Spider:2 | 25469 ||| INVOKING Heroism.
 25470 | Spider:2 | 25470 ||| Stepping ~*~*~tactically~*~*~ (stealth).
 25829 | Spider:2 | 25829 ||| READING 22 scrolls of identify.
 25829 | Spider:2 | 25829 ||| IDENTIFYING viscous ruby potion
 25859 | Spider:3 | Reached skill level 15 in Armour
 25949 | Spider:3 | 25949 ||| Stepping ~*~*~tactically~*~*~ (hiding).
 25957 | Spider:3 | 25957 ||| INVOKING Heroism.
 26052 | Spider:3 | 26052 ||| INVOKING Heroism.
 26190 | Spider:3 | 26190 ||| Stepping ~*~*~tactically~*~*~ (stealth).
 26191 | Spider:3 | 26191 ||| Stepping ~*~*~tactically~*~*~ (stealth).
 26195 | Spider:3 | 26195 ||| Stepping ~*~*~tactically~*~*~ (stealth).
 26197 | Spider:3 | Received a gift from Okawaru
 26293 | Spider:3 | 26293 ||| Stepping ~*~*~tactically~*~*~ (stealth).
 26304 | Spider:3 | 26304 ||| FLEEEEING.
 26305 | Spider:3 | 26305 ||| FLEEEEING.
 26306 | Spider:3 | 26306 ||| FLEEEEING.
 26458 | Spider:3 | 26458 ||| Stepping ~*~*~tactically~*~*~ (stealth).
 26477 | Spider:3 | 26477 ||| Stepping ~*~*~tactically~*~*~ (stealth).
 26738 | Spider:3 | 26738 ||| INVOKING Heroism.
 26789 | Spider:3 | Identified the +1 helmet "Fasadd" {+Inv Fly rElec}
 26812 | Spider:3 | Received a gift from Okawaru
 26979 | Spider:3 | 26979 ||| Stepping ~*~*~tactically~*~*~ (stealth).
 27078 | Spider:3 | 27078 ||| PLANNING SWAMP:4
 27078 | Spider:3 | 27078 ||| DROPPING +1 helmet "Fasadd" {+Inv Fly rElec}.
 27219 | Swamp:4  | Entered Level 4 of the Swamp
 27256 | Swamp:4  | 27256 ||| Stepping ~*~*~tactically~*~*~ (hiding).
 27266 | Swamp:4  | Reached XP level 18. HP: 123/123 MP: 25/25
 27266 | Swamp:4  | 27266 ||| Stepping ~*~*~tactically~*~*~ (hiding).
 27282 | Swamp:4  | Noticed a tentacled monstrosity
 27283 | Swamp:4  | 27283 ||| INVOKING Heroism.
 27284 | Swamp:4  | 27284 ||| INVOKING Finesse.
 27300 | Swamp:4  | Killed a tentacled monstrosity
 27322 | Swamp:4  | Received a gift from Okawaru
 27365 | Swamp:4  | 27365 ||| INVOKING Heroism.
 27385 | Swamp:4  | Got a decaying rune of Zot
 27442 | Swamp:4  | Noticed Mlioglotl
 27443 | Swamp:4  | 27443 ||| INVOKING Heroism.
 27444 | Swamp:4  | 27444 ||| INVOKING Finesse.
 27453 | Swamp:4  | Killed Mlioglotl
 27494 | Swamp:4  | 27494 ||| Stepping ~*~*~tactically~*~*~ (stealth).
 27565 | Swamp:4  | 27565 ||| INVOKING Heroism.
 27568 | Swamp:4  | 27568 ||| INVOKING Finesse.
 27614 | Swamp:4  | 27614 ||| Stepping ~*~*~tactically~*~*~ (stealth).
 27616 | Swamp:4  | 27616 ||| Stepping ~*~*~tactically~*~*~ (hiding).
 27631 | Swamp:4  | Identified the +1 battleaxe "Seissu" {heavy, rPois rC+
                  | Int+6 Stlth-}
 27701 | Swamp:4  | 27701 ||| INVOKING Heroism.
 28056 | Swamp:4  | 28056 ||| PLANNING VAULTS:1-4
 28056 | Swamp:4  | 28056 ||| UPGRADING to +0 tower shield of fire resistance.
 28066 | Swamp:4  | 28066 ||| DROPPING +0 buckler.
 28067 | Swamp:4  | 28067 ||| DROPPING amulet "Puorph" {Spirit rElec}.
 28321 | Vaults:1 | Entered Level 1 of the Vaults
 28358 | Vaults:1 | 28358 ||| INVOKING Heroism.
 28511 | Vaults:1 | 28511 ||| INVOKING Heroism.
 28583 | Vaults:1 | 28583 ||| Stepping ~*~*~tactically~*~*~ (hiding).
 28585 | Vaults:1 | 28585 ||| Stepping ~*~*~tactically~*~*~ (hiding).
 28586 | Vaults:1 | 28586 ||| Stepping ~*~*~tactically~*~*~ (hiding).
 28721 | Vaults:1 | 28721 ||| Stepping ~*~*~tactically~*~*~ (hiding).
 28738 | Vaults:1 | Reached skill level 12 in Shields
 28753 | Vaults:1 | 28753 ||| INVOKING Heroism.
 28799 | Vaults:1 | 28799 ||| INVOKING Heroism.
 28995 | Vaults:1 | You are sucked into a shaft and drop 1 floor!
 28998 | Vaults:2 | 28998 ||| READING scroll of enchant armour.
 28998 | Vaults:2 | 28998 ||| ENCHANTING +1 plate armour of cold resistance.
 29315 | Vaults:2 | Received a gift from Okawaru
 29321 | Vaults:2 | 29321 ||| Stepping ~*~*~tactically~*~*~ (hiding).
 29333 | Vaults:2 | 29333 ||| Stepping ~*~*~tactically~*~*~ (hiding).
 29341 | Vaults:2 | Received a gift from Okawaru
 29522 | Vaults:2 | Reached XP level 19. HP: 130/130 MP: 26/26
 29816 | Vaults:2 | 29816 ||| Stepping ~*~*~tactically~*~*~ (hiding).
 29824 | Vaults:2 | Reached skill level 15 in Shields
 29828 | Vaults:2 | 29828 ||| Stepping ~*~*~tactically~*~*~ (hiding).
 29835 | Vaults:2 | 29835 ||| Stepping ~*~*~tactically~*~*~ (hiding).
 29836 | Vaults:2 | 29836 ||| Stepping ~*~*~tactically~*~*~ (hiding).
 29837 | Vaults:2 | 29837 ||| Stepping ~*~*~tactically~*~*~ (hiding).
 29985 | Vaults:2 | 29985 ||| INVOKING Heroism.
 30007 | Vaults:2 | 30007 ||| INVOKING Finesse.
 30024 | Vaults:2 | 30024 ||| INVOKING Heroism.
 30225 | Vaults:2 | Found a staircase to the Crypt.
 30254 | Vaults:2 | 30254 ||| DROPPING +1 chain mail of fire resistance.
 30255 | Vaults:2 | 30255 ||| DROPPING amulet of regeneration.
 30435 | Vaults:1 | 30435 ||| Stepping ~*~*~tactically~*~*~ (stealth).
 30482 | Vaults:1 | 30482 ||| INVOKING Heroism.
 30575 | Vaults:1 | 30575 ||| FLEEEEING.
 30576 | Vaults:1 | 30576 ||| FLEEEEING.
 30577 | Vaults:1 | 30577 ||| FLEEEEING.
 30589 | Vaults:1 | 30589 ||| FLEEEEING.
 30590 | Vaults:1 | 30590 ||| FLEEEEING.
 30598 | Vaults:1 | 30598 ||| FLEEEEING.
 30599 | Vaults:1 | 30599 ||| FLEEEEING.
 30600 | Vaults:1 | 30600 ||| FLEEEEING.
 30601 | Vaults:1 | 30601 ||| FLEEEEING.
 30609 | Vaults:1 | 30609 ||| FLEEEEING.
 30610 | Vaults:1 | 30610 ||| FLEEEEING.
 30611 | Vaults:1 | 30611 ||| FLEEEEING.
 30612 | Vaults:1 | 30612 ||| FLEEEEING.
 30613 | Vaults:1 | 30613 ||| FLEEEEING.
 30614 | Vaults:1 | 30614 ||| FLEEEEING.
 30615 | Vaults:1 | 30615 ||| FLEEEEING.
 30778 | Vaults:1 | Paralysed by a great orb of eyes for 3 turns
 30931 | Vaults:1 | 30931 ||| Stepping ~*~*~tactically~*~*~ (hiding).
 30939 | Vaults:1 | Received a gift from Okawaru
 30955 | Vaults:1 | 30955 ||| DROPPING +2 broad axe of electrocution.
 30987 | Vaults:1 | 30987 ||| INVOKING Heroism.
 30988 | Vaults:1 | 30988 ||| INVOKING Finesse.
 31316 | Vaults:2 | 31316 ||| Stepping ~*~*~tactically~*~*~ (hiding).
 31317 | Vaults:2 | 31317 ||| Stepping ~*~*~tactically~*~*~ (hiding).
 31318 | Vaults:2 | 31318 ||| Stepping ~*~*~tactically~*~*~ (hiding).
 31524 | Vaults:2 | 31524 ||| Stepping ~*~*~tactically~*~*~ (stealth).
 31529 | Vaults:2 | 31529 ||| INVOKING Heroism.
 31530 | Vaults:2 | 31530 ||| INVOKING Finesse.
 32106 | Vaults:3 | 32106 ||| Stepping ~*~*~tactically~*~*~ (stealth).
 32119 | Vaults:3 | Received a gift from Okawaru
 32140 | Vaults:3 | 32140 ||| FLEEEEING.
 32141 | Vaults:3 | 32141 ||| FLEEEEING.
 32142 | Vaults:3 | 32142 ||| FLEEEEING.
 32143 | Vaults:3 | 32143 ||| FLEEEEING.
 32144 | Vaults:3 | 32144 ||| STAIRDANCE
 32252 | Vaults:3 | Reached skill level 18 in Shields
 32253 | Vaults:3 | 32253 ||| STAIRDANCE
 32360 | Vaults:3 | 32360 ||| INVOKING Heroism.
 32361 | Vaults:3 | 32361 ||| INVOKING Finesse.
 32637 | Vaults:3 | 32637 ||| INVOKING Heroism.
 32769 | Vaults:3 | 32769 ||| Stepping ~*~*~tactically~*~*~ (hiding).
 32770 | Vaults:3 | 32770 ||| Stepping ~*~*~tactically~*~*~ (hiding).
 32775 | Vaults:3 | 32775 ||| Stepping ~*~*~tactically~*~*~ (hiding).
 32777 | Vaults:3 | 32777 ||| Stepping ~*~*~tactically~*~*~ (hiding).
 32953 | Vaults:3 | 32953 ||| Stepping ~*~*~tactically~*~*~ (hiding).
 32958 | Vaults:3 | 32958 ||| Stepping ~*~*~tactically~*~*~ (hiding).
 32975 | Vaults:3 | Found Pomem's Armour Boutique.
 32981 | Vaults:3 | 32981 ||| BUYING +10 plate armour of ponderousness (750
                  | gold).
 32981 | Vaults:3 | Bought a +10 plate armour of ponderousness for 750 gold
                  | pieces
 33079 | Vaults:3 | Reached XP level 20. HP: 136/136 MP: 27/27
 33135 | Vaults:3 | 33135 ||| READING scroll of enchant armour.
 33135 | Vaults:3 | 33135 ||| ENCHANTING +2 plate armour of cold resistance.
 33333 | Vaults:3 | 33333 ||| Stepping ~*~*~tactically~*~*~ (hiding).
 33389 | Vaults:3 | 33389 ||| FLEEEEING.
 33397 | Vaults:3 | 33397 ||| FLEEEEING.
 33398 | Vaults:3 | 33398 ||| FLEEEEING.
 33399 | Vaults:3 | 33399 ||| FLEEEEING.
 33400 | Vaults:3 | 33400 ||| FLEEEEING.
 33401 | Vaults:3 | 33401 ||| FLEEEEING.
 33402 | Vaults:3 | 33402 ||| FLEEEEING.
 33403 | Vaults:3 | 33403 ||| FLEEEEING.
 33404 | Vaults:3 | 33404 ||| FLEEEEING.
 33471 | Vaults:3 | 33471 ||| INVOKING Heroism.
 33546 | Vaults:3 | 33546 ||| Stepping ~*~*~tactically~*~*~ (stealth).
 33658 | Vaults:3 | Identified the +3 scimitar of the Sage {antimagic, *Corrode
                  | rC+ SInv}
 33803 | Vaults:3 | 33803 ||| DROPPING +4 plate armour of poison resistance.
 33804 | Vaults:3 | 33804 ||| DROPPING ring of positive energy.
 33830 | Vaults:4 | Identified the +9 spear of the Leaping Wasp {freeze, rC+}
                  | (Okawaru gifted it to you on level 4 of the Vaults)
 33830 | Vaults:4 | Received a gift from Okawaru
 33864 | Vaults:4 | 33864 ||| Stepping ~*~*~tactically~*~*~ (hiding).
 33867 | Vaults:4 | 33867 ||| INVOKING Heroism.
 33874 | Vaults:4 | Reached skill level 18 in Fighting
 33885 | Vaults:4 | 33885 ||| FLEEEEING.
 33886 | Vaults:4 | 33886 ||| FLEEEEING.
 33887 | Vaults:4 | 33887 ||| FLEEEEING.
 33888 | Vaults:4 | 33888 ||| FLEEEEING.
 33889 | Vaults:4 | 33889 ||| FLEEEEING.
 33890 | Vaults:4 | 33890 ||| FLEEEEING.
 33891 | Vaults:4 | 33891 ||| FLEEEEING.
 33892 | Vaults:4 | 33892 ||| FLEEEEING.
 33893 | Vaults:4 | 33893 ||| FLEEEEING.
 33898 | Vaults:4 | 33898 ||| FLEEEEING.
 33899 | Vaults:4 | 33899 ||| FLEEEEING.
 33900 | Vaults:4 | 33900 ||| FLEEEEING.
 33901 | Vaults:4 | 33901 ||| FLEEEEING.
 33902 | Vaults:4 | 33902 ||| FLEEEEING.
 33903 | Vaults:4 | 33903 ||| FLEEEEING.
 33904 | Vaults:4 | 33904 ||| FLEEEEING.
 33907 | Vaults:4 | 33907 ||| STAIRDANCE
 34049 | Vaults:4 | 34049 ||| Stepping ~*~*~tactically~*~*~ (stealth).
 34129 | Vaults:4 | Found Metoynae's Armour Shop.
 34158 | Vaults:4 | 34158 ||| BUYING +10 plate armour "Gohituol" {rF- MP+9
                  | Str+7 Int-5} (961 gold).
 34158 | Vaults:4 | Bought the +10 plate armour "Gohituol" {rF- MP+9 Str+7
                  | Int-5} for 961 gold pieces
 34240 | Vaults:4 | 34240 ||| Stepping ~*~*~tactically~*~*~ (hiding).
 34243 | Vaults:4 | 34243 ||| DRINKING 16 potions of curing.
 34243 | Vaults:4 | 34243 ||| (to cure confusion)
 34327 | Vaults:4 | Received a gift from Okawaru
 34469 | Vaults:4 | Received a gift from Okawaru
 34523 | Vaults:4 | 34523 ||| INVOKING Heroism.
 34574 | Vaults:4 | Received a gift from Okawaru
 34706 | Vaults:4 | 34706 ||| Stepping ~*~*~tactically~*~*~ (hiding).
 34708 | Vaults:4 | 34708 ||| Stepping ~*~*~tactically~*~*~ (hiding).
 34713 | Vaults:4 | Identified the -2 kite shield of Repulsion {Dex+3} (Okawaru
                  | gifted it to you on level 4 of the Vaults)
 34713 | Vaults:4 | Received a gift from Okawaru
 34728 | Vaults:4 | Reached skill level 9 in Throwing
 34811 | Vaults:4 | 34811 ||| Stepping ~*~*~tactically~*~*~ (hiding).
 34934 | Vaults:4 | 34934 ||| INVOKING Heroism.
 34979 | Vaults:4 | 34979 ||| Stepping ~*~*~tactically~*~*~ (stealth).
 35340 | Vaults:4 | 35340 ||| PLANNING SPIDER:4
 35340 | Vaults:4 | 35340 ||| UPGRADING to +10 plate armour "Gohituol" {rF-
                  | MP+9 Str+7 Int-5}.
 35350 | Vaults:4 | 35350 ||| UPGRADING to +0 cloak "Nythrol" {rC+ Str+3 SInv}.
 35760 | Spider:4 | Entered Level 4 of the Spider Nest
 35806 | Spider:4 | 35806 ||| Stepping ~*~*~tactically~*~*~ (stealth).
 35823 | Spider:4 | Noticed Aizul
 35834 | Spider:4 | Killed Aizul
 35854 | Spider:4 | 35854 ||| FLEEEEING.
 35855 | Spider:4 | 35855 ||| FLEEEEING.
 35856 | Spider:4 | 35856 ||| FLEEEEING.
 35857 | Spider:4 | 35857 ||| FLEEEEING.
 35858 | Spider:4 | 35858 ||| FLEEEEING.
 35859 | Spider:4 | 35859 ||| FLEEEEING.
 35860 | Spider:4 | 35860 ||| FLEEEEING.
 35861 | Spider:4 | 35861 ||| FLEEEEING.
 35862 | Spider:4 | 35862 ||| FLEEEEING.
 35863 | Spider:4 | 35863 ||| FLEEEEING.
 35864 | Spider:4 | 35864 ||| STAIRDANCE
 35868 | Spider:4 | 35868 ||| STAIRDANCE
 35961 | Spider:4 | 35961 ||| Stepping ~*~*~tactically~*~*~ (hiding).
 35962 | Spider:4 | 35962 ||| Stepping ~*~*~tactically~*~*~ (stealth).
 35970 | Spider:4 | 35970 ||| Stepping ~*~*~tactically~*~*~ (hiding).
 36073 | Spider:4 | Reached XP level 21. HP: 142/142 MP: 14/28
 36375 | Spider:4 | 36375 ||| INVOKING Heroism.
 36394 | Spider:4 | 36394 ||| Stepping ~*~*~tactically~*~*~ (hiding).
 36402 | Spider:4 | Reached skill level 18 in Armour
 36418 | Spider:4 | Identified the +1 helmet of the Beginning {Dex+6} (Okawaru
                  | gifted it to you on level 4 of the Spider Nest)
 36418 | Spider:4 | Received a gift from Okawaru
 36480 | Spider:4 | Noticed Arachne
 36492 | Spider:4 | Killed Arachne
 36495 | Spider:4 | 36495 ||| DRINKING 16 potions of curing.
 36495 | Spider:4 | 36495 ||| (to cure confusion)
 36675 | Spider:4 | 36675 ||| Stepping ~*~*~tactically~*~*~ (hiding).
 36724 | Spider:4 | 36724 ||| Stepping ~*~*~tactically~*~*~ (stealth).
 36725 | Spider:4 | 36725 ||| Stepping ~*~*~tactically~*~*~ (stealth).
 36726 | Spider:4 | 36726 ||| Stepping ~*~*~tactically~*~*~ (stealth).
 36728 | Spider:4 | 36728 ||| Stepping ~*~*~tactically~*~*~ (stealth).
 36751 | Spider:4 | 36751 ||| Stepping ~*~*~tactically~*~*~ (stealth).
 36757 | Spider:4 | 36757 ||| Stepping ~*~*~tactically~*~*~ (stealth).
 36771 | Spider:4 | 36771 ||| Stepping ~*~*~tactically~*~*~ (stealth).
 36772 | Spider:4 | 36772 ||| Stepping ~*~*~tactically~*~*~ (stealth).
 36797 | Spider:4 | 36797 ||| Stepping ~*~*~tactically~*~*~ (stealth).
 36800 | Spider:4 | 36800 ||| Stepping ~*~*~tactically~*~*~ (stealth).
 36819 | Spider:4 | 36819 ||| Stepping ~*~*~tactically~*~*~ (stealth).
 36933 | Spider:4 | 36933 ||| Stepping ~*~*~tactically~*~*~ (stealth).
 37100 | Spider:4 | Got a gossamer rune of Zot
 37392 | Spider:4 | 37392 ||| PLANNING DEPTHS
 37392 | Spider:4 | 37392 ||| DROPPING +1 helmet of the Beginning {Dex+6}.
 37393 | Spider:4 | 37393 ||| DROPPING +2 hat of willpower.
 37394 | Spider:4 | 37394 ||| DROPPING scarf of harm.
 37638 | Depths:1 | Entered Level 1 of the Depths
 37639 | Depths:1 | 37639 ||| INVOKING Heroism.
 37640 | Depths:1 | 37640 ||| INVOKING Finesse.
 37694 | Depths:1 | 37694 ||| INVOKING Heroism.
 37702 | Depths:1 | Noticed Nikola
 37729 | Depths:1 | Received a gift from Okawaru
 37744 | Depths:1 | Paralysed by a vampire knight for 4 turns
 37755 | Depths:1 | Found Jil Nouxko's Blood Bar.
 37765 | Depths:1 | Killed Nikola
 37959 | Depths:1 | Found a gateway to Hell.
 38195 | Depths:2 | 38195 ||| INVOKING Heroism.
 38196 | Depths:2 | 38196 ||| INVOKING Finesse.
 38223 | Depths:2 | 38223 ||| Stepping ~*~*~tactically~*~*~ (stealth).
 38235 | Depths:2 | 38235 ||| Stepping ~*~*~tactically~*~*~ (stealth).
 38237 | Depths:2 | 38237 ||| Stepping ~*~*~tactically~*~*~ (hiding).
 38238 | Depths:2 | 38238 ||| Stepping ~*~*~tactically~*~*~ (hiding).
 38242 | Depths:2 | 38242 ||| Stepping ~*~*~tactically~*~*~ (hiding).
 38243 | Depths:2 | 38243 ||| Stepping ~*~*~tactically~*~*~ (hiding).
 38244 | Depths:2 | 38244 ||| Stepping ~*~*~tactically~*~*~ (hiding).
 38245 | Depths:2 | 38245 ||| Stepping ~*~*~tactically~*~*~ (hiding).
 38246 | Depths:2 | 38246 ||| Stepping ~*~*~tactically~*~*~ (hiding).
 38264 | Depths:2 | Received a gift from Okawaru
 38268 | Depths:2 | 38268 ||| INVOKING Heroism.
 38269 | Depths:2 | 38269 ||| INVOKING Finesse.
 38358 | Depths:2 | 38358 ||| Stepping ~*~*~tactically~*~*~ (stealth).
 38361 | Depths:2 | 38361 ||| Stepping ~*~*~tactically~*~*~ (stealth).
 38362 | Depths:2 | Identified the ring "Qyreiw" {Ice rPois Will+ SInv}
 38362 | Depths:2 | Noticed Josephina
 38363 | Depths:2 | 38363 ||| INVOKING Heroism.
 38366 | Depths:2 | 38366 ||| INVOKING Finesse.
 38367 | Depths:2 | Received a gift from Okawaru
 38376 | Depths:2 | Killed Josephina
 38420 | Depths:2 | 38420 ||| Stepping ~*~*~tactically~*~*~ (stealth).
 38460 | Depths:2 | 38460 ||| INVOKING Heroism.
 38628 | Depths:2 | Identified the +2 pair of boots "Fath" {rC+ rN++ Regen+}
                  | (Okawaru gifted it to you on level 2 of the Depths)
 38628 | Depths:2 | Received a gift from Okawaru
 38633 | Depths:2 | 38633 ||| Stepping ~*~*~tactically~*~*~ (hiding).
 38657 | Depths:2 | Reached XP level 22. HP: 152/152 MP: 29/29
 38697 | Depths:2 | Gained mutation: You sometimes lose your temper in combat.
                  | [a neqoxec]
 38698 | Depths:2 | 38698 ||| Stepping ~*~*~tactically~*~*~ (hiding).
 38699 | Depths:2 | 38699 ||| Stepping ~*~*~tactically~*~*~ (hiding).
 38700 | Depths:2 | Gained mutation: Armour fits poorly on your strangely
                  | shaped body. [a neqoxec]
 38701 | Depths:2 | Found a one-way gate leading to the halls of Pandemonium.
 38803 | Depths:2 | 38803 ||| DRINKING 2 potions of mutation.
 38803 | Depths:2 | Lost mutation: Armour fits poorly on your strangely shaped
                  | body. [potion of mutation]
 38803 | Depths:2 | Lost mutation: You sometimes lose your temper in combat.
                  | [potion of mutation]
 38803 | Depths:2 | Gained mutation: You are partially covered in iridescent
                  | scales. (AC +2) [potion of mutation]
 38803 | Depths:2 | Gained mutation: You expend magic power (3 MP) to
                  | strengthen your wands. [potion of mutation]
 38803 | Depths:2 | Gained mutation: Your natural rate of healing is unusually
                  | fast. [potion of mutation]
 38816 | Depths:2 | 38816 ||| Stepping ~*~*~tactically~*~*~ (hiding).
 38818 | Depths:2 | 38818 ||| Stepping ~*~*~tactically~*~*~ (hiding).
 38820 | Depths:2 | 38820 ||| Stepping ~*~*~tactically~*~*~ (hiding).
 39161 | Depths:2 | 39161 ||| INVOKING Heroism.
 39248 | Depths:2 | 39248 ||| Stepping ~*~*~tactically~*~*~ (hiding).
 39273 | Depths:2 | 39273 ||| Stepping ~*~*~tactically~*~*~ (stealth).
 39306 | Depths:2 | 39306 ||| INVOKING Heroism.
 39307 | Depths:2 | 39307 ||| INVOKING Finesse.
 39540 | Depths:2 | 39540 ||| UPGRADING to +2 pair of boots "Fath" {rC+ rN++
                  | Regen+}.
 39550 | Depths:2 | 39550 ||| UPGRADING to scarf of the Elven Halls {shadows,
                  | Str+4 Slay+3}.
 39560 | Depths:2 | 39560 ||| DROPPING +1 pair of boots "Iduojiusk" {Regen+}.
 39615 | Depths:3 | 39615 ||| INVOKING Heroism.
 39616 | Depths:3 | 39616 ||| INVOKING Finesse.
 39655 | Depths:3 | Found a one-way gate to the infinite horrors of the Abyss.
 39655 | Depths:3 | Noticed Louise
 39660 | Depths:3 | 39660 ||| Stepping ~*~*~tactically~*~*~ (hiding).
 39671 | Depths:3 | 39671 ||| Stepping ~*~*~tactically~*~*~ (hiding).
 39695 | Depths:3 | Killed Louise
 39717 | Depths:3 | Found a one-way gateway to a ziggurat.
 39735 | Depths:3 | Reached skill level 21 in Shields
 39787 | Depths:3 | 39787 ||| INVOKING Heroism.
 39811 | Depths:3 | 39811 ||| INVOKING Finesse.
 39856 | Depths:3 | 39856 ||| DROPPING +2 broad axe of electrocution.
 39932 | Depths:3 | Reached skill level 21 in Fighting
 40030 | Depths:3 | 40030 ||| Stepping ~*~*~tactically~*~*~ (hiding).
 40032 | Depths:3 | 40032 ||| INVOKING Heroism.
 40241 | Depths:3 | 40241 ||| INVOKING Heroism.
 40242 | Depths:3 | 40242 ||| INVOKING Finesse.
 40293 | Depths:3 | 40293 ||| INVOKING Heroism.
 40318 | Depths:3 | 40318 ||| Stepping ~*~*~tactically~*~*~ (hiding).
 40348 | Depths:3 | Identified the +3 trident of Saltpetre {chaos, Drain Fly
                  | rC++ Str+2}
 40355 | Depths:3 | 40355 ||| INVOKING Heroism.
 40355 | Depths:3 | Noticed a golden dragon
 40356 | Depths:3 | 40356 ||| INVOKING Finesse.
 40368 | Depths:3 | Killed a golden dragon
 40465 | Depths:3 | 40465 ||| INVOKING Finesse.
 40505 | Depths:3 | 40505 ||| INVOKING Heroism.
 40512 | Depths:3 | Received a gift from Okawaru
 40524 | Depths:3 | 40524 ||| Stepping ~*~*~tactically~*~*~ (hiding).
 40526 | Depths:3 | 40526 ||| Stepping ~*~*~tactically~*~*~ (hiding).
 40527 | Depths:3 | 40527 ||| Stepping ~*~*~tactically~*~*~ (hiding).
 40958 | Depths:4 | Entered Level 4 of the Depths
 41013 | Depths:4 | 41013 ||| INVOKING Heroism.
 41036 | Depths:4 | 41036 ||| INVOKING Finesse.
 41185 | Depths:4 | Identified the +0 robe of Qifam {Drain rC+ MP+9 Dex+2}
 41188 | Depths:4 | 41188 ||| INVOKING Heroism.
 41192 | Depths:4 | 41192 ||| Stepping ~*~*~tactically~*~*~ (hiding).
 41199 | Depths:4 | Noticed a juggernaut
 41202 | Depths:4 | Reached XP level 23. HP: 158/162 MP: 30/30
 41213 | Depths:4 | Killed a juggernaut
 41282 | Depths:4 | 41282 ||| Stepping ~*~*~tactically~*~*~ (stealth).
 41302 | Depths:4 | Received a gift from Okawaru
 41451 | Depths:4 | 41451 ||| Stepping ~*~*~tactically~*~*~ (hiding).
 41492 | Depths:4 | Received a gift from Okawaru
 41497 | Depths:4 | 41497 ||| Stepping ~*~*~tactically~*~*~ (hiding).
 41784 | Depths:4 | Noticed a golden dragon
 41785 | Depths:4 | 41785 ||| Stepping ~*~*~tactically~*~*~ (hiding).
 41789 | Depths:4 | 41789 ||| INVOKING Heroism.
 41790 | Depths:4 | 41790 ||| INVOKING Finesse.
 41798 | Depths:4 | Killed a golden dragon
 41847 | Depths:4 | Found a gate to the Realm of Zot.
 41981 | Depths:4 | Found a portal to a secret trove of treasure.
 42095 | Depths:4 | 42095 ||| PLANNING VAULTS:5
 42379 | Vaults:5 | Entered Level 5 of the Vaults
 42383 | Vaults:5 | Noticed a dread lich
 42384 | Vaults:5 | 42384 ||| INVOKING Heroism.
 42385 | Vaults:5 | 42385 ||| INVOKING Finesse.
 42387 | Vaults:5 | Received a gift from Okawaru
 42391 | Vaults:5 | Paralysed by a dread lich for 4 turns
 42399 | Vaults:5 | Killed a dread lich
 42399 | Vaults:5 | Received a gift from Okawaru
 42410 | Vaults:5 | Received a gift from Okawaru
 42423 | Vaults:5 | Received a gift from Okawaru
 42438 | Vaults:5 | Noticed a golden dragon
 42446 | Vaults:5 | Noticed a golden dragon
 42448 | Vaults:5 | Received a gift from Okawaru
 42455 | Vaults:5 | 42455 ||| STAIRDANCE
 42685 | Vaults:5 | 42685 ||| INVOKING Heroism.
 42686 | Vaults:5 | 42686 ||| INVOKING Finesse.
 42700 | Vaults:5 | Received a gift from Okawaru
 42704 | Vaults:5 | Killed a golden dragon
 42705 | Vaults:5 | Reached skill level 21 in Armour
 42706 | Vaults:5 | Killed a golden dragon
 42712 | Vaults:5 | Received a gift from Okawaru
 42745 | Vaults:5 | Reached XP level 24. HP: 63/171 MP: 30/30
 42761 | Vaults:5 | Received a gift from Okawaru
 42767 | Vaults:5 | HP: 40/172 [vault warden/+1 bardiche of flaming (27)]
 42768 | Vaults:5 | 42768 ||| READING 12 scrolls of teleportation.
 42769 | Vaults:5 | 42769 ||| DRINKING 5 potions of heal wounds.
 42966 | Vaults:5 | Identified the +6 great mace of Sharkskin {pain, rPois rF-
                  | rCorr}
 43035 | Vaults:5 | Noticed Frederick
 43036 | Vaults:5 | 43036 ||| Stepping ~*~*~tactically~*~*~ (hiding).
 43037 | Vaults:5 | 43037 ||| INVOKING Heroism.
 43038 | Vaults:5 | 43038 ||| INVOKING Finesse.
 43044 | Vaults:5 | Killed Frederick
 43044 | Vaults:5 | Identified the -1 pair of boots of Okawaru's Fury {Dex+2}
                  | (Okawaru gifted it to you on level 5 of the Vaults)
 43044 | Vaults:5 | Received a gift from Okawaru
 43157 | Vaults:5 | 43157 ||| READING scroll of acquirement.
 43157 | Vaults:5 | 43157 ||| ACQUIRING 424 gold pieces
 43157 | Vaults:5 | Acquired 424 gold pieces
 43183 | Vaults:5 | Identified the staff "Vuehank" {rPois rCorr Int+4 Poison}
 43190 | Vaults:5 | Identified the +1 halberd of Forgiveness {pain, rElec rF++
                  | rCorr Stlth-}
 43197 | Vaults:5 | Identified the staff "Etzim" {rC+ SInv Ice}
 43204 | Vaults:5 | Identified the +2 morningstar "Beastslayer" {flame, rElec
                  | Will+ SInv}
 43494 | Vaults:5 | 43494 ||| Stepping ~*~*~tactically~*~*~ (hiding).
 43495 | Vaults:5 | 43495 ||| Stepping ~*~*~tactically~*~*~ (hiding).
 43499 | Vaults:5 | 43499 ||| INVOKING Heroism.
 43780 | Vaults:5 | 43780 ||| INVOKING Heroism.
 43809 | Vaults:5 | Got a silver rune of Zot
 43960 | Vaults:5 | 43960 ||| PLANNING SHOPPING SPREE
 43960 | Vaults:5 | 43960 ||| DROPPING -1 pair of boots of Okawaru's Fury
                  | {Dex+2}.
 43961 | Vaults:5 | 43961 ||| DROPPING +0 fire dragon scales.
 43962 | Vaults:5 | 43962 ||| DROPPING scarf of repulsion.
 43963 | Vaults:5 | 43963 ||| DROPPING +1 plate armour of cold resistance.
 44238 | D:10     | 44238 ||| BUYING potion of heal wounds (65 gold).
 44238 | D:10     | Bought a potion of heal wounds for 65 gold pieces
 44238 | D:10     | 44238 ||| BUYING potion of mutation (104 gold).
 44238 | D:10     | Bought a potion of mutation for 104 gold pieces
 44608 | D:9      | 44608 ||| BUYING glowing scarf (248 gold).
 44608 | D:9      | Bought a glowing scarf for 248 gold pieces
 44608 | D:9      | 44608 ||| BUYING pair of embroidered boots (232 gold).
 44608 | D:9      | Bought a pair of embroidered boots for 232 gold pieces
 44608 | D:9      | 44608 ||| DROPPING scarf of invisibility.
 44609 | D:9      | 44609 ||| DROPPING +1 pair of boots.
 44610 | D:9      | 44610 ||| PLANNING ZOT:1-4
 44838 | Zot:1    | Entered Level 1 of the Realm of Zot
 44851 | Zot:1    | Identified the +1 robe "Letysh" {Will+}
 45018 | Zot:1    | 45018 ||| INVOKING Heroism.
 45031 | Zot:1    | Reached skill level 12 in Throwing
 45124 | Zot:1    | 45124 ||| INVOKING Heroism.
 45151 | Zot:1    | Noticed a curse toe
 45155 | Zot:1    | Killed a curse toe
 45196 | Zot:1    | 45196 ||| INVOKING Heroism.
 45230 | Zot:1    | 45230 ||| Stepping ~*~*~tactically~*~*~ (hiding).
 45278 | Zot:1    | 45278 ||| Stepping ~*~*~tactically~*~*~ (hiding).
 45437 | Zot:1    | Reached skill level 24 in Fighting
 45462 | Zot:1    | Received a gift from Okawaru
 45467 | Zot:1    | 45467 ||| Stepping ~*~*~tactically~*~*~ (hiding).
 45468 | Zot:1    | 45468 ||| Stepping ~*~*~tactically~*~*~ (hiding).
 45487 | Zot:1    | Identified the +9 quarterstaff of Balance {freeze, +Blink}
 45523 | Zot:1    | 45523 ||| INVOKING Heroism.
 45643 | Zot:1    | 45643 ||| INVOKING Heroism.
 45686 | Zot:1    | 45686 ||| INVOKING Heroism.
 46199 | Zot:2    | 46199 ||| INVOKING Heroism.
 46245 | Zot:2    | 46245 ||| Stepping ~*~*~tactically~*~*~ (stealth).
 46262 | Zot:2    | Received a gift from Okawaru
 46282 | Zot:2    | Found Josuzyd's CLEARANCE SALE!.
 46289 | Zot:2    | 46289 ||| BUYING scroll of teleportation (12 gold).
 46289 | Zot:2    | Bought a scroll of teleportation for 12 gold pieces
 46428 | Zot:2    | Noticed an orb of fire
 46429 | Zot:2    | 46429 ||| Stepping ~*~*~tactically~*~*~ (hiding).
 46431 | Zot:2    | 46431 ||| INVOKING Heroism.
 46432 | Zot:2    | 46432 ||| INVOKING Finesse.
 46442 | Zot:2    | Gained mutation: You occasionally shout uncontrollably at
                  | your foes. [an orb of fire]
 46443 | Zot:2    | Killed an orb of fire
 47127 | Zot:2    | 47127 ||| INVOKING Heroism.
 47141 | Zot:2    | Received a gift from Okawaru
 47146 | Zot:2    | Reached XP level 25. HP: 178/178 MP: 30/30
 47146 | Zot:2    | 47146 ||| Stepping ~*~*~tactically~*~*~ (cloud).
 47157 | Zot:2    | 47157 ||| Stepping ~*~*~tactically~*~*~ (stealth).
 47166 | Zot:2    | Identified the +0 pair of gloves of the Skies Above {Dex+3
                  | Slay+3 Stlth-} (Okawaru gifted it to you on level 2 of the
                  | Realm of Zot)
 47166 | Zot:2    | Received a gift from Okawaru
 47169 | Zot:2    | 47169 ||| Stepping ~*~*~tactically~*~*~ (hiding).
 47170 | Zot:2    | 47170 ||| INVOKING Heroism.
 47174 | Zot:2    | Reached skill level 6 in Dodging
 47230 | Zot:2    | Identified the ring of Joucol {rPois rC+ Str+4 Int+3
                  | Stlth+}
 47232 | Zot:2    | Identified the +0 leather armour of Vehumet's Esteem
                  | {Int+3}
 47341 | Zot:2    | 47341 ||| DROPPING +1 pair of gloves of the Flute {Dex+3}.
 47342 | Zot:2    | 47342 ||| DROPPING ring of protection from cold.
 47402 | Zot:3    | 47402 ||| INVOKING Heroism.
 47441 | Zot:3    | 47441 ||| Stepping ~*~*~tactically~*~*~ (hiding).
 47442 | Zot:3    | 47442 ||| Stepping ~*~*~tactically~*~*~ (hiding).
 47444 | Zot:3    | 47444 ||| INVOKING Heroism.
 47453 | Zot:3    | 47453 ||| Stepping ~*~*~tactically~*~*~ (hiding).
 47522 | Zot:3    | 47522 ||| INVOKING Heroism.
 47635 | Zot:3    | 47635 ||| Stepping ~*~*~tactically~*~*~ (hiding).
 47673 | Zot:3    | Found a transporter.
 47677 | Zot:3    | Found a transporter.
 47768 | Zot:3    | Found a transporter.
 48003 | Zot:3    | 48003 ||| INVOKING Heroism.
 48373 | Zot:3    | Found a transporter.
 48455 | Zot:4    | 48455 ||| INVOKING Heroism.
 48480 | Zot:4    | 48480 ||| Stepping ~*~*~tactically~*~*~ (hiding).
 48483 | Zot:4    | 48483 ||| Stepping ~*~*~tactically~*~*~ (hiding).
 48534 | Zot:4    | 48534 ||| Stepping ~*~*~tactically~*~*~ (hiding).
 48564 | Zot:4    | 48564 ||| INVOKING Heroism.
 48565 | Zot:4    | Found a transporter.
 48841 | Zot:4    | Found a transporter.
 48995 | Zot:4    | 48995 ||| INVOKING Heroism.
 48998 | Zot:4    | 48998 ||| Stepping ~*~*~tactically~*~*~ (hiding).
 48999 | Zot:4    | 48999 ||| Stepping ~*~*~tactically~*~*~ (hiding).
 49603 | Zot:4    | 49603 ||| PLANNING SLIME:5
 49603 | Zot:4    | 49603 ||| UPGRADING to +0 cloak "Nythrol" {rC+ Str+3 SInv}.
 49686 | Zot:3    | 49686 ||| Stepping ~*~*~tactically~*~*~ (stealth).
 50115 | Slime:1  | Entered Level 1 of the Pits of Slime
 50125 | Slime:1  | Paralysed by a great orb of eyes for 4 turns
 50181 | Slime:3  | Gained mutation: Potions are less effective at restoring
                  | your health. [a shining eye]
 50186 | Slime:3  | Gained mutation: You sometimes lose your temper in combat.
                  | [a shining eye]
 50197 | Slime:3  | 50197 ||| STAIRDANCE
 50299 | Slime:2  | 50299 ||| DRINKING 5 potions of mutation.
 50299 | Slime:2  | Lost mutation: Your natural rate of healing is unusually
                  | fast. [potion of mutation]
 50299 | Slime:2  | Lost mutation: You are partially covered in iridescent
                  | scales. (AC +2) [potion of mutation]
 50299 | Slime:2  | Gained mutation: Your spells are a little harder to cast,
                  | but a little more powerful. [potion of mutation]
 50299 | Slime:2  | Gained mutation: You are partially covered in iridescent
                  | scales. (AC +2) [potion of mutation]
 50300 | Slime:2  | 50300 ||| DRINKING 4 potions of mutation.
 50300 | Slime:2  | Lost mutation: You occasionally shout uncontrollably at
                  | your foes. [potion of mutation]
 50300 | Slime:2  | Lost mutation: Potions are less effective at restoring your
                  | health. [potion of mutation]
 50300 | Slime:2  | Gained mutation: You are partially covered in large bone
                  | plates. (SH +4) [potion of mutation]
 50300 | Slime:2  | Gained mutation: Your spells are harder to cast, but more
                  | powerful. [potion of mutation]
 50301 | Slime:2  | 50301 ||| DRINKING 3 potions of mutation.
 50301 | Slime:2  | Lost mutation: You are partially covered in iridescent
                  | scales. (AC +2) [potion of mutation]
 50301 | Slime:2  | Lost mutation: You sometimes lose your temper in combat.
                  | [potion of mutation]
 50301 | Slime:2  | Lost mutation: You expend magic power (3 MP) to strengthen
                  | your wands. [potion of mutation]
 50301 | Slime:2  | Gained mutation: Your body sometimes deteriorates upon
                  | taking damage. [potion of mutation]
 50309 | Slime:3  | Received a gift from Okawaru
 50320 | Slime:4  | 50320 ||| STAIRDANCE
 50360 | Slime:5  | Entered Level 5 of the Pits of Slime
 50387 | Slime:5  | 50387 ||| INVOKING Heroism.
 50507 | Slime:5  | Noticed the Royal Jelly
 50508 | Slime:5  | 50508 ||| INVOKING Heroism.
 50523 | Slime:5  | Killed the Royal Jelly
 50524 | Slime:5  | 50524 ||| DRINKING 7 potions of cancellation.
 50533 | Slime:5  | HP: 45/184 [acid[the Royal Jelly] (2)]
 50534 | Slime:5  | 50534 ||| READING 15 scrolls of teleportation.
 50534 | Slime:5  | HP: 21/184 [acid[the Royal Jelly] (4)]
 50535 | Slime:5  | 50535 ||| DRINKING 6 potions of heal wounds.
 50536 | Slime:5  | 50536 ||| DRINKING 5 potions of heal wounds.
 50673 | Slime:5  | Gained mutation: You occasionally lose the ability to read
                  | scrolls when taking damage. [a shining eye]
 50677 | Slime:5  | Gained mutation: You are strong-willed. (Will+) [a shining
                  | eye]
 50681 | Slime:5  | 50681 ||| DRINKING 2 potions of mutation.
 50681 | Slime:5  | Lost mutation: Your body sometimes deteriorates upon taking
                  | damage. [potion of mutation]
 50681 | Slime:5  | Lost mutation: You are partially covered in large bone
                  | plates. (SH +4) [potion of mutation]
 50681 | Slime:5  | Gained mutation: Your muscles are strong. (Str +4, Int/Dex
                  | -1) [potion of mutation]
 50682 | Slime:5  | 50682 ||| DRINKING potion of mutation.
 50682 | Slime:5  | Lost mutation: You occasionally lose the ability to read
                  | scrolls when taking damage. [potion of mutation]
 50682 | Slime:5  | Lost mutation: Your spells are harder to cast, but more
                  | powerful. [potion of mutation]
 50682 | Slime:5  | Lost mutation: You are strong-willed. (Will+) [potion of
                  | mutation]
 50682 | Slime:5  | Gained mutation: You have a pair of small horns on your
                  | head. [potion of mutation]
 50682 | Slime:5  | Gained mutation: Your body sometimes deteriorates upon
                  | taking damage. [potion of mutation]
 50690 | Slime:5  | Got a slimy rune of Zot
 50702 | Slime:5  | Identified the +6 scale mail "Jaddoe" {rN+ Dex+3 SInv}
 50720 | Slime:5  | Identified the +8 flail of Cataclysm {flame, rC++}
 50748 | Slime:5  | Identified the +2 leather armour of Jaikh {Drain rPois
                  | Dex+2}
 50754 | Slime:5  | Identified the +6 hand axe of Punishment {flame, rC+ Str-5
                  | Int+4 SInv}
 50901 | Slime:5  | Identified the +0 pair of gloves "Caytehec" {Str+3}
                  | (Okawaru gifted it to you on level 5 of the Pits of Slime)
 50901 | Slime:5  | Received a gift from Okawaru
 51207 | Slime:5  | 51207 ||| PLANNING THE SHINING ONE WORSHIP
 51207 | Slime:5  | 51207 ||| DROPPING +0 helmet of Impish Contentment {Regen+
                  | SInv}.
 51208 | Slime:5  | 51208 ||| DROPPING +2 plate armour of cold resistance.
 51209 | Slime:5  | 51209 ||| DROPPING +0 acid dragon scales.
 51210 | Slime:5  | 51210 ||| DROPPING +2 ice dragon scales.
 51211 | Slime:5  | 51211 ||| DROPPING +0 pair of gloves "Caytehec" {Str+3}.
 51212 | Slime:5  | 51212 ||| DROPPING amulet of the acrobat.
 51213 | Slime:5  | 51213 ||| DROPPING ring of resist corrosion.
 51214 | Slime:5  | 51214 ||| DROPPING ring of fire.
 51215 | Slime:5  | 51215 ||| DROPPING ring of resist corrosion.
 51457 | D:3      | Fell from the grace of Okawaru
 51457 | D:3      | Became a worshipper of the Shining One
 51458 | D:3      | 51458 ||| PLANNING CRYPT
 51687 | Crypt:1  | Entered Level 1 of the Crypt
 51696 | Crypt:1  | You are sucked into a shaft and drop 1 floor!
 51740 | Crypt:2  | Reached * piety under the Shining One
 51744 | Crypt:2  | 51744 ||| Stepping ~*~*~tactically~*~*~ (hiding).
 51755 | Crypt:2  | Reached ** piety under the Shining One
 51780 | Crypt:2  | 51780 ||| UPGRADING to scarf of the Elven Halls {shadows,
                  | Str+4 Slay+3}.
 51790 | Crypt:2  | 51790 ||| DROPPING ring "Vuekone" {rN+ Int+4 Slay+3 SInv
                  | Stlth-}.
 51811 | Crypt:1  | Found a runed translucent gate.
 51811 | Crypt:1  | Found a runed translucent gate.
 51811 | Crypt:1  | Found a runed translucent gate.
 51812 | Crypt:1  | Reached *** piety under the Shining One
 51993 | Crypt:1  | 51993 ||| Stepping ~*~*~tactically~*~*~ (stealth).
 51993 | Crypt:1  | Noticed Xtahua
 51993 | Crypt:1  | Reached **** piety under the Shining One
 52036 | Crypt:1  | Paralysed by a vampire knight for 3 turns
 52133 | Crypt:1  | 52133 ||| Stepping ~*~*~tactically~*~*~ (stealth).
 52211 | Crypt:1  | Found a radiant altar of Vehumet.
 52214 | Crypt:1  | Found a transporter.
 52362 | Crypt:1  | Reached ***** piety under the Shining One
 52395 | Crypt:1  | 52395 ||| DRINKING potion of experience.
 52395 | Crypt:1  | Reached skill level 12 in Invocations
 52395 | Crypt:1  | Reached XP level 26. HP: 190/190 MP: 32/32
 52710 | Crypt:1  | Noticed a dread lich
 53178 | Crypt:2  | Reached XP level 27. HP: 196/196 MP: 32/32
 53187 | Crypt:2  | 53187 ||| Stepping ~*~*~tactically~*~*~ (hiding).
 53328 | Crypt:2  | 53328 ||| INVOKING Summon Divine Warrior.
 53330 | Crypt:2  | 53330 ||| INVOKING Cleansing Flame.
 53369 | Crypt:2  | Noticed Margery
 53380 | Crypt:2  | Killed Margery
 53435 | Crypt:2  | Noticed Donald
 53436 | Crypt:2  | Reached ****** piety under the Shining One
 53448 | Crypt:2  | Killed Donald
 53459 | Crypt:2  | 53459 ||| INVOKING Brand Weapon With Holy Wrath.
 53459 | Crypt:2  | Identified a +5 broad axe of holy wrath (a +3 broad axe of
                  | flaming blessed by the Shining One)
 53459 | Crypt:2  | Received a gift from the Shining One
 53460 | Crypt:2  | 53460 ||| SWAPPING to +5 broad axe of holy wrath.
 53461 | Crypt:2  | 53461 ||| READING 3 scrolls of enchant weapon.
 53461 | Crypt:2  | 53461 ||| ENCHANTING +5 broad axe of holy wrath.
 53462 | Crypt:2  | 53462 ||| READING 2 scrolls of enchant weapon.
 53462 | Crypt:2  | 53462 ||| ENCHANTING +6 broad axe of holy wrath.
 53463 | Crypt:2  | 53463 ||| READING scroll of enchant weapon.
 53463 | Crypt:2  | 53463 ||| ENCHANTING +7 broad axe of holy wrath.
 53491 | Crypt:2  | 53491 ||| Stepping ~*~*~tactically~*~*~ (hiding).
 53609 | Crypt:2  | Noticed Mennas
 53610 | Crypt:2  | 53610 ||| Stepping ~*~*~tactically~*~*~ (stealth).
 53611 | Crypt:2  | 53611 ||| INVOKING Summon Divine Warrior.
 53639 | Crypt:2  | Killed Mennas
 53762 | Crypt:2  | 53762 ||| FLEEEEING.
 53763 | Crypt:2  | 53763 ||| FLEEEEING.
 53764 | Crypt:2  | 53764 ||| FLEEEEING.
 53765 | Crypt:2  | 53765 ||| FLEEEEING.
 53768 | Crypt:2  | 53768 ||| FLEEEEING.
 53769 | Crypt:2  | 53769 ||| FLEEEEING.
 53770 | Crypt:2  | 53770 ||| FLEEEEING.
 53771 | Crypt:2  | 53771 ||| FLEEEEING.
 53772 | Crypt:2  | 53772 ||| FLEEEEING.
 53773 | Crypt:2  | 53773 ||| FLEEEEING.
 53774 | Crypt:2  | 53774 ||| FLEEEEING.
 53775 | Crypt:2  | 53775 ||| FLEEEEING.
 53776 | Crypt:2  | 53776 ||| FLEEEEING.
 53777 | Crypt:2  | 53777 ||| FLEEEEING.
 53778 | Crypt:2  | 53778 ||| FLEEEEING.
 53779 | Crypt:2  | 53779 ||| FLEEEEING.
 53780 | Crypt:2  | 53780 ||| FLEEEEING.
 53781 | Crypt:2  | 53781 ||| FLEEEEING.
 53782 | Crypt:2  | 53782 ||| FLEEEEING.
 53783 | Crypt:2  | 53783 ||| FLEEEEING.
 53784 | Crypt:2  | 53784 ||| FLEEEEING.
 53785 | Crypt:2  | 53785 ||| FLEEEEING.
 53786 | Crypt:2  | 53786 ||| FLEEEEING.
 53787 | Crypt:2  | 53787 ||| FLEEEEING.
 53788 | Crypt:2  | 53788 ||| FLEEEEING.
 53789 | Crypt:2  | 53789 ||| FLEEEEING.
 53790 | Crypt:2  | 53790 ||| FLEEEEING.
 53791 | Crypt:2  | 53791 ||| FLEEEEING.
 53793 | Crypt:2  | 53793 ||| STAIRDANCE
 53944 | Crypt:2  | Identified the +6 scale mail "Istehoal" {rF+ rN+}
 54041 | Crypt:2  | 54041 ||| Stepping ~*~*~tactically~*~*~ (cloud).
 54482 | Crypt:3  | Entered Level 3 of the Crypt
 54549 | Crypt:3  | Reached skill level 15 in Invocations
 54641 | Crypt:3  | 54641 ||| SWAPPING to +11 broad axe of Febbuif {flame,
                  | Str+3}.
 54647 | Crypt:3  | 54647 ||| SWAPPING to +8 broad axe of holy wrath.
 54893 | Crypt:3  | 54893 ||| Stepping ~*~*~tactically~*~*~ (stealth).
 54987 | Crypt:3  | Found a staircase to the Tomb.
 55038 | Crypt:3  | 55038 ||| FLEEEEING.
 55039 | Crypt:3  | 55039 ||| FLEEEEING.
 55040 | Crypt:3  | 55040 ||| FLEEEEING.
 55041 | Crypt:3  | 55041 ||| FLEEEEING.
 55042 | Crypt:3  | 55042 ||| STAIRDANCE
 55220 | Crypt:3  | 55220 ||| Stepping ~*~*~tactically~*~*~ (hiding).
 55371 | Crypt:3  | Identified the staff "Qicleowimaent" {Contam rElec rC+
                  | Int+3 Earth}
 55544 | Crypt:3  | Noticed a dread lich
 55545 | Crypt:3  | 55545 ||| INVOKING Summon Divine Warrior.
 55549 | Crypt:3  | 55549 ||| DRINKING 7 potions of resistance.
 55555 | Crypt:3  | 55555 ||| INVOKING Summon Divine Warrior.
 55561 | Crypt:3  | Killed a dread lich
 55822 | Crypt:3  | 55822 ||| Stepping ~*~*~tactically~*~*~ (hiding).
 55823 | Crypt:3  | 55823 ||| FLEEEEING.
 55939 | Crypt:3  | 55939 ||| PLANNING TOMB
 56147 | Tomb:1   | Entered Level 1 of the Tomb of the Ancients
 56190 | Tomb:1   | Reached skill level 18 in Invocations
 56226 | Tomb:1   | 56226 ||| INVOKING Cleansing Flame.
 56274 | Tomb:1   | 56274 ||| INVOKING Cleansing Flame.
 56644 | Tomb:1   | 56644 ||| FLEEEEING.
 56645 | Tomb:1   | 56645 ||| FLEEEEING.
 56679 | Tomb:1   | Noticed a royal mummy
 56680 | Tomb:1   | 56680 ||| INVOKING Summon Divine Warrior.
 56687 | Tomb:1   | 56687 ||| INVOKING Cleansing Flame.
 56689 | Tomb:1   | Killed a royal mummy
 56717 | Tomb:1   | Noticed a royal mummy
 56724 | Tomb:1   | Killed a royal mummy
 56742 | Tomb:1   | 56742 ||| INVOKING Cleansing Flame.
 56828 | Tomb:1   | 56828 ||| Stepping ~*~*~tactically~*~*~ (stealth).
 56831 | Tomb:1   | 56831 ||| Stepping ~*~*~tactically~*~*~ (stealth).
 56947 | Tomb:1   | 56947 ||| Stepping ~*~*~tactically~*~*~ (stealth).
 56948 | Tomb:1   | 56948 ||| Stepping ~*~*~tactically~*~*~ (stealth).
 56974 | Tomb:1   | 56974 ||| Stepping ~*~*~tactically~*~*~ (stealth).
 56979 | Tomb:1   | 56979 ||| Stepping ~*~*~tactically~*~*~ (hiding).
 56988 | Tomb:1   | 56988 ||| INVOKING Cleansing Flame.
 56991 | Tomb:1   | 56991 ||| INVOKING Cleansing Flame.
 56992 | Tomb:1   | 56992 ||| INVOKING Summon Divine Warrior.
 56996 | Tomb:1   | 56996 ||| INVOKING Cleansing Flame.
 57004 | Tomb:1   | 57004 ||| INVOKING Cleansing Flame.
 57518 | Tomb:2   | 57518 ||| DRINKING 9 potions of haste.
 57518 | Tomb:2   | Noticed a royal mummy
 57519 | Tomb:2   | 57519 ||| DRINKING 10 potions of attraction.
 57520 | Tomb:2   | 57520 ||| INVOKING Cleansing Flame.
 57521 | Tomb:2   | 57521 ||| INVOKING Cleansing Flame.
 57522 | Tomb:2   | 57522 ||| INVOKING Summon Divine Warrior.
 57525 | Tomb:2   | 57525 ||| INVOKING Cleansing Flame.
 57525 | Tomb:2   | Noticed a royal mummy
 57526 | Tomb:2   | Noticed a royal mummy
 57527 | Tomb:2   | Noticed a royal mummy
 57529 | Tomb:2   | 57529 ||| INVOKING Cleansing Flame.
 57529 | Tomb:2   | Killed a royal mummy
 57531 | Tomb:2   | Killed a royal mummy
 57533 | Tomb:2   | Killed a royal mummy
 57537 | Tomb:2   | Killed a royal mummy
 57566 | Tomb:2   | Reached skill level 21 in Invocations
 57846 | Tomb:2   | 57846 ||| DROPPING scarf of shadows.
 58258 | Tomb:1   | Noticed a royal mummy
 58259 | Tomb:1   | 58259 ||| INVOKING Summon Divine Warrior.
 58261 | Tomb:1   | 58261 ||| INVOKING Cleansing Flame.
 58261 | Tomb:1   | Killed a royal mummy
 58265 | Tomb:1   | Noticed a royal mummy
 58268 | Tomb:1   | 58268 ||| INVOKING Cleansing Flame.
 58269 | Tomb:1   | 58269 ||| INVOKING Cleansing Flame.
 58270 | Tomb:1   | 58270 ||| INVOKING Cleansing Flame.
 58270 | Tomb:1   | Killed a royal mummy
 58271 | Tomb:1   | Noticed a royal mummy
 58273 | Tomb:1   | 58273 ||| INVOKING Cleansing Flame.
 58276 | Tomb:1   | Killed a royal mummy
 58277 | Tomb:1   | Noticed a royal mummy
 58280 | Tomb:1   | Noticed a royal mummy
 58282 | Tomb:1   | Killed a royal mummy
 58283 | Tomb:1   | 58283 ||| INVOKING Cleansing Flame.
 58285 | Tomb:1   | Killed a royal mummy
 58285 | Tomb:1   | Lost intelligence.
 58285 | Tomb:1   | Noticed a royal mummy
 58287 | Tomb:1   | 58287 ||| INVOKING Cleansing Flame.
 58288 | Tomb:1   | 58288 ||| INVOKING Summon Divine Warrior.
 58292 | Tomb:1   | Killed a royal mummy
 58321 | Tomb:1   | Was forgiven by Okawaru
 58435 | Tomb:1   | Noticed a royal mummy
 58460 | Tomb:1   | Noticed a royal mummy
 58461 | Tomb:1   | 58461 ||| INVOKING Summon Divine Warrior.
 58465 | Tomb:1   | 58465 ||| INVOKING Cleansing Flame.
 58466 | Tomb:1   | 58466 ||| INVOKING Cleansing Flame.
 58467 | Tomb:1   | 58467 ||| INVOKING Cleansing Flame.
 58467 | Tomb:1   | Killed a royal mummy
 58469 | Tomb:1   | Noticed a royal mummy
 58473 | Tomb:1   | 58473 ||| INVOKING Summon Divine Warrior.
 58474 | Tomb:1   | Killed a royal mummy
 58502 | Tomb:1   | Noticed a royal mummy
 58506 | Tomb:1   | 58506 ||| INVOKING Cleansing Flame.
 58509 | Tomb:1   | Killed a royal mummy
 58562 | Tomb:1   | Noticed a royal mummy
 58563 | Tomb:1   | 58563 ||| INVOKING Cleansing Flame.
 58564 | Tomb:1   | 58564 ||| INVOKING Cleansing Flame.
 58565 | Tomb:1   | 58565 ||| INVOKING Cleansing Flame.
 58565 | Tomb:1   | Killed a royal mummy
 58605 | Tomb:1   | Noticed a royal mummy
 58605 | Tomb:1   | Noticed a royal mummy
 58606 | Tomb:1   | 58606 ||| INVOKING Cleansing Flame.
 58608 | Tomb:1   | Killed a royal mummy
 58611 | Tomb:1   | Killed a royal mummy
 58646 | Tomb:1   | Noticed a royal mummy
 58647 | Tomb:1   | 58647 ||| INVOKING Cleansing Flame.
 58648 | Tomb:1   | 58648 ||| INVOKING Cleansing Flame.
 58649 | Tomb:1   | 58649 ||| INVOKING Cleansing Flame.
 58649 | Tomb:1   | Killed a royal mummy
 58690 | Tomb:1   | Noticed a royal mummy
 58691 | Tomb:1   | Noticed a royal mummy
 58697 | Tomb:1   | Killed a royal mummy
 58700 | Tomb:1   | Killed a royal mummy
 58723 | Tomb:1   | Noticed a royal mummy
 58726 | Tomb:1   | 58726 ||| INVOKING Cleansing Flame.
 58727 | Tomb:1   | 58727 ||| INVOKING Cleansing Flame.
 58727 | Tomb:1   | Killed a royal mummy
 58731 | Tomb:1   | Noticed a royal mummy
 58737 | Tomb:1   | Killed a royal mummy
 58783 | Tomb:1   | Noticed a royal mummy
 58786 | Tomb:1   | 58786 ||| INVOKING Cleansing Flame.
 58787 | Tomb:1   | 58787 ||| INVOKING Cleansing Flame.
 58788 | Tomb:1   | 58788 ||| INVOKING Cleansing Flame.
 58788 | Tomb:1   | Killed a royal mummy
 59106 | Tomb:2   | 59106 ||| INVOKING Cleansing Flame.
 59126 | Tomb:2   | 59126 ||| INVOKING Cleansing Flame.
 59247 | Tomb:3   | Entered Level 3 of the Tomb of the Ancients
 59248 | Tomb:3   | 59248 ||| DRINKING 8 potions of haste.
 59249 | Tomb:3   | 59249 ||| DRINKING 9 potions of attraction.
 59269 | Tomb:3   | Noticed a royal mummy
 59270 | Tomb:3   | Noticed a royal mummy
 59270 | Tomb:3   | 59270 ||| INVOKING Summon Divine Warrior.
 59276 | Tomb:3   | 59276 ||| INVOKING Cleansing Flame.
 59278 | Tomb:3   | Noticed a royal mummy
 59281 | Tomb:3   | Killed a royal mummy
 59282 | Tomb:3   | Killed a royal mummy
 59283 | Tomb:3   | 59283 ||| INVOKING Cleansing Flame.
 59284 | Tomb:3   | 59284 ||| INVOKING Cleansing Flame.
 59285 | Tomb:3   | 59285 ||| INVOKING Cleansing Flame.
 59286 | Tomb:3   | 59286 ||| INVOKING Cleansing Flame.
 59286 | Tomb:3   | Noticed a royal mummy
 59287 | Tomb:3   | 59287 ||| INVOKING Cleansing Flame.
 59288 | Tomb:3   | Reached skill level 24 in Invocations
 59289 | Tomb:3   | Killed a royal mummy
 59290 | Tomb:3   | 59290 ||| INVOKING Cleansing Flame.
 59291 | Tomb:3   | 59291 ||| INVOKING Cleansing Flame.
 59291 | Tomb:3   | Noticed a royal mummy
 59293 | Tomb:3   | 59293 ||| INVOKING Cleansing Flame.
 59294 | Tomb:3   | Killed a royal mummy
 59297 | Tomb:3   | Noticed a royal mummy
 59299 | Tomb:3   | Killed a royal mummy
 59303 | Tomb:3   | 59303 ||| INVOKING Cleansing Flame.
 59304 | Tomb:3   | 59304 ||| INVOKING Cleansing Flame.
 59306 | Tomb:3   | Killed a royal mummy
 59309 | Tomb:3   | Noticed a royal mummy
 59309 | Tomb:3   | Noticed a royal mummy
 59310 | Tomb:3   | Noticed a royal mummy
 59316 | Tomb:3   | 59316 ||| INVOKING Cleansing Flame.
 59317 | Tomb:3   | 59317 ||| INVOKING Cleansing Flame.
 59318 | Tomb:3   | Killed a royal mummy
 59319 | Tomb:3   | 59319 ||| INVOKING Cleansing Flame.
 59320 | Tomb:3   | 59320 ||| INVOKING Summon Divine Warrior.
 59324 | Tomb:3   | Killed a royal mummy
 59325 | Tomb:3   | Killed a royal mummy
 59480 | Tomb:3   | Found the +3 robe of Clouds {*Thunder rCloud rElec}
 59506 | Tomb:3   | Identified the +2 spear of Dried Tears {heavy, Dex+3}
 59510 | Tomb:3   | Identified the +8 scale mail "Buozy" {+Blink}
 59681 | Tomb:3   | Found the +8 autumn katana {manifold assault}
 59763 | Tomb:3   | Identified the +6 quarterstaff "Lysixt" {holy, *Rage rC+
                  | Str+4 Int+6 Stlth+}
 59814 | Tomb:3   | Identified the +4 ring mail of Catatonia {*Slow Fly Regen+
                  | Dex+3}
 59881 | Tomb:3   | Got a golden rune of Zot
 59883 | Tomb:3   | 59883 ||| PLANNING ABYSS
 59912 | Tomb:3   | 59912 ||| DROPPING 6 potions of lignification.
 59913 | Tomb:3   | 59913 ||| DROPPING 8 potions of attraction.
 60307 | Depths:3 | Voluntarily entered the Abyss.
 60315 | Abyss:1  | Found a corrupted altar of Lugonu.
 60336 | Abyss:2  | Found a corrupted altar of Lugonu.
 60359 | Abyss:2  | 60359 ||| Stepping ~*~*~tactically~*~*~ (hiding).
 60361 | Abyss:2  | 60361 ||| Stepping ~*~*~tactically~*~*~ (hiding).
 60407 | Abyss:2  | 60407 ||| Stepping ~*~*~tactically~*~*~ (stealth).
 60422 | Abyss:2  | Found a corrupted altar of Lugonu.
 60432 | Abyss:2  | 60432 ||| Stepping ~*~*~tactically~*~*~ (hiding).
 60433 | Abyss:2  | 60433 ||| Stepping ~*~*~tactically~*~*~ (stealth).
 60529 | Abyss:2  | 60529 ||| Stepping ~*~*~tactically~*~*~ (stealth).
 60530 | Abyss:2  | 60530 ||| Stepping ~*~*~tactically~*~*~ (stealth).
 60542 | Abyss:2  | 60542 ||| Stepping ~*~*~tactically~*~*~ (hiding).
 60560 | Abyss:2  | 60560 ||| Stepping ~*~*~tactically~*~*~ (stealth).
 60562 | Abyss:2  | 60562 ||| Stepping ~*~*~tactically~*~*~ (stealth).
 60581 | Abyss:2  | 60581 ||| Stepping ~*~*~tactically~*~*~ (hiding).
 60611 | Abyss:2  | 60611 ||| Stepping ~*~*~tactically~*~*~ (stealth).
 60627 | Abyss:2  | 60627 ||| Stepping ~*~*~tactically~*~*~ (stealth).
 60635 | Abyss:2  | 60635 ||| Stepping ~*~*~tactically~*~*~ (hiding).
 60636 | Abyss:2  | 60636 ||| Stepping ~*~*~tactically~*~*~ (hiding).
 60651 | Abyss:2  | 60651 ||| Stepping ~*~*~tactically~*~*~ (stealth).
 60656 | Abyss:2  | 60656 ||| Stepping ~*~*~tactically~*~*~ (stealth).
 60660 | Abyss:2  | 60660 ||| Stepping ~*~*~tactically~*~*~ (stealth).
 60662 | Abyss:2  | 60662 ||| Stepping ~*~*~tactically~*~*~ (hiding).
 60693 | Abyss:2  | 60693 ||| Stepping ~*~*~tactically~*~*~ (hiding).
 60727 | Abyss:2  | 60727 ||| Stepping ~*~*~tactically~*~*~ (stealth).
 60765 | Abyss:2  | 60765 ||| Stepping ~*~*~tactically~*~*~ (stealth).
 60807 | Abyss:2  | 60807 ||| Stepping ~*~*~tactically~*~*~ (stealth).
 60835 | Abyss:2  | 60835 ||| Stepping ~*~*~tactically~*~*~ (stealth).
 60843 | Abyss:2  | 60843 ||| Stepping ~*~*~tactically~*~*~ (hiding).
 60867 | Abyss:2  | 60867 ||| Stepping ~*~*~tactically~*~*~ (stealth).
 60885 | Abyss:2  | 60885 ||| Stepping ~*~*~tactically~*~*~ (stealth).
 60897 | Abyss:2  | 60897 ||| Stepping ~*~*~tactically~*~*~ (stealth).
 60922 | Abyss:2  | 60922 ||| Stepping ~*~*~tactically~*~*~ (hiding).
 60923 | Abyss:2  | 60923 ||| Stepping ~*~*~tactically~*~*~ (hiding).
 60936 | Abyss:2  | 60936 ||| Stepping ~*~*~tactically~*~*~ (stealth).
 60972 | Abyss:2  | 60972 ||| Stepping ~*~*~tactically~*~*~ (hiding).
 60975 | Abyss:2  | 60975 ||| Stepping ~*~*~tactically~*~*~ (hiding).
 61002 | Abyss:2  | 61002 ||| Stepping ~*~*~tactically~*~*~ (hiding).
 61011 | Abyss:2  | 61011 ||| Stepping ~*~*~tactically~*~*~ (hiding).
 61015 | Abyss:2  | 61015 ||| Stepping ~*~*~tactically~*~*~ (stealth).
 61022 | Abyss:2  | 61022 ||| Stepping ~*~*~tactically~*~*~ (stealth).
 61029 | Abyss:2  | 61029 ||| Stepping ~*~*~tactically~*~*~ (stealth).
 61031 | Abyss:2  | 61031 ||| Stepping ~*~*~tactically~*~*~ (hiding).
 61032 | Abyss:2  | 61032 ||| Stepping ~*~*~tactically~*~*~ (stealth).
 61058 | Abyss:2  | 61058 ||| Stepping ~*~*~tactically~*~*~ (stealth).
 61082 | Abyss:2  | 61082 ||| Stepping ~*~*~tactically~*~*~ (stealth).
 61145 | Abyss:2  | 61145 ||| Stepping ~*~*~tactically~*~*~ (stealth).
 61147 | Abyss:2  | 61147 ||| Stepping ~*~*~tactically~*~*~ (stealth).
 61154 | Abyss:2  | 61154 ||| Stepping ~*~*~tactically~*~*~ (stealth).
 61165 | Abyss:2  | 61165 ||| Stepping ~*~*~tactically~*~*~ (stealth).
 61166 | Abyss:2  | 61166 ||| Stepping ~*~*~tactically~*~*~ (stealth).
 61190 | Abyss:2  | 61190 ||| Stepping ~*~*~tactically~*~*~ (stealth).
 61221 | Abyss:2  | 61221 ||| Stepping ~*~*~tactically~*~*~ (stealth).
 61264 | Abyss:2  | 61264 ||| Stepping ~*~*~tactically~*~*~ (hiding).
 61274 | Abyss:2  | 61274 ||| Stepping ~*~*~tactically~*~*~ (hiding).
 61278 | Abyss:2  | 61278 ||| Stepping ~*~*~tactically~*~*~ (hiding).
 61284 | Abyss:2  | 61284 ||| Stepping ~*~*~tactically~*~*~ (hiding).
 61285 | Abyss:2  | 61285 ||| Stepping ~*~*~tactically~*~*~ (hiding).
 61300 | Abyss:2  | 61300 ||| INVOKING Summon Divine Warrior.
 61308 | Abyss:2  | 61308 ||| DRINKING 29 potions of curing.
 61308 | Abyss:2  | 61308 ||| (to cure confusion)
 61451 | Abyss:2  | 61451 ||| Stepping ~*~*~tactically~*~*~ (hiding).
 61453 | Abyss:2  | 61453 ||| Stepping ~*~*~tactically~*~*~ (hiding).
 61455 | Abyss:2  | Gained mutation: You are frail. (-10% HP) [a neqoxec]
 61578 | Abyss:2  | 61578 ||| Stepping ~*~*~tactically~*~*~ (stealth).
 61671 | Abyss:2  | 61671 ||| Stepping ~*~*~tactically~*~*~ (stealth).
 61672 | Abyss:2  | 61672 ||| Stepping ~*~*~tactically~*~*~ (stealth).
 61681 | Abyss:2  | 61681 ||| Stepping ~*~*~tactically~*~*~ (stealth).
 61701 | Abyss:2  | 61701 ||| Stepping ~*~*~tactically~*~*~ (hiding).
 61711 | Abyss:2  | Gained mutation: Your body often deteriorates upon taking
                  | damage. [a cacodemon]
 61712 | Abyss:2  | Lost mutation: Your spells are a little harder to cast, but
                  | a little more powerful. [a cacodemon]
 61718 | Abyss:2  | 61718 ||| Stepping ~*~*~tactically~*~*~ (hiding).
 61719 | Abyss:2  | 61719 ||| Stepping ~*~*~tactically~*~*~ (hiding).
 61729 | Abyss:2  | Found a corrupted altar of Lugonu.
 61768 | Abyss:2  | 61768 ||| Stepping ~*~*~tactically~*~*~ (stealth).
 61782 | Abyss:2  | 61782 ||| Stepping ~*~*~tactically~*~*~ (hiding).
 61783 | Abyss:2  | 61783 ||| Stepping ~*~*~tactically~*~*~ (hiding).
 61856 | Abyss:2  | 61856 ||| Stepping ~*~*~tactically~*~*~ (hiding).
 61867 | Abyss:2  | 61867 ||| Stepping ~*~*~tactically~*~*~ (stealth).
 61868 | Abyss:2  | 61868 ||| Stepping ~*~*~tactically~*~*~ (stealth).
 61942 | Abyss:2  | 61942 ||| Stepping ~*~*~tactically~*~*~ (hiding).
 61943 | Abyss:2  | 61943 ||| Stepping ~*~*~tactically~*~*~ (hiding).
 61961 | Abyss:2  | 61961 ||| Stepping ~*~*~tactically~*~*~ (stealth).
 61969 | Abyss:2  | 61969 ||| Stepping ~*~*~tactically~*~*~ (stealth).
 61976 | Abyss:2  | 61976 ||| Stepping ~*~*~tactically~*~*~ (stealth).
 61998 | Abyss:2  | 61998 ||| Stepping ~*~*~tactically~*~*~ (hiding).
 62004 | Abyss:2  | 62004 ||| Stepping ~*~*~tactically~*~*~ (stealth).
 62007 | Abyss:2  | 62007 ||| Stepping ~*~*~tactically~*~*~ (stealth).
 62009 | Abyss:2  | 62009 ||| Stepping ~*~*~tactically~*~*~ (hiding).
 62070 | Abyss:2  | 62070 ||| Stepping ~*~*~tactically~*~*~ (stealth).
 62185 | Abyss:2  | 62185 ||| Stepping ~*~*~tactically~*~*~ (stealth).
 62210 | Abyss:2  | 62210 ||| Stepping ~*~*~tactically~*~*~ (stealth).
 62211 | Abyss:2  | 62211 ||| Stepping ~*~*~tactically~*~*~ (stealth).
 62212 | Abyss:2  | 62212 ||| Stepping ~*~*~tactically~*~*~ (stealth).
 62245 | Abyss:2  | 62245 ||| Stepping ~*~*~tactically~*~*~ (hiding).
 62255 | Abyss:2  | Reached skill level 1 in Short Blades
 62258 | Abyss:2  | Found a corrupted altar of Lugonu.
 62264 | Abyss:2  | 62264 ||| Stepping ~*~*~tactically~*~*~ (stealth).
 62266 | Abyss:2  | 62266 ||| Stepping ~*~*~tactically~*~*~ (hiding).
 62387 | Abyss:2  | 62387 ||| Stepping ~*~*~tactically~*~*~ (hiding).
 62477 | Abyss:2  | 62477 ||| Stepping ~*~*~tactically~*~*~ (hiding).
 62486 | Abyss:2  | 62486 ||| Stepping ~*~*~tactically~*~*~ (hiding).
 62516 | Abyss:2  | 62516 ||| Stepping ~*~*~tactically~*~*~ (stealth).
 62523 | Abyss:2  | 62523 ||| Stepping ~*~*~tactically~*~*~ (stealth).
 62610 | Abyss:2  | 62610 ||| Stepping ~*~*~tactically~*~*~ (stealth).
 62615 | Abyss:2  | 62615 ||| Stepping ~*~*~tactically~*~*~ (hiding).
 62634 | Abyss:2  | 62634 ||| Stepping ~*~*~tactically~*~*~ (hiding).
 62635 | Abyss:2  | 62635 ||| Stepping ~*~*~tactically~*~*~ (hiding).
 62648 | Abyss:2  | 62648 ||| Stepping ~*~*~tactically~*~*~ (stealth).
 62649 | Abyss:2  | 62649 ||| Stepping ~*~*~tactically~*~*~ (stealth).
 62673 | Abyss:2  | 62673 ||| Stepping ~*~*~tactically~*~*~ (stealth).
 62696 | Abyss:2  | Paralysed by a great orb of eyes for 3 turns
 62701 | Abyss:2  | Reached skill level 3 in Short Blades
 62741 | Abyss:3  | 62741 ||| Stepping ~*~*~tactically~*~*~ (stealth).
 62767 | Abyss:3  | 62767 ||| Stepping ~*~*~tactically~*~*~ (hiding).
 62823 | Abyss:3  | Reached skill level 27 in Invocations
 62884 | Abyss:3  | 62884 ||| Stepping ~*~*~tactically~*~*~ (stealth).
 62899 | Abyss:3  | Found a corrupted altar of Lugonu.
 62912 | Abyss:3  | 62912 ||| Stepping ~*~*~tactically~*~*~ (stealth).
 62913 | Abyss:3  | 62913 ||| Stepping ~*~*~tactically~*~*~ (stealth).
 62953 | Abyss:3  | 62953 ||| Stepping ~*~*~tactically~*~*~ (stealth).
 63070 | Abyss:3  | Found a corrupted altar of Lugonu.
 63130 | Abyss:3  | 63130 ||| Stepping ~*~*~tactically~*~*~ (hiding).
 63217 | Abyss:3  | 63217 ||| Stepping ~*~*~tactically~*~*~ (stealth).
 63243 | Abyss:3  | 63243 ||| Stepping ~*~*~tactically~*~*~ (hiding).
 63245 | Abyss:3  | 63245 ||| Stepping ~*~*~tactically~*~*~ (hiding).
 63260 | Abyss:3  | 63260 ||| Stepping ~*~*~tactically~*~*~ (hiding).
 63284 | Abyss:3  | 63284 ||| Stepping ~*~*~tactically~*~*~ (stealth).
 63285 | Abyss:3  | Found a corrupted altar of Lugonu.
 63408 | Abyss:3  | 63408 ||| Stepping ~*~*~tactically~*~*~ (stealth).
 63419 | Abyss:3  | 63419 ||| Stepping ~*~*~tactically~*~*~ (hiding).
 63469 | Abyss:3  | 63469 ||| Stepping ~*~*~tactically~*~*~ (hiding).
 63470 | Abyss:3  | 63470 ||| Stepping ~*~*~tactically~*~*~ (hiding).
 63471 | Abyss:3  | 63471 ||| Stepping ~*~*~tactically~*~*~ (hiding).
 63512 | Abyss:3  | 63512 ||| Stepping ~*~*~tactically~*~*~ (hiding).
 63514 | Abyss:3  | 63514 ||| INVOKING Cleansing Flame.
 63515 | Abyss:3  | 63515 ||| Stepping ~*~*~tactically~*~*~ (hiding).
 63516 | Abyss:3  | 63516 ||| Stepping ~*~*~tactically~*~*~ (hiding).
 63543 | Abyss:3  | 63543 ||| Stepping ~*~*~tactically~*~*~ (hiding).
 63557 | Abyss:3  | 63557 ||| INVOKING Cleansing Flame.
 63728 | Abyss:3  | 63728 ||| Stepping ~*~*~tactically~*~*~ (stealth).
 63749 | Abyss:3  | 63749 ||| Stepping ~*~*~tactically~*~*~ (hiding).
 63769 | Abyss:3  | 63769 ||| Stepping ~*~*~tactically~*~*~ (stealth).
 63807 | Abyss:3  | 63807 ||| Stepping ~*~*~tactically~*~*~ (stealth).
 63827 | Abyss:3  | 63827 ||| Stepping ~*~*~tactically~*~*~ (hiding).
 63845 | Abyss:3  | 63845 ||| Stepping ~*~*~tactically~*~*~ (hiding).
 63866 | Abyss:3  | 63866 ||| Stepping ~*~*~tactically~*~*~ (stealth).
 63867 | Abyss:3  | 63867 ||| Stepping ~*~*~tactically~*~*~ (stealth).
 63886 | Abyss:3  | 63886 ||| Stepping ~*~*~tactically~*~*~ (stealth).
 63919 | Abyss:3  | 63919 ||| Stepping ~*~*~tactically~*~*~ (stealth).
 63931 | Abyss:3  | 63931 ||| Stepping ~*~*~tactically~*~*~ (stealth).
 63932 | Abyss:3  | 63932 ||| Stepping ~*~*~tactically~*~*~ (stealth).
 63933 | Abyss:3  | 63933 ||| Stepping ~*~*~tactically~*~*~ (stealth).
 63935 | Abyss:3  | 63935 ||| Stepping ~*~*~tactically~*~*~ (hiding).
 63985 | Abyss:3  | 63985 ||| Stepping ~*~*~tactically~*~*~ (stealth).
 63986 | Abyss:3  | 63986 ||| Stepping ~*~*~tactically~*~*~ (stealth).
 64021 | Abyss:3  | 64021 ||| Stepping ~*~*~tactically~*~*~ (hiding).
 64070 | Abyss:3  | 64070 ||| Stepping ~*~*~tactically~*~*~ (hiding).
 64071 | Abyss:3  | 64071 ||| Stepping ~*~*~tactically~*~*~ (hiding).
 64080 | Abyss:3  | 64080 ||| Stepping ~*~*~tactically~*~*~ (hiding).
 64129 | Abyss:3  | 64129 ||| Stepping ~*~*~tactically~*~*~ (stealth).
 64130 | Abyss:3  | 64130 ||| Stepping ~*~*~tactically~*~*~ (stealth).
 64193 | Abyss:3  | Paralysed by accursed screaming for 1 turns
 64209 | Abyss:3  | 64209 ||| Stepping ~*~*~tactically~*~*~ (stealth).
 64235 | Abyss:3  | 64235 ||| Stepping ~*~*~tactically~*~*~ (stealth).
 64251 | Abyss:3  | 64251 ||| Stepping ~*~*~tactically~*~*~ (stealth).
 64268 | Abyss:3  | 64268 ||| Stepping ~*~*~tactically~*~*~ (stealth).
 64269 | Abyss:3  | 64269 ||| Stepping ~*~*~tactically~*~*~ (stealth).
 64270 | Abyss:3  | 64270 ||| Stepping ~*~*~tactically~*~*~ (stealth).
 64272 | Abyss:3  | 64272 ||| Stepping ~*~*~tactically~*~*~ (hiding).
 64273 | Abyss:3  | 64273 ||| Stepping ~*~*~tactically~*~*~ (hiding).
 64279 | Abyss:3  | 64279 ||| Stepping ~*~*~tactically~*~*~ (hiding).
 64289 | Abyss:3  | Gained mutation: You are occasionally teleported next to
                  | monsters. [a neqoxec]
 64290 | Abyss:3  | 64290 ||| Stepping ~*~*~tactically~*~*~ (hiding).
 64311 | Abyss:3  | 64311 ||| Stepping ~*~*~tactically~*~*~ (stealth).
 64332 | Abyss:3  | 64332 ||| Stepping ~*~*~tactically~*~*~ (hiding).
 64419 | Abyss:3  | 64419 ||| Stepping ~*~*~tactically~*~*~ (stealth).
 64468 | Abyss:3  | 64468 ||| Stepping ~*~*~tactically~*~*~ (stealth).
 64469 | Abyss:3  | Gained mutation: Your magical capacity is low. (-10% MP) [a
                  | neqoxec]
 64470 | Abyss:3  | Gained mutation: You occasionally shout uncontrollably at
                  | your foes. [a neqoxec]
 64624 | Abyss:3  | 64624 ||| Stepping ~*~*~tactically~*~*~ (hiding).
 64669 | Abyss:3  | 64669 ||| Stepping ~*~*~tactically~*~*~ (hiding).
 64838 | Abyss:3  | 64838 ||| Stepping ~*~*~tactically~*~*~ (hiding).
 64839 | Abyss:3  | 64839 ||| Stepping ~*~*~tactically~*~*~ (hiding).
 64840 | Abyss:3  | 64840 ||| Stepping ~*~*~tactically~*~*~ (hiding).
 64866 | Abyss:3  | Gained mutation: You occasionally lose the ability to read
                  | scrolls when taking damage. [a neqoxec]
 64867 | Abyss:3  | Lost mutation: Your muscles are strong. (Str +4, Int/Dex
                  | -1) [a neqoxec]
 64893 | Abyss:3  | Found a transporter.
 64911 | Abyss:3  | 64911 ||| Stepping ~*~*~tactically~*~*~ (hiding).
 64963 | Abyss:3  | 64963 ||| Stepping ~*~*~tactically~*~*~ (stealth).
 64966 | Abyss:3  | 64966 ||| Stepping ~*~*~tactically~*~*~ (stealth).
 65020 | Abyss:3  | 65020 ||| Stepping ~*~*~tactically~*~*~ (stealth).
 65026 | Abyss:3  | 65026 ||| Stepping ~*~*~tactically~*~*~ (stealth).
 65027 | Abyss:3  | 65027 ||| Stepping ~*~*~tactically~*~*~ (stealth).
 65029 | Abyss:3  | 65029 ||| Stepping ~*~*~tactically~*~*~ (stealth).
 65055 | Abyss:3  | 65055 ||| Stepping ~*~*~tactically~*~*~ (hiding).
 65057 | Abyss:3  | 65057 ||| Stepping ~*~*~tactically~*~*~ (hiding).
 65058 | Abyss:3  | 65058 ||| Stepping ~*~*~tactically~*~*~ (hiding).
 65081 | Abyss:3  | 65081 ||| Stepping ~*~*~tactically~*~*~ (stealth).
 65091 | Abyss:3  | 65091 ||| Stepping ~*~*~tactically~*~*~ (hiding).
 65093 | Abyss:3  | 65093 ||| Stepping ~*~*~tactically~*~*~ (hiding).
 65119 | Abyss:3  | Reached skill level 6 in Short Blades
 65152 | Abyss:3  | 65152 ||| Stepping ~*~*~tactically~*~*~ (stealth).
 65182 | Abyss:3  | 65182 ||| Stepping ~*~*~tactically~*~*~ (stealth).
 65185 | Abyss:3  | 65185 ||| Stepping ~*~*~tactically~*~*~ (hiding).
 65186 | Abyss:3  | 65186 ||| Stepping ~*~*~tactically~*~*~ (hiding).
 65209 | Abyss:3  | 65209 ||| Stepping ~*~*~tactically~*~*~ (hiding).
 65218 | Abyss:3  | Reached skill level 27 in Fighting
 65222 | Abyss:3  | 65222 ||| FLEEEEING.
 65223 | Abyss:3  | 65223 ||| FLEEEEING.
 65248 | Abyss:3  | 65248 ||| Stepping ~*~*~tactically~*~*~ (stealth).
 65255 | Abyss:3  | 65255 ||| Stepping ~*~*~tactically~*~*~ (hiding).
 65256 | Abyss:3  | 65256 ||| Stepping ~*~*~tactically~*~*~ (hiding).
 65287 | Abyss:3  | 65287 ||| Stepping ~*~*~tactically~*~*~ (hiding).
 65288 | Abyss:3  | 65288 ||| Stepping ~*~*~tactically~*~*~ (hiding).
 65309 | Abyss:3  | Gained mutation: You are very frail. (-20% HP) [a
                  | cacodemon]
 65312 | Abyss:3  | 65312 ||| Stepping ~*~*~tactically~*~*~ (hiding).
 65357 | Abyss:3  | 65357 ||| Stepping ~*~*~tactically~*~*~ (stealth).
 65358 | Abyss:3  | 65358 ||| Stepping ~*~*~tactically~*~*~ (hiding).
 65366 | Abyss:3  | 65366 ||| Stepping ~*~*~tactically~*~*~ (hiding).
 65367 | Abyss:3  | 65367 ||| Stepping ~*~*~tactically~*~*~ (hiding).
 65381 | Abyss:3  | Found a corrupted altar of Lugonu.
 65386 | Abyss:3  | 65386 ||| Stepping ~*~*~tactically~*~*~ (hiding).
 65387 | Abyss:3  | 65387 ||| Stepping ~*~*~tactically~*~*~ (hiding).
 65395 | Abyss:3  | 65395 ||| Stepping ~*~*~tactically~*~*~ (hiding).
 65424 | Abyss:3  | 65424 ||| Stepping ~*~*~tactically~*~*~ (hiding).
 65434 | Abyss:3  | 65434 ||| Stepping ~*~*~tactically~*~*~ (hiding).
 65484 | Abyss:3  | Found a corrupted altar of Lugonu.
 65494 | Abyss:4  | Found a corrupted altar of Lugonu.
 65520 | Abyss:4  | 65520 ||| Stepping ~*~*~tactically~*~*~ (hiding).
 65526 | Abyss:4  | 65526 ||| Stepping ~*~*~tactically~*~*~ (stealth).
 65533 | Abyss:4  | 65533 ||| Stepping ~*~*~tactically~*~*~ (stealth).
 65547 | Abyss:4  | 65547 ||| Stepping ~*~*~tactically~*~*~ (hiding).
 65554 | Abyss:4  | 65554 ||| Stepping ~*~*~tactically~*~*~ (stealth).
 65558 | Abyss:4  | 65558 ||| Stepping ~*~*~tactically~*~*~ (stealth).
 65560 | Abyss:4  | 65560 ||| Stepping ~*~*~tactically~*~*~ (stealth).
 65561 | Abyss:4  | 65561 ||| Stepping ~*~*~tactically~*~*~ (stealth).
 65568 | Abyss:4  | 65568 ||| Stepping ~*~*~tactically~*~*~ (hiding).
 65569 | Abyss:4  | 65569 ||| Stepping ~*~*~tactically~*~*~ (hiding).
 65581 | Abyss:4  | 65581 ||| Stepping ~*~*~tactically~*~*~ (hiding).
 65595 | Abyss:4  | 65595 ||| Stepping ~*~*~tactically~*~*~ (hiding).
 65603 | Abyss:4  | 65603 ||| Stepping ~*~*~tactically~*~*~ (hiding).
 65643 | Abyss:4  | 65643 ||| Stepping ~*~*~tactically~*~*~ (cloud).
 65644 | Abyss:4  | 65644 ||| Stepping ~*~*~tactically~*~*~ (cloud).
 65645 | Abyss:4  | 65645 ||| Stepping ~*~*~tactically~*~*~ (hiding).
 65744 | Abyss:4  | 65744 ||| Stepping ~*~*~tactically~*~*~ (stealth).
 65758 | Abyss:4  | 65758 ||| FLEEEEING.
 65760 | Abyss:4  | 65760 ||| FLEEEEING.
 65761 | Abyss:4  | 65761 ||| Stepping ~*~*~tactically~*~*~ (stealth).
 65763 | Abyss:4  | 65763 ||| Stepping ~*~*~tactically~*~*~ (hiding).
 65764 | Abyss:4  | 65764 ||| Stepping ~*~*~tactically~*~*~ (hiding).
 65792 | Abyss:4  | 65792 ||| Stepping ~*~*~tactically~*~*~ (hiding).
 65807 | Abyss:4  | 65807 ||| Stepping ~*~*~tactically~*~*~ (stealth).
 65858 | Abyss:4  | 65858 ||| Stepping ~*~*~tactically~*~*~ (stealth).
 65865 | Abyss:4  | 65865 ||| Stepping ~*~*~tactically~*~*~ (stealth).
 65911 | Abyss:4  | Found a corrupted altar of Lugonu.
 65914 | Abyss:4  | 65914 ||| Stepping ~*~*~tactically~*~*~ (hiding).
 65925 | Abyss:4  | 65925 ||| Stepping ~*~*~tactically~*~*~ (hiding).
 66024 | Abyss:4  | 66024 ||| Stepping ~*~*~tactically~*~*~ (stealth).
 66028 | Abyss:4  | 66028 ||| Stepping ~*~*~tactically~*~*~ (hiding).
 66043 | Abyss:4  | 66043 ||| Stepping ~*~*~tactically~*~*~ (hiding).
 66075 | Abyss:4  | 66075 ||| Stepping ~*~*~tactically~*~*~ (stealth).
 66079 | Abyss:4  | 66079 ||| Stepping ~*~*~tactically~*~*~ (stealth).
 66093 | Abyss:4  | 66093 ||| Stepping ~*~*~tactically~*~*~ (hiding).
 66135 | Abyss:4  | 66135 ||| Stepping ~*~*~tactically~*~*~ (hiding).
 66217 | Abyss:4  | 66217 ||| Stepping ~*~*~tactically~*~*~ (stealth).
 66230 | Abyss:4  | Reached skill level 24 in Armour
 66239 | Abyss:4  | 66239 ||| Stepping ~*~*~tactically~*~*~ (stealth).
 66240 | Abyss:4  | 66240 ||| Stepping ~*~*~tactically~*~*~ (stealth).
 66241 | Abyss:4  | 66241 ||| Stepping ~*~*~tactically~*~*~ (stealth).
 66242 | Abyss:4  | 66242 ||| Stepping ~*~*~tactically~*~*~ (stealth).
 66243 | Abyss:4  | 66243 ||| Stepping ~*~*~tactically~*~*~ (stealth).
 66246 | Abyss:4  | 66246 ||| Stepping ~*~*~tactically~*~*~ (stealth).
 66272 | Abyss:4  | 66272 ||| Stepping ~*~*~tactically~*~*~ (stealth).
 66274 | Abyss:4  | 66274 ||| Stepping ~*~*~tactically~*~*~ (hiding).
 66280 | Abyss:4  | 66280 ||| Stepping ~*~*~tactically~*~*~ (hiding).
 66292 | Abyss:4  | 66292 ||| Stepping ~*~*~tactically~*~*~ (stealth).
 66331 | Abyss:4  | 66331 ||| Stepping ~*~*~tactically~*~*~ (stealth).
 66429 | Abyss:4  | 66429 ||| Stepping ~*~*~tactically~*~*~ (stealth).
 66430 | Abyss:4  | 66430 ||| Stepping ~*~*~tactically~*~*~ (stealth).
 66470 | Abyss:4  | 66470 ||| Stepping ~*~*~tactically~*~*~ (stealth).
 66495 | Abyss:4  | 66495 ||| Stepping ~*~*~tactically~*~*~ (stealth).
 66566 | Abyss:4  | 66566 ||| Stepping ~*~*~tactically~*~*~ (stealth).
 66576 | Abyss:4  | 66576 ||| Stepping ~*~*~tactically~*~*~ (stealth).
 66613 | Abyss:4  | 66613 ||| Stepping ~*~*~tactically~*~*~ (stealth).
 66614 | Abyss:4  | 66614 ||| Stepping ~*~*~tactically~*~*~ (stealth).
 66671 | Abyss:4  | 66671 ||| Stepping ~*~*~tactically~*~*~ (hiding).
 66682 | Abyss:4  | Gained mutation: Armour fits poorly on your strangely
                  | shaped body. [a shining eye]
 66684 | Abyss:4  | Gained mutation: Your magical capacity is very low. (-20%
                  | MP) [a shining eye]
 66700 | Abyss:4  | 66700 ||| Stepping ~*~*~tactically~*~*~ (stealth).
 66711 | Abyss:4  | 66711 ||| Stepping ~*~*~tactically~*~*~ (hiding).
 66720 | Abyss:4  | 66720 ||| INVOKING Summon Divine Warrior.
 66893 | Abyss:4  | 66893 ||| INVOKING Cleansing Flame.
 67047 | Abyss:4  | 67047 ||| UPGRADING to ring of Joucol {rPois rC+ Str+4
                  | Int+3 Stlth+}.
 67175 | Abyss:4  | Paralysed by accursed screaming for 1 turns
 67198 | Abyss:4  | Paralysed by accursed screaming for 1 turns
 67219 | Abyss:4  | 67219 ||| Stepping ~*~*~tactically~*~*~ (stealth).
 67242 | Abyss:4  | 67242 ||| Stepping ~*~*~tactically~*~*~ (cloud).
 67275 | Abyss:4  | 67275 ||| Stepping ~*~*~tactically~*~*~ (hiding).
 67340 | Abyss:4  | 67340 ||| Stepping ~*~*~tactically~*~*~ (hiding).
 67386 | Abyss:4  | 67386 ||| UPGRADING to +5 ring of evasion.
 67493 | Abyss:4  | 67493 ||| Stepping ~*~*~tactically~*~*~ (stealth).
 67494 | Abyss:4  | 67494 ||| Stepping ~*~*~tactically~*~*~ (stealth).
 67495 | Abyss:4  | 67495 ||| Stepping ~*~*~tactically~*~*~ (stealth).
 67496 | Abyss:4  | 67496 ||| Stepping ~*~*~tactically~*~*~ (stealth).
 67526 | Abyss:4  | 67526 ||| INVOKING Summon Divine Warrior.
 67526 | Abyss:4  | Identified the +1 tower shield "Pank" {-Cast *Corrode rN+++
                  | Dex+5}
 67569 | Abyss:4  | 67569 ||| DRINKING 28 potions of curing.
 67569 | Abyss:4  | 67569 ||| (to cure confusion)
 67886 | Abyss:4  | 67886 ||| Stepping ~*~*~tactically~*~*~ (stealth).
 67901 | Abyss:4  | 67901 ||| Stepping ~*~*~tactically~*~*~ (stealth).
 67902 | Abyss:4  | 67902 ||| Stepping ~*~*~tactically~*~*~ (stealth).
 67904 | Abyss:4  | 67904 ||| Stepping ~*~*~tactically~*~*~ (stealth).
 67905 | Abyss:4  | 67905 ||| Stepping ~*~*~tactically~*~*~ (stealth).
 67915 | Abyss:4  | 67915 ||| Stepping ~*~*~tactically~*~*~ (hiding).
 67926 | Abyss:4  | 67926 ||| Stepping ~*~*~tactically~*~*~ (hiding).
 67928 | Abyss:4  | 67928 ||| Stepping ~*~*~tactically~*~*~ (hiding).
 67929 | Abyss:4  | 67929 ||| Stepping ~*~*~tactically~*~*~ (hiding).
 67930 | Abyss:4  | 67930 ||| Stepping ~*~*~tactically~*~*~ (hiding).
 67968 | Abyss:4  | 67968 ||| Stepping ~*~*~tactically~*~*~ (stealth).
 67995 | Abyss:4  | 67995 ||| Stepping ~*~*~tactically~*~*~ (hiding).
 68005 | Abyss:4  | 68005 ||| Stepping ~*~*~tactically~*~*~ (stealth).
 68039 | Abyss:4  | 68039 ||| Stepping ~*~*~tactically~*~*~ (stealth).
 68041 | Abyss:4  | 68041 ||| Stepping ~*~*~tactically~*~*~ (stealth).
 68084 | Abyss:4  | 68084 ||| Stepping ~*~*~tactically~*~*~ (hiding).
 68086 | Abyss:4  | 68086 ||| Stepping ~*~*~tactically~*~*~ (hiding).
 68091 | Abyss:4  | 68091 ||| Stepping ~*~*~tactically~*~*~ (hiding).
 68105 | Abyss:4  | 68105 ||| Stepping ~*~*~tactically~*~*~ (hiding).
 68106 | Abyss:4  | 68106 ||| Stepping ~*~*~tactically~*~*~ (hiding).
 68132 | Abyss:4  | 68132 ||| Stepping ~*~*~tactically~*~*~ (stealth).
 68141 | Abyss:4  | 68141 ||| Stepping ~*~*~tactically~*~*~ (hiding).
 68160 | Abyss:4  | 68160 ||| Stepping ~*~*~tactically~*~*~ (stealth).
 68161 | Abyss:4  | 68161 ||| Stepping ~*~*~tactically~*~*~ (stealth).
 68171 | Abyss:4  | 68171 ||| Stepping ~*~*~tactically~*~*~ (stealth).
 68173 | Abyss:4  | 68173 ||| Stepping ~*~*~tactically~*~*~ (stealth).
 68177 | Abyss:4  | 68177 ||| Stepping ~*~*~tactically~*~*~ (stealth).
 68192 | Abyss:4  | 68192 ||| Stepping ~*~*~tactically~*~*~ (stealth).
 68193 | Abyss:4  | 68193 ||| Stepping ~*~*~tactically~*~*~ (stealth).
 68205 | Abyss:4  | 68205 ||| Stepping ~*~*~tactically~*~*~ (stealth).
 68206 | Abyss:4  | 68206 ||| Stepping ~*~*~tactically~*~*~ (stealth).
 68230 | Abyss:4  | 68230 ||| Stepping ~*~*~tactically~*~*~ (stealth).
 68231 | Abyss:4  | 68231 ||| Stepping ~*~*~tactically~*~*~ (stealth).
 68236 | Abyss:4  | 68236 ||| Stepping ~*~*~tactically~*~*~ (stealth).
 68237 | Abyss:4  | 68237 ||| Stepping ~*~*~tactically~*~*~ (stealth).
 68240 | Abyss:4  | 68240 ||| Stepping ~*~*~tactically~*~*~ (stealth).
 68243 | Abyss:4  | 68243 ||| Stepping ~*~*~tactically~*~*~ (stealth).
 68244 | Abyss:4  | 68244 ||| Stepping ~*~*~tactically~*~*~ (stealth).
 68250 | Abyss:4  | 68250 ||| Stepping ~*~*~tactically~*~*~ (stealth).
 68254 | Abyss:4  | 68254 ||| Stepping ~*~*~tactically~*~*~ (stealth).
 68255 | Abyss:4  | 68255 ||| Stepping ~*~*~tactically~*~*~ (stealth).
 68256 | Abyss:4  | 68256 ||| Stepping ~*~*~tactically~*~*~ (stealth).
 68269 | Abyss:4  | 68269 ||| Stepping ~*~*~tactically~*~*~ (hiding).
 68275 | Abyss:4  | Gained mutation: You are clumsy. (Dex -2) [a neqoxec]
 68285 | Abyss:4  | 68285 ||| INVOKING Summon Divine Warrior.
 68292 | Abyss:4  | 68292 ||| INVOKING Cleansing Flame.
 68293 | Abyss:4  | 68293 ||| INVOKING Cleansing Flame.
 68314 | Abyss:4  | Reached skill level 27 in Armour
 68339 | Abyss:4  | Reached skill level 24 in Shields
 68368 | Abyss:4  | 68368 ||| INVOKING Summon Divine Warrior.
 68376 | Abyss:4  | 68376 ||| INVOKING Cleansing Flame.
 68382 | Abyss:4  | Paralysed by accursed screaming for 2 turns
 68388 | Abyss:4  | Paralysed by accursed screaming for 1 turns
 68414 | Abyss:4  | 68414 ||| INVOKING Summon Divine Warrior.
 68414 | Abyss:4  | Paralysed by accursed screaming for 1 turns
 68432 | Abyss:4  | 68432 ||| INVOKING Cleansing Flame.
 68440 | Abyss:4  | Paralysed by accursed screaming for 1 turns
 68446 | Abyss:4  | Paralysed by accursed screaming for 2 turns
 68456 | Abyss:4  | Paralysed by accursed screaming for 1 turns
 68459 | Abyss:4  | 68459 ||| INVOKING Summon Divine Warrior.
 68584 | Abyss:4  | 68584 ||| Stepping ~*~*~tactically~*~*~ (hiding).
 68644 | Abyss:4  | 68644 ||| Stepping ~*~*~tactically~*~*~ (stealth).
 68693 | Abyss:4  | 68693 ||| Stepping ~*~*~tactically~*~*~ (stealth).
 68694 | Abyss:4  | 68694 ||| Stepping ~*~*~tactically~*~*~ (hiding).
 68716 | Abyss:4  | 68716 ||| Stepping ~*~*~tactically~*~*~ (stealth).
 68719 | Abyss:4  | 68719 ||| Stepping ~*~*~tactically~*~*~ (stealth).
 68724 | Abyss:4  | 68724 ||| Stepping ~*~*~tactically~*~*~ (hiding).
 68725 | Abyss:4  | 68725 ||| Stepping ~*~*~tactically~*~*~ (hiding).
 68735 | Abyss:4  | 68735 ||| Stepping ~*~*~tactically~*~*~ (hiding).
 68744 | Abyss:4  | 68744 ||| Stepping ~*~*~tactically~*~*~ (stealth).
 68745 | Abyss:4  | 68745 ||| Stepping ~*~*~tactically~*~*~ (stealth).
 68760 | Abyss:4  | 68760 ||| Stepping ~*~*~tactically~*~*~ (stealth).
 68807 | Abyss:4  | 68807 ||| FLEEEEING.
 68808 | Abyss:4  | 68808 ||| FLEEEEING.
 68839 | Abyss:4  | 68839 ||| Stepping ~*~*~tactically~*~*~ (stealth).
 68840 | Abyss:4  | 68840 ||| Stepping ~*~*~tactically~*~*~ (stealth).
 68842 | Abyss:4  | 68842 ||| Stepping ~*~*~tactically~*~*~ (hiding).
 68843 | Abyss:4  | 68843 ||| Stepping ~*~*~tactically~*~*~ (hiding).
 68848 | Abyss:4  | 68848 ||| INVOKING Summon Divine Warrior.
 68915 | Abyss:4  | Noticed an ancient lich
 68917 | Abyss:4  | 68917 ||| DRINKING 27 potions of curing.
 68917 | Abyss:4  | 68917 ||| (to cure confusion)
 68921 | Abyss:4  | Killed an ancient lich
 68982 | Abyss:4  | 68982 ||| FLEEEEING.
 69097 | Abyss:4  | 69097 ||| Stepping ~*~*~tactically~*~*~ (stealth).
 69105 | Abyss:4  | Got an abyssal rune of Zot
 69173 | Abyss:4  | 69173 ||| Stepping ~*~*~tactically~*~*~ (hiding).
 69223 | Abyss:4  | 69223 ||| FLEEEEING.
 69224 | Abyss:4  | 69224 ||| FLEEEEING.
 69226 | Depths:3 | Escaped the Abyss
 69227 | Depths:3 | 69227 ||| PLANNING PAN
 69313 | Pan      | Entered Pandemonium
 69368 | Pan      | 69368 ||| Stepping ~*~*~tactically~*~*~ (stealth).
 69373 | Pan      | 69373 ||| Stepping ~*~*~tactically~*~*~ (hiding).
 69391 | Pan      | 69391 ||| Stepping ~*~*~tactically~*~*~ (stealth).
 69393 | Pan      | 69393 ||| Stepping ~*~*~tactically~*~*~ (stealth).
 69426 | Pan      | 69426 ||| Stepping ~*~*~tactically~*~*~ (stealth).
 69430 | Pan      | Reached skill level 21 in Axes
 69438 | Pan      | 69438 ||| Stepping ~*~*~tactically~*~*~ (hiding).
 69445 | Pan      | Noticed Dipa the pandemonium lord
 69446 | Pan      | 69446 ||| INVOKING Cleansing Flame.
 69447 | Pan      | 69447 ||| INVOKING Cleansing Flame.
 69448 | Pan      | 69448 ||| INVOKING Summon Divine Warrior.
 69455 | Pan      | Killed Dipa the pandemonium lord
 69611 | Pan      | 69611 ||| Stepping ~*~*~tactically~*~*~ (stealth).
 69612 | Pan      | 69612 ||| INVOKING Cleansing Flame.
 69612 | Pan      | Noticed Ignacio
 69620 | Pan      | Killed Ignacio
 70159 | Pan      | 70159 ||| INVOKING Cleansing Flame.
 70171 | Pan      | 70171 ||| INVOKING Summon Divine Warrior.
 70173 | Pan      | Noticed Cuttalu the pandemonium lord
 70186 | Pan      | Killed Cuttalu the pandemonium lord
 70255 | Pan      | Identified the +1 scale mail of Jocular Leaves {Rampage
                  | Will+ Regen+ Dex+2}
 70282 | Pan      | 70282 ||| INVOKING Cleansing Flame.
 70458 | Pan      | Got a demonic rune of Zot
 70469 | Pan      | 70469 ||| Stepping ~*~*~tactically~*~*~ (hiding).
 70473 | Pan      | 70473 ||| INVOKING Cleansing Flame.
 70474 | Pan      | 70474 ||| INVOKING Cleansing Flame.
 70500 | Pan      | Identified the staff of Tumult {rN+ Dex+5 Necro}
 70503 | Pan      | 70503 ||| INVOKING Cleansing Flame.
 70517 | Pan      | 70517 ||| INVOKING Summon Divine Warrior.
 70521 | Pan      | 70521 ||| INVOKING Cleansing Flame.
 70588 | Pan      | 70588 ||| READING 17 scrolls of teleportation.
 70588 | Pan      | HP: 37/159 [hellion/damnation (37)]
 70588 | Pan      | HP: 3/159 [hellion/damnation (34)]
 70588 | Pan      | Killed from afar by a hellion

Levels and vault maps discovered:
D:1:      dpeg_arrival_rooms_with_view, layout_basic, minmay_misc_feat_room,
          nicolae_shop_vocational
D:2:      layout_basic, serial_shops, nicolae_shop_stone, st_stairs_14
D:3:      layout_loops_ring, tso_metal_star,
          chequers_temple_overflow_statue_of_worship,
          cheibrodos_sewer_entry_drain, small_statue_intersection, uniq_natasha
D:4:      layout_gridville, kennysheep_vampire_church
D:5:      layout_gridville
D:6:      layout_rooms, overflow_temple_1_default, gammafunk_ghost_hive
D:7:      layout_loops_cross, lemuel_crystal_altar, temple_fountains, uniq_pikel
D:8:      layout_loops_ring, chequers_serial_rivers_room_a, uniq_erica
D:9:      cheibrodos_helix_gallery, layout_gridville, erik_lair_orcish_takeover,
          serial_shops, nicolae_stop_n_shop_2, kennysheep_little_box, shop,
          nicolae_shop_behind_doors, nicolae_underground_beach
D:10:     layout_rooms, overflow_temple_1_default, david_orc_1_choice,
          serial_shops, shop
D:11:     cheibrodos_ideogram_h, layout_cave_pods, uniq_amaemon, uniq_erolcha,
          uniq_harold
D:12:     layout_basic
D:13:     layout_roguey [special_room_orc], david_vaults_1
D:14:     layout_basic, grunt_dithmenos_smoke
D:15:     grunt_enter_depths_giant_problem, layout_basic,
          serial_co_window_serial, co_window_corner_a, co_window_corner_a,
          co_window_paths_b, co_window_paths_b, co_window_corner_a,
          co_window_unsneaky_path_e, co_window_2corner, co_window_2corner,
          co_window_of_opportunity_c, co_window_corner_b, co_window_paths_d,
          glass_columns_a, glass_columns_b, glass_columns_a,
          minmay_misc_feat_rugged, gauntlet_entry_generic
Temple:   dpeg_chambers_temple
Lair:1:   layout_cave_pods, uniq_sonja
Lair:2:   layout_regular_city, uniq_prince_ribbit2
Lair:3:   layout_loops_ring, minmay_swamp_entry_wisps,
          nicolae_spider_entry_lesser_pyramids, nzn_ghost_randoct,
          forest_entry_grove
Lair:4:   layout_cave_pods, minmay_slime_entry_pillars,
          nicolae_lair_run_with_the_wolves
Lair:5:   cheibrodos_lair_end_hotspot, layout_gridlike
Swamp:1:  layout_basic_swamp, hangedman_swamp_lotus, swamp_pool1,
          nicolae_swamp_small_spring, uniq_roxanne
Swamp:2:  layout_falls_marsh, infiniplex_staircase_pool
Swamp:3:  layout_basic_swamp, evilmike_swamp_ruin_house_3
Swamp:4:  swamp_alternative, layout_basic_swamp, uniq_mlioglotl
Spider:1: layout_spider_delve, nicolae_spider_webs_and_nodes, uniq_kirke
Spider:2: layout_cave_pods
Spider:3: layout_spider_delve, nicolae_spider_some_kinda_spiderbox
Spider:4: johnstein_spider_rune_arachne_lair, nicolae_spider_orb_run, uniq_aizul
Slime:1:  layout_caves
Slime:2:  layout_caves, cheibrodos_slime_lost_civilization_4
Slime:3:  layout_caves
Slime:4:  layout_caves
Slime:5
Orc:1:    layout_caves, basic_altar, ebering_ghost_xom
Orc:2:    st_orc_rangers, layout_diamond_mine
Vaults:1: v_alt_pattern_6, dpeg_vaults_monster_box,
          nicolae_vaults_storage_closets_3, grunt_vaults_swirl,
          nicolae_vaults_museum, v_misc_14, v_misc_15,
          vaults_room_stairs_pillars, vaults_room_fours, nicolae_vaults_theta,
          nicolae_vaults_network_periphery, nicolae_vaults_house_1,
          ontoclasm_vaults_decontamination, layout_vaults_omnicross
Vaults:2: nicolae_vaults_diagonal_hallway_7, v_misc_10,
          nicolae_vaults_closet_pinwheel_2, nicolae_vaults_door_testing_chamber,
          minmay_crypt_entry_simple_statues, v_misc_12, v_misc_9,
          nicolae_vaults_little_guard_posts, nicolae_vaults_ring_of_whatevers,
          vaults_dpeg_encased_lava, layout_vaults_chaotic_city
Vaults:3: vaults_room_door_ring, nicolae_vaults_surprise_closet, v_pattern_3,
          v_misc_5, hangedman_vaults_slice, vaults_dpeg_diagonal,
          nicolae_vaults_offset_grid_hallway_3, nicolae_vaults_three_branches,
          nicolae_vaults_more_shelving_1, layout_vaults_quadrants, serial_shops,
          shop
Vaults:4: v_alt_pattern_1, nicolae_vaults_ninety_degrees,
          nicolae_vaults_shrinking_rooms_2, v_rooms_3,
          nicolae_vaults_double_plus_2, hangedman_vaults_stitches,
          grunt_vaults_trifunnel, nicolae_vaults_taking_the_gang_shopping,
          hangedman_vaults_corner_blocks, nicolae_vaults_trapezoid_lopsided_3,
          nicolae_vaults_hexular_roomagon, nicolae_vaults_tetromino_T_2,
          layout_vaults_ring
Vaults:5: serial_shops, uniq_frederick
Crypt:1:  gammafunk_sealed_library, layout_misc_corridors,
          minmay_strange_pillars, pandoras_box_mu, grunt_crypt_arrival_webbed,
          uniq_xtahua
Crypt:2:  layout_misc_corridors, minivault_19, uniq_margery, uniq_donald,
          uniq_mennas
Crypt:3:  due_elkab, layout_chaotic_city, nicolae_tomb_entry_rubble_hallway
Tomb:1
Tomb:2
Tomb:3
Depths:1: layout_cave_pools, hell_entry, minmay_misc_feat_four_crosses,
          eino_tiny_chamber, guppyfry_shop_blood, serial_bayou_shore_b,
          uniq_nikola
Depths:2: hangedman_elemental_death_ray, layout_gridlike, hell_entry,
          rand_demon_pan_entry_8, minmay_misc_feat_x, kennysheep_diamond,
          grunt_decor_fettered, uniq_josephina
Depths:3: nicolae_aperiodic_l_corner, layout_basic, enter_ziggurat_b,
          nicolae_abyss_entry_one_way_or_another, hellmouth_3
Depths:4: evilmike_zot_entry_gauntlet, layout_cave_pools, grunt_mini_vestibule,
          serial_rivers, chequers_serial_rivers_room_b,
          chequers_serial_rivers_room_a, chequers_serial_rivers_micro_e,
          chequers_serial_rivers_micro_b, chequers_serial_rivers_large_b,
          chequers_serial_rivers_small_3, trove_entry_hex_spiral,
          minmay_fractal_squares_diagonal_5
Zot:1:    layout_onion_interference, hangedman_swamp_dais
Zot:2:    kennysheep_oblong_rooms, layout_onion_interference,
          nicolae_shop_clearance
Zot:3:    layout_basic, grunt_ministairs_15, nicolae_diode_quadrants
Zot:4:    gammafunk_sealed_arena, layout_basic, hangedman_hellfire_club
Pan:      evilmike_mini_pan_rooms, layout_gridville, uniq_ignacio,
          evilmike_mini_pan_layers, layout_cellular_growth,
          lemuel_hellion_island, layout_rooms

Skill      XL: |  1  2  3  4  5  6  7  8  9 10 11 12 13 14 15 16 17 18 19 20 21 22 23 24 25 26 27 |
---------------+----------------------------------------------------------------------------------+-----
Axes           | 2 3 4 5 6 7 9 10 11 12 13 14 16 17 18 21 | 21.7
Fighting       | 4 5 6 7 8 9 10 11 12 13 15 17 18 20 22 23 24 26 27 | 27.0
Throwing       | 1 3 4 6 7 9 10 11 14 | 14.7
Armour         | 4 5 6 8 9 10 11 13 14 15 16 17 19 21 22 27 | 27.0
Dodging        | 1 2 3 4 5 6 8 |  8.0
Shields        | 4 5 6 7 8 9 10 14 18 20 21 22 25 | 25.0
Invocations    | 3 4 6 10 12 27 | 27.0
Short Blades   | 8 |  8.0

Action                     |  1- 3 |  4- 6 |  7- 9 | 10-12 | 13-15 | 16-18 | 19-21 | 22-24 | 25-27 || total
---------------------------+-------+-------+-------+-------+-------+-------+-------+-------+-------++-------
  Melee: War axe           |   130 |   165 |   261 |    84 |       |       |       |       |       ||   640
         Broad axe         |       |       |       |   276 |   850 |  1009 |  1078 |  1032 |  3711 ||  7956
         Morningstar       |       |       |       |    14 |    20 |       |       |       |       ||    34
         Headbutt          |       |       |       |       |       |       |       |       |  1107 ||  1107
  Throw: Boomerang         |       |       |    52 |    26 |   161 |   136 |   159 |    49 |   376 ||   959
         Javelin           |       |       |       |    58 |    92 |   103 |    44 |    68 |    76 ||   441
 Invoke: Heroism           |       |       |     1 |    19 |    23 |    36 |    18 |    26 |    10 ||   133
         Finesse           |       |       |       |     2 |     5 |     5 |     8 |    12 |       ||    32
         Cleansing Flame   |       |       |       |       |       |       |       |       |    68 ||    68
         Summon Divine War |       |       |       |       |       |       |       |       |    24 ||    24
         Brand Weapon With |       |       |       |       |       |       |       |       |     1 ||     1
  Evoke: Wand              |       |       |       |       |     2 |       |       |       |       ||     2
    Use: Scroll            |     5 |    10 |    11 |     4 |     5 |     6 |     1 |     2 |     5 ||    49
         Potion            |       |     2 |     2 |     1 |     1 |     2 |     2 |     2 |    17 ||    29
 Armour: Scale mail        |    84 |   106 |    21 |       |       |       |       |       |       ||   211
         Chain mail        |       |       |   114 |    87 |       |       |       |       |       ||   201
         Plate armour      |       |       |       |   134 |   537 |   441 |   348 |   460 |  1100 ||  3020
  Dodge: Dodged            |    45 |    87 |    95 |   126 |   275 |   685 |   401 |   419 |  1265 ||  3398
  Block: Buckler           |    19 |    29 |    43 |    71 |   179 |   201 |       |       |       ||   542
         Tower shield      |       |       |       |       |       |   126 |   771 |   781 |  2292 ||  3970

Table legend:
 A = Non-vault XP
 B = Vault XP
 C = Vault XP percentage of total XP
 D = Non-vault monster count
 E = Vault monster count
 F = Vault count percentage of total count
                 A         B        C        D         E       F
            +---------+---------+-------+---------+---------+-------
      Total | 1439153 |  708668 |  33.0 |    2909 |     940 |  24.4
            +---------+---------+-------+---------+---------+-------
        D:1 |      63 |       3 |   4.5 |      35 |       2 |   5.4
        D:2 |      19 |       2 |   9.5 |      10 |       1 |   9.1
        D:3 |     147 |      48 |  24.6 |      29 |       5 |  14.7
        D:4 |     275 |     125 |  31.2 |      24 |       7 |  22.6
        D:5 |     495 |       0 |   0.0 |      29 |       0 |   0.0
        D:6 |     709 |       0 |   0.0 |      21 |       0 |   0.0
        D:7 |    2022 |     673 |  25.0 |      15 |       1 |   6.2
        D:8 |    2716 |     839 |  23.6 |      18 |       1 |   5.3
        D:9 |    2466 |    1015 |  29.2 |      30 |      10 |  25.0
       D:10 |    4835 |     927 |  16.1 |      29 |       9 |  23.7
       D:11 |    1979 |   11957 |  85.8 |       7 |      29 |  80.6
       D:12 |    5052 |       0 |   0.0 |      20 |       0 |   0.0
       D:13 |    6914 |    2680 |  27.9 |      24 |      29 |  54.7
       D:14 |    9092 |       0 |   0.0 |      17 |       0 |   0.0
       D:15 |    7601 |    1079 |  12.4 |      21 |       1 |   4.5
     Lair:1 |    6265 |     785 |  11.1 |      24 |       1 |   4.0
     Lair:2 |    7184 |    1353 |  15.8 |      21 |       5 |  19.2
     Lair:3 |    7076 |    3273 |  31.6 |      24 |      12 |  33.3
     Lair:4 |   14992 |    2626 |  14.9 |      55 |      17 |  23.6
     Lair:5 |   10654 |    7466 |  41.2 |      48 |      27 |  36.0
    Swamp:1 |   14888 |    1349 |   8.3 |      33 |       1 |   2.9
    Swamp:2 |   15869 |       0 |   0.0 |      26 |       0 |   0.0
    Swamp:3 |   10269 |       0 |   0.0 |      16 |       0 |   0.0
    Swamp:4 |   15734 |   19278 |  55.1 |      22 |      30 |  57.7
   Spider:1 |   18185 |    1618 |   8.2 |      48 |       2 |   4.0
   Spider:2 |    8299 |       0 |   0.0 |      20 |       0 |   0.0
   Spider:3 |   18762 |    5526 |  22.8 |      40 |       8 |  16.7
   Spider:4 |   11109 |   35720 |  76.3 |      30 |      54 |  64.3
    Slime:1 |    5461 |       0 |   0.0 |       4 |       0 |   0.0
    Slime:2 |    3613 |       0 |   0.0 |       7 |       0 |   0.0
    Slime:3 |    5335 |       0 |   0.0 |       5 |       0 |   0.0
    Slime:4 |    2673 |       0 |   0.0 |       2 |       0 |   0.0
    Slime:5 |   15106 |   26081 |  63.3 |      28 |      17 |  37.8
      Orc:1 |    4180 |       0 |   0.0 |      37 |       0 |   0.0
      Orc:2 |    6348 |    5377 |  45.9 |      46 |      40 |  46.5
   Vaults:1 |   31874 |   20132 |  38.7 |      51 |      28 |  35.4
   Vaults:2 |   30417 |   18414 |  37.7 |      50 |      22 |  30.6
   Vaults:3 |   18346 |   14223 |  43.7 |      25 |      18 |  41.9
   Vaults:4 |   45298 |   24328 |  34.9 |      65 |      34 |  34.3
   Vaults:5 |   19808 |   96019 |  82.9 |      31 |      86 |  73.5
    Crypt:1 |    7570 |       0 |   0.0 |      18 |       0 |   0.0
    Crypt:2 |   36492 |   11383 |  23.8 |      53 |       8 |  13.1
    Crypt:3 |   34829 |   41756 |  54.5 |      51 |      58 |  53.2
     Tomb:1 |   27648 |   97851 |  78.0 |      53 |      59 |  52.7
     Tomb:2 |   18655 |   26821 |  59.0 |      38 |      49 |  56.3
     Tomb:3 |   15006 |   53992 |  78.3 |      36 |      59 |  62.1
   Depths:1 |   30378 |    4665 |  13.3 |      45 |       6 |  11.8
   Depths:2 |   34775 |   16709 |  32.5 |      49 |      24 |  32.9
   Depths:3 |   35394 |   37909 |  51.7 |      43 |      37 |  46.2
   Depths:4 |   33544 |   27932 |  45.4 |      34 |      30 |  46.9
      Zot:1 |   56418 |   13057 |  18.8 |      47 |      14 |  23.0
      Zot:2 |   27799 |    8487 |  23.4 |      19 |       7 |  26.9
      Zot:3 |   42623 |    4280 |   9.1 |      30 |       2 |   6.2
      Zot:4 |    7036 |    3012 |  30.0 |       7 |       4 |  36.4
    Abyss:2 |  106278 |       0 |   0.0 |     235 |       0 |   0.0
    Abyss:3 |  137013 |       0 |   0.0 |     290 |       0 |   0.0
    Abyss:4 |  358916 |   28009 |   7.2 |     724 |      41 |   5.4
        Pan |   36649 |   23542 |  39.1 |      50 |      28 |  35.9
      Sewer |       0 |     144 | 100.0 |       0 |       7 | 100.0
   Gauntlet |       0 |    6203 | 100.0 |       0 |      10 | 100.0
            +---------+---------+-------+---------+---------+-------
